Workbook
Name AdminExpenses_LOAD_2: Административные!$AK$24:$AK$25
Name AdminExpenses_pIns_comm: Административные!$AB$107
Name AdminExpenses_vis_flags: Административные!$AE$17:$AJ$17
Name AdminiExpenses_LOAD_1: Административные!$AE$25:$AJ$25
Name Amortization_LOAD_1: Амортизация!$AE$25:$BB$25
Name Amortization_LOAD_2: Амортизация!$BC$24:$BC$25
Name Amortization_pIns_comm: Амортизация!$AB$230
Name Amortization_vis_flags: Амортизация!$AI$2:$BB$2
Name AUTHORIZED_PERSON_EMAIL: 'Общие сведения'!$AE$259
Name AUTHORIZED_PERSON_FIO: 'Общие сведения'!$AE$256
Name AUTHORIZED_PERSON_PHONE: 'Общие сведения'!$AE$258
Name AUTHORIZED_PERSON_POSITION: 'Общие сведения'!$AE$257
Name Balance_vis_flags: Баланс!$AI$2:$BB$2
Name Calculation_LOAD_1: 'Калькуляция (МИ)'!$AE$25:$BC$25
Name Calculation_LOAD_2: 'Калькуляция (МИ)'!$BN$24:$BP$25
Name Calculation_pIns_comm: 'Калькуляция (МИ)'!$AB$607
Name Calculation_vis_flags: 'Калькуляция (МИ)'!$AJ$2:$BM$2
Name Calculation_vis_flags2: 'Калькуляция (МИ)'!$S$25:$S$25
Name code: Инструкция!$B$2
Name COLDVSNA_TRANSP_VTOV: TEHSHEET!$V$2:$V$4
Name COLDVSNA_VDET_LIST: TEHSHEET!$K$20:$K$24
Name COLDVSNA_VTARIFF: TEHSHEET!$W$2:$W$3
Name COLDVSNA_VTOV: TEHSHEET!$V$2:$V$3
Name diametr_list: TEHSHEET!$AB$2:$AB$22
Name diametr_list_vo: TEHSHEET!$AG$2:$AG$140
Name diametr_list_vs: TEHSHEET!$AF$2:$AF$55
Name DOCUMENT_TYPES: TEHSHEET!$K$46:$K$52
Name DPR_check_range1: ДПР!$AG$28:$AG$28
Name DPR_ee_divide: ДПР!$AF$24
Name dpr_list: DICTIONARIES!$C$2:$C$43
Name DPR_LOAD_1: ДПР!$AC$28:$AK$28
Name DPR_pIns_comm: ДПР!$AB$238
Name DPR_vis_flags: ДПР!$W$28:$W$28
Name DPR_vis_flags2: ДПР!$AG$2:$AK$2
Name DPRConcessions_LOAD_1: 'ДПР (концессии)'!$AC$26:$AK$26
Name DPRConcessions_pIns_comm: 'ДПР (концессии)'!$AB$450
Name DPRConcessions_vis_flags: 'ДПР (концессии)'!$W$26:$W$26
Name DPRConcessions_vis_flags2: 'ДПР (концессии)'!$AG$2:$AK$2
Name Electricity_LOAD_1: ЭЭ!$AE$25:$BB$175
Name Electricity_vis_flags: ЭЭ!$AI$2:$BB$2
Name entityName: 'Общие сведения'!$AI$24
Name et_AdminExpenses_tariff: Административные!$32:$107
Name et_Amortization_tariff: Амортизация!$27:$75
Name et_Balance_tariff_vo: Баланс!$81:$105
Name et_Balance_tariff_vo_transp: Баланс!$107:$117
Name et_Balance_tariff_vs: Баланс!$27:$62
Name et_Balance_tariff_vs_transp: Баланс!$65:$78
Name et_Calculation_tariff: 'Калькуляция (МИ)'!$27:$166
Name et_DPR_tariff_vs: ДПР!$30:$80
Name et_DPRConcessions_block: 'ДПР (концессии)'!$29:$79
Name et_DPRConcessions_tariff: 'ДПР (концессии)'!$28:$28
Name et_GeneralInfo_fio: 'Общие сведения'!$268:$268
Name et_GeneralInfo_tariff: 'Общие сведения'!$198:$211
Name et_InvestmentSources_tariff: 'ИП + источники'!$58:$86
Name et_NegativeImpactFee_tariff: 'Плата за негативное возд'!$26:$28
Name et_NVVCorrection_tariff: 'Корректировка НВВ'!$27:$77
Name et_ObjectList_obj: 'Список объектов'!$28:$28
Name et_ObjectList_tariff_vs: 'Список объектов'!$26:$26
Name et_Purchase_org2: Покупка!$38:$39
Name et_Purchase_org3: Покупка!$45:$46

Sheet Информация JSON
A1: Расположение | B1: Тип | C1: Комментарий

Sheet Инструкция
AA1: (требуется обновление)
B2: Код отчёта: EXPERT.VSVO.2026.EIAS
B3: Версия отчёта: 1.1.3
B6: Условные обозначения
E8: A | F8: - предназначенные для заполнения | O8: A | P8: - ссылки и автозаполняемые поля
E9: A | F9: - с формулами и константами | O9: A | P9: - обязательные для заполнения
E10: A | F10: - выбор по даблклику (необязательные) | O10: A | P10: - выбор по даблклику (обязательные)
B12: Работа с реестрами
E13: Если в предложенном Вам списке необходимая организация, территория или объект отсутствуют, обратитесь к ответственному за поддержание реестра Вашего региона либо в службу поддержки пользователей ФГИС «ТАРИФ». В случае возникновения ошибок или вопросов, пожалуйста, также оставьте обращение на портале поддержки ФГИС «ТАРИФ» по адресу:
E14: https://support.tarif.gov.ru/
B15: Проверка отчёта
E16: • При сохранении отчётной формы осуществляется проверка корректности данных_x000D_ • Для каждого сообщения возможны 2 статуса: ошибка и предупреждение_x000D_ • При наличии сообщений со статусом «Ошибка» файл будет отклонён системой и не будет загружен в хранилище данных, сообщения со статусом «Предупреждение» носят информационный характер, и такой файл будет принят к обработке системой

Sheet Пояснения
B2: flag_vis
E5: flag_size
AB22: Понятия, используемые в Типовом экспертном заключении
AB24: № п/п | AC24: Используемое понятие | AD24: Расшифровка (пояснения)
AB25: 1 | AC25: факт по данным организации | AD25: фактические значения расходов в соответствии с данными раздельного учета затрат по видам деятельности организаций, осуществляющих горячее водоснабжение, холодное водоснабжение и (или) водоотведение
AB26: 2 | AC26: факт, принятый органом регулирования | AD26: фактические значения расходов в соответствии с данными бухгалтерской и статистической отчетности регулируемой организации за соответствующий период, с учетом данных, полученных по результатам проведенных органом регулирования тарифов мероприятий по контролю, предусмотренных Постановление Правительства РФ от 27.06.2013 N 543 (ред. от 17.08.2020) "О государственном контроле (надзоре) в области регулируемых государством цен (тарифов).

Sheet Список листов
B2: flag_vis
E5: flag_size
AB22: Список листов
AB23: * для перехода на лист дважды кликните по названию
B24: TRUE | E24: 27.75 | AB24: скрыть | AC24: Общие сведения | AD24: Сведения о регулируемой организации_x000D_ Информация о рассмотрении дела об установлении тарифов
B25: TRUE | E25: 27.75 | AB25: скрыть | AC25: Список территорий | AD25: Перечень муниципальных образований, на территории которых организация оказывает услуги холодного водоснабжения / водоотведения
B26: TRUE | E26: 27.75 | AB26: скрыть | AC26: Перечень объектов | AD26: Перечень объектов организации, с помощью которых организация оказывает услуги холодного водоснабжения/ водоотведения
B27: TRUE | E27: 27.75 | AB27: скрыть | AC27: Список объектов | AD27: Правоустанавливающие и подтверждающие документы на объекты коммунальной инфраструктуры
B28: =NOT(method_reg="Метод сравнения аналогов") -> 1 | E28: 27.75 | AB28: скрыть | AC28: Сценарии | AD28: Ключевые сценарные показатели
B29: =method_reg="Метод индексации" -> 1 | E29: 27.75 | AB29: скрыть | AC29: ИИКА | AD29: Индекс изменения количества активов
B30: TRUE | E30: 27.75 | AB30: скрыть | AC30: Баланс | AD30: Баланс водоснабжения / водоотведения
B31: =OR(method_reg="Метод индексации",method_reg="Метод сравнения аналогов") -> 1 | E31: 27.75 | AB31: скрыть | AC31: Условные метры | AD31: Расчет условных метров водопроводной (канализационной) сети
B32: =NOT(method_reg="Метод сравнения аналогов") -> 1 | E32: 27.75 | AB32: скрыть | AC32: Сырье и материалы | AD32: Расходы на реагенты
B33: =NOT(method_reg="Метод сравнения аналогов") -> 1 | E33: 27.75 | AB33: скрыть | AC33: ЭЭ | AD33: Расходы на электрическую энергию
B34: =NOT(method_reg="Метод сравнения аналогов") -> 1 | E34: 27.75 | AB34: скрыть | AC34: Амортизация | AD34: Амортизация основных средств и нематериальных активов, относимых к объектам централизованной системы водоснабжения/водоотведения
B35: =method_reg="Метод сравнения аналогов" -> 0 | E35: 27.75 | AB35: отобразить | AC35: Амортизация (аналог) | AD35: Нормативный уровень расходов на амортизацию основных средств и нематериальных активов, относимых к объектам централизованой системы водоснабжения / водоотведения, используемым для транспортировки воды / сточных вод
B36: =NOT(method_reg="Метод сравнения аналогов") -> 1 | E36: 27.75 | AB36: скрыть | AC36: Аренда | AD36: Аренда
B37: =NOT(method_reg="Метод сравнения аналогов") -> 1 | E37: 27.75 | AB37: скрыть | AC37: Покупка | AD37: Расходы на оплату товаров (услуг, работ), приобретаемых у других организаций
B38: =AND(OR(god=first_year,method_reg="Метод обеспечения доходности инвестированного капитала"),NOT(method_reg="Метод сравнения аналогов")) -> 0 | E38: 27.75 | AB38: отобразить | AC38: ФОТ | AD38: Расходы на оплату труда и страховые взносы на обязательное социальное страхование основного производственного персонала, в том числе налоги и сборы с фонда оплаты труда
B39: =AND(OR(god=first_year,method_reg="Метод обеспечения доходности инвестированного капитала"),NOT(method_reg="Метод сравнения аналогов")) -> 0 | E39: 27.75 | AB39: отобразить | AC39: Административные | AD39: Административные расходы
B40: =AND(OR(god=first_year,method_reg="Метод обеспечения доходности инвестированного капитала"),NOT(method_reg="Метод сравнения аналогов"),STATUS_GO="да") -> 0 | E40: 27.75 | AB40: отобразить | AC40: Сбытовые расходы ГО | AD40: Сбытовые расходы гарантирующей организации
B41: =NOT(method_reg="Метод сравнения аналогов") -> 1 | E41: 27.75 | AB41: скрыть | AC41: Налоги | AD41: Расшифровка по налогам и платежам
B42: =AND(method_reg<>"Метод сравнения аналогов",OR(HAS_DOC5="да",HAS_DOC6="да")) -> 1 | E42: 27.75 | AB42: скрыть | AC42: ИП + источники | AD42: План и факт по источникам финансирования инвестиционной программы
B43: =AND(NOT(method_reg="Метод экономически обоснованных расходов"),NOT(method_reg="Метод сравнения аналогов")) -> 1 | E43: 27.75 | AB43: скрыть | AC43: Экономия_корр | AD43: Расчет экономии средств, достигнутой в результате снижения расходов предыдущего долгосрочного периода регулирования
B44: =AND(NOT(method_reg="Метод сравнения аналогов"),hasVO) -> 1 | E44: 27.75 | AB44: скрыть | AC44: Плата за негативное возд | AD44: Плата за негативное воздействие на работу централизованных систем водоотведения
B45: =AND(NOT(method_reg="Метод экономически обоснованных расходов"),NOT(method_reg="Метод сравнения аналогов")) -> 1 | E45: 27.75 | AB45: скрыть | AC45: Корректировка НВВ | AD45: Расчет показателей корректировки необходимой валовой выручки
B46: =method_reg="Метод экономически обоснованных расходов" -> 0 | E46: 27.75 | AB46: отобразить | AC46: Калькуляция (МЭОР) | AD46: Расчет тарифа методом экономически обоснованных расходов
B47: =AND(first_year=god,OR(method_reg="Метод обеспечения доходности инвестированного капитала",method_reg="Метод индексации")) -> 0 | E47: 27.75 | AB47: отобразить | AC47: Калькуляция (МИ) | AD47: Расчет тарифа методом индексации
B48: =AND(OR(method_reg="Метод индексации",method_reg="Метод обеспечения доходности инвестированного капитала"),first_year<>god) -> 1 | E48: 27.8 | AB48: скрыть | AC48: Калькуляция (МИ корр) | AD48: Расчет тарифа методом индексации
B49: =NOT(method_reg="Метод сравнения аналогов") -> 1 | E49: 27.75 | AB49: скрыть | AC49: ТМ | AD49: Тарифное меню
B50: =OR(method_reg="Метод индексации",method_reg="Метод обеспечения доходности инвестированного капитала") -> 1 | E50: 27.75 | AB50: скрыть | AC50: ДПР | AD50: Долгосрочные параметры регулирования тарифов
B51: =OR(method_reg="Метод индексации",method_reg="Метод обеспечения доходности инвестированного капитала") -> 1 | E51: 27.75 | AB51: скрыть | AC51: ДПР (концессии) | AD51: Долгосрочные параметры регулирования тарифов (концессии)
B52: =OR(method_reg="Метод сравнения аналогов",AND(method_reg="Метод индексации",STATUS_GO="да")) -> 0 | E52: 27.75 | AB52: скрыть | AC52: ГО | AD52: Калькуляция расходов гарантирующей организации
B53: =method_reg="Метод сравнения аналогов" -> 0 | E53: 27.75 | AB53: отобразить | AC53: Калькуляция (МСА) | AD53: Расчет тарифа на транспортировку холодной воды / сточных вод методом сравнения аналогов

Sheet Общие сведения
V1: tariffId | W1: vis_1 | X1: blok_1 | Y1: blok_2 | Z1: ren_1 | AA1: del_2 | AD1: dyn_1 | AE1: dyn_2 | AF1: del_1
B2: flag_vis
E5: flag_size | AA5: 3.43 | AB5: 12 | AC5: 18 | AD5: 56.86 | AE5: 65 | AF5: 3
E21: 11.25
E22: 19.5 | AA22: 552 | AB22: Наименование субъекта Российской Федерации | AE22: Кемеровская область | AF22: {=INDEX(TEHSHEET!B1:B90,MATCH(region_name,REGION,0))} -> RU42
E23: 19.5 | AD23: Метод регулирования | AE23: Метод индексации | AH23: =IF(AND(AE23="Метод индексации",god=first_year),"методом индексации установленных тарифов",IF(AND(AE23="Метод индексации",god<>first_year),"методом индексации установленных тарифов (при корректировке тарифов, начиная со второго года долгосрочного периода регулирования)",IF(AE23="Метод экономически обоснованных расходов","методом экономически обоснованных расходов (затрат)",IF(AE23="Метод сравнения аналогов","методом сравнения аналогов",IF(AE23="Метод обеспечения доходности инвестированного капитала","методом обеспечения доходности инвестированного капитала","выберите метод регулирования"))))) -> методом индексации установленных тарифов (при корректировке тарифов, начиная со второго года долгосрочного периода регулирования) | AI23: =IF(method_reg="Метод индексации","INDEX",IF(method_reg="Метод экономически обоснованных расходов","EOR",IF(method_reg="Метод сравнения аналогов","ANALOG","RAB"))) -> INDEX
E24: 19.5 | AB24: Период регулирования | AE24: 2026 | AI24: =ORG_SHORT_NAME&"_ИНН:"&inn&"_КПП:"&kpp -> ОАО «СКЭК»_ИНН:4205153492_КПП:420501001
B25: =AND(NOT(method_reg="Метод экономически обоснованных расходов"),NOT(method_reg="Метод сравнения аналогов")) -> 1 | E25: 19.5 | AB25: Первый год долгосрочного периода регулирования | AE25: 2024 | AF25: =first_year+PERIOD_LENGTH-1 -> 2028 | AG25: {=IF(AE268="да",god,last_year)} -> 2026
B26: =AND(NOT(method_reg="Метод экономически обоснованных расходов"),NOT(method_reg="Метод сравнения аналогов")) -> 1 | E26: 19.5 | AB26: Период долгосрочной индексации (количество лет) | AE26: 5
B27: =AND(NOT(method_reg="Метод экономически обоснованных расходов"),NOT(method_reg="Метод сравнения аналогов"),NOT(god=first_year)) -> 1 | E27: 19.5 | AB27: Количество лет корректировки | AE27: =IF(OR(PERIOD_LENGTH-god+first_year<=0,PERIOD_LENGTH-god+first_year>10),"",PERIOD_LENGTH-god+first_year) -> 3
E28: 7.5
E29: 7.5
E30: 19.5 | AB30: Экспертное заключение
E31: 19.5 | AB31: РЕГИОНАЛЬНАЯ ЭНЕРГЕТИЧЕСКАЯ КОМИССИЯ КУЗБАССА
E32: 19.5 | AB32: по результатам экспертизы предложения
E33: 19.5 | Z33: 450982 | AA33: 26322895 | AB33: ОАО «СКЭК» | AL33: =_xlfn.IFERROR(region_name&" / "&god&" / "&org&" (ИНН:"&inn&", КПП:"&kpp&") / ДПР: "&first_year&"-"&last_year,"") -> Кемеровская область / 2026 / ОАО «СКЭК» (ИНН:4205153492, КПП:420501001) / ДПР: 2024-2028
E34: 19.5 | AB34: ="об установлении тарифов в сфере "&IF(AND(OR(hasVS,hasTranspVS),OR(hasVO,hasTranspVO)),"холодного водоснабжения / водоотведения",IF(OR(hasVS,hasTranspVS),"холодного водоснабжения",IF(OR(hasVO,hasTranspVO),"водоотведения","<не указано>")))&" "&AH23 -> об установлении тарифов в сфере холодного водоснабжения / водоотведения методом индексации установленных тарифов (при корректировке тарифов, начиная со второго года долгосрочного периода регулирования)
E35: 19.5 | AB35: =IF(god="","",IF(AND(method_reg<>"Метод сравнения аналогов",method_reg<>"Метод экономически обоснованных расходов"),"долгосрочного периода регулирования тарифов "&first_year&"-"&last_year&" гг.","на "&god&" год")) -> долгосрочного периода регулирования тарифов 2024-2028 гг.
E36: 11.25
E37: 19.5 | AB37: 1. Сведения о регулируемой организации
E38: 36 | AB38: Полное наименование юридического лица (индивидуального предпринимателя) в соответствии с данными из ЕГРЮЛ/ЕГРИП | AE38: ОТКРЫТОЕ АКЦИОНЕРНОЕ ОБЩЕСТВО "СЕВЕРО-КУЗБАССКАЯ ЭНЕРГЕТИЧЕСКАЯ КОМПАНИЯ"
E39: 36 | AB39: Сокращенное наименование юридического лица (индивидуального предпринимателя) в соответствии с данными из ЕГРЮЛ/ЕГРИП | AE39: ОАО «СКЭК»
E40: 19.5 | AB40: Наименование (описание) обособленного подразделения
E41: 19.5 | AB41: ОГРН | AE41: 1084205006600
E42: 19.5 | AB42: ИНН | AE42: 4205153492
E43: 19.5 | AB43: КПП | AE43: 420501001
E44: 19.5 | AB44: Код по ОКПО | AE44: 26623916 | AG44: L2_7
E45: 19.5 | AB45: Организационно-правовая форма | AE45: 1 22 00 | Акционерные общества | AG45: L2_8
E46: 19.5 | AB46: Юридический адрес | AE46: 650000, Россия, Кемеровская область, г. Кемерово, ул. Кузбасская, 6 | AG46: L2_9
E47: 19.5 | AB47: Фактический адрес | AE47: 650000, Россия, Кемеровская область, г. Кемерово, ул. Кузбасская, 6 | AG47: L2_10
E48: 19.5 | AB48: Телефон организации | AE48: +73842362683 | AG48: L2_11
E49: 19.5 | AB49: e-mail | AE49: kornilova@skek.ru | AG49: L2_12
E50: 19.5 | AB50: ФИО руководителя | AE50: Кучеев Андрей Геннадьевич | AG50: L2_13
E51: 19.5 | AB51: Должность руководителя | AE51: Генеральный директор | AG51: L2_14
E52: 19.5 | AB52: Официальный сайт регулируемой организации в сети "Интернет" | AE52: www.skek.ru | AG52: L2_15
E53: 19.5 | AB53: Государственное и (или) муниципальное участие в юридическом лице | AD53: Наличие | AE53: нет | AG53: L3_1
E54: 19.5 | AD54: Сведения о доле, % | AE54: 0% | AG54: L3_2
E55: 19.5 | AD55: Преобладающий тип собственности в юридическом лице | AE55: частная | AG55: L3_3
E56: 25.5 | AB56: Наличие раздельного учёта затрат по регулируемым видам деятельности в сфере холодного водоснабжения / водоотведения | AE56: да | AG56: L4_1
E57: 25.5 | AB57: Система налогообложения | AE57: ОСНО (общая система налогообложения)
E58: 19.5 | AB58: Плательщик НДС | AE58: да | AG58: L4_2
E59: 25.5 | AB59: Является ли деятельность в сфере холодного водоснабжения / водоотведения профильным видом деятельности | AE59: да | AG59: L4_3
B60: =NOT(method_reg="Метод сравнения аналогов") -> 1 | E60: 19.5 | F60: STATUS_GO | AB60: Наличие статуса гарантирующей организации (ГО) | AE60: нет | AG60: L4_4
B61: =AND(NOT(method_reg="Метод сравнения аналогов"),STATUS_GO="да") -> 0 | E61: 12 | AB61: URL-ссылка на документ, подтверждающий статус ГО
B62: =AND(NOT(method_reg="Метод сравнения аналогов"),STATUS_GO="да") -> 0 | E62: 12 | W62: =ROW(Y62)>ROW(Y$62) -> 0 | Y62: et_2 | AA62: × | AB62: URL-ссылка на документ, подтверждающий статус ГО
B63: =AND(NOT(method_reg="Метод сравнения аналогов"),STATUS_GO="да") -> 0 | E63: 14 | F63: go | Y63: { _x000D_ funcDyn: 'msgone',_x000D_ blok: '',_x000D_ wsCross: '',_x000D_ linkFormula: '',_x000D_ levelDyn: ''_x000D_ } | AE63: Добавить
B64: =method_reg="Метод сравнения аналогов" -> 0 | E64: 14
B65: =method_reg="Метод сравнения аналогов" -> 0 | E65: 19.5 | AB65: Наименование гарантирующей организации (ГО) | AG65: L9_1
B66: =method_reg="Метод сравнения аналогов" -> 0 | E66: 19.5 | AB66: ИНН ГО | AG66: L9_2
B67: =method_reg="Метод сравнения аналогов" -> 0 | E67: 19.5 | AB67: КПП ГО | AG67: L9_3
B68: =method_reg="Метод сравнения аналогов" -> 0 | E68: 19.5 | AB68: Реквизиты письма ГО о направлении данных для расчета | AG68: L9_4
B69: =method_reg="Метод сравнения аналогов" -> 0 | E69: 19.5 | AB69: ГО плательщик НДС | AG69: L9_5
E70: 14
E71: 19.5 | AB71: Наличие программы в области энергосбережения и повышения энергетической эффективности | AE71: да | AG71: L4_6
E72: 19.5 | F72: HAS_DOC2 | AB72: Наличие программы комплексного развития | AE72: да | AG72: L4_7
B73: =HAS_DOC2="да" -> 1 | E73: 19.5 | AB73: Реквизиты решения | AC73: Наименование | AE73: Об утверждении муниципальной программы Ленинск-Кузнецкого городского округа "Жилищно-коммунальный и дорожный комплекс, благоустройство, энергосбережение и повышение энергоэффективности" на 2024 - 2026 годы
B74: =HAS_DOC2="да" -> 1 | E74: 19.5 | AC74: Вид | AE74: постановление
B75: =HAS_DOC2="да" -> 1 | E75: 19.5 | AC75: Номер | AE75: 2136
B76: =HAS_DOC2="да" -> 1 | E76: 19.5 | AC76: Дата принятия | AE76: 09.11.2023 (ред. от 29.02.2024)
B77: =HAS_DOC2="да" -> 1 | E77: 19.5 | AC77: URL-ссылка на решение
B78: =HAS_DOC2="да" -> 1 | E78: 19.5 | W78: =ROW(Y78)>ROW(Y$78) -> 0 | Y78: et_2 | AA78: × | AB78: Реквизиты решения | AC78: Наименование
B79: =HAS_DOC2="да" -> 1 | E79: 19.5 | W79: {=W78} -> false | AC79: Вид
B80: =HAS_DOC2="да" -> 1 | E80: 19.5 | W80: {=W79} -> false | AC80: Номер
B81: =HAS_DOC2="да" -> 1 | E81: 19.5 | W81: {=W80} -> false | AC81: Дата принятия
B82: =HAS_DOC2="да" -> 1 | E82: 19.5 | W82: {=W81} -> false | AC82: URL-ссылка на решение
B83: =HAS_DOC2="да" -> 1 | E83: 15 | F83: HAS_DOC2 | Y83: { _x000D_ funcDyn: 'msgone',_x000D_ blok: '',_x000D_ wsCross: '',_x000D_ linkFormula: '',_x000D_ levelDyn: ''_x000D_ } | AE83: Добавить
E84: 19.5 | F84: HAS_DOC3 | AB84: Наличие схемы холодного водоснабжения / водоотведения | AE84: да | AG84: L4_8
B85: =HAS_DOC3="да" -> 1 | E85: 19.5 | AB85: Реквизиты решения | AC85: Наименование | AE85: Об утверждении схемы водоснабжения и водоотведения Ленинск-Кузнецкого городского округа на период 2016-2021 годов с перспективой до 2031 года
B86: =HAS_DOC3="да" -> 1 | E86: 19.5 | AC86: Вид | AE86: постановление
B87: =HAS_DOC3="да" -> 1 | E87: 19.5 | AC87: Номер | AE87: 199
B88: =HAS_DOC3="да" -> 1 | E88: 19.5 | AC88: Дата принятия | AE88: 42776
B89: =HAS_DOC3="да" -> 1 | E89: 19.5 | AC89: URL-ссылка на решение
B90: =HAS_DOC3="да" -> 1 | E90: 19.5 | W90: =ROW(Y90)>ROW(Y$90) -> 0 | Y90: et_2 | AA90: × | AB90: Реквизиты решения | AC90: Наименование
B91: =HAS_DOC3="да" -> 1 | E91: 19.5 | W91: {=W90} -> false | AC91: Вид
B92: =HAS_DOC3="да" -> 1 | E92: 19.5 | W92: {=W91} -> false | AC92: Номер
B93: =HAS_DOC3="да" -> 1 | E93: 19.5 | W93: {=W92} -> false | AC93: Дата принятия
B94: =HAS_DOC3="да" -> 1 | E94: 19.5 | W94: {=W93} -> false | AC94: URL-ссылка на решение
B95: =HAS_DOC3="да" -> 1 | E95: 15 | F95: HAS_DOC3 | Y95: { _x000D_ funcDyn: 'msgone',_x000D_ blok: '',_x000D_ wsCross: '',_x000D_ linkFormula: '',_x000D_ levelDyn: ''_x000D_ } | AE95: Добавить
B96: =NOT(method_reg="Метод сравнения аналогов") -> 1 | E96: 19.5 | F96: HAS_DOC4 | AB96: Наличие закона субъекта по льготным тарифам | AE96: да | AG96: L4_9
B97: =AND(NOT(method_reg="Метод сравнения аналогов"),HAS_DOC4="да") -> 1 | E97: 19.5 | AB97: Реквизиты решения | AC97: Наименование | AE97: О льготных ценах (тарифах) на тепловую энергию (мощность), теплоноситель, горячее, холодное водоснабжение, водоотведение, твердое топливо, сжиженный газ на территории Кемеровской области - Кузбасса
B98: =AND(NOT(method_reg="Метод сравнения аналогов"),HAS_DOC4="да") -> 1 | E98: 19.5 | AC98: Вид | AE98: закон
B99: =AND(NOT(method_reg="Метод сравнения аналогов"),HAS_DOC4="да") -> 1 | E99: 19.5 | AC99: Номер | AE99: 69-ОЗ
B100: =AND(NOT(method_reg="Метод сравнения аналогов"),HAS_DOC4="да") -> 1 | E100: 19.5 | AC100: Дата принятия | AE100: 44015
B101: =AND(NOT(method_reg="Метод сравнения аналогов"),HAS_DOC4="да") -> 1 | E101: 19.5 | AC101: URL-ссылка на решение
B102: =AND(NOT(method_reg="Метод сравнения аналогов"),HAS_DOC4="да") -> 1 | E102: 19.5 | W102: =ROW(Y102)>ROW(Y$102) -> 0 | Y102: et_2 | AA102: × | AB102: Реквизиты решения | AC102: Наименование
B103: =AND(NOT(method_reg="Метод сравнения аналогов"),HAS_DOC4="да") -> 1 | E103: 19.5 | W103: {=W102} -> false | AC103: Вид
B104: =AND(NOT(method_reg="Метод сравнения аналогов"),HAS_DOC4="да") -> 1 | E104: 19.5 | W104: {=W103} -> false | AC104: Номер
B105: =AND(NOT(method_reg="Метод сравнения аналогов"),HAS_DOC4="да") -> 1 | E105: 19.5 | W105: {=W104} -> false | AC105: Дата принятия
B106: =AND(NOT(method_reg="Метод сравнения аналогов"),HAS_DOC4="да") -> 1 | E106: 19.5 | W106: {=W105} -> false | AC106: URL-ссылка на решение
B107: =AND(NOT(method_reg="Метод сравнения аналогов"),HAS_DOC4="да") -> 1 | E107: 15 | F107: HAS_DOC4 | Y107: { _x000D_ funcDyn: 'msgone',_x000D_ blok: '',_x000D_ wsCross: '',_x000D_ linkFormula: '',_x000D_ levelDyn: ''_x000D_ } | AE107: Добавить
B108: =NOT(method_reg="Метод сравнения аналогов") -> 1 | E108: 25.5 | F108: HAS_DOC5 | AB108: ="Наличие утверждённых ОИВ инвестиционных программ, действующих в течение "&god-2&" года, для организации, оказывающей услуги холодного водоснабжения/водоотведения" -> Наличие утверждённых ОИВ инвестиционных программ, действующих в течение 2024 года, для организации, оказывающей услуги холодного водоснабжения/водоотведения | AE108: да | AG108: L4_10
B109: =AND(NOT(method_reg="Метод сравнения аналогов"),HAS_DOC5="да") -> 1 | E109: 19.5 | AB109: Реквизиты решения | AC109: Наименование | AE109: "Об утверждении Инвестиционной программы ОАО "Северо-Кузбасская энергетическая компания" в сфере холодного водоснабжения и водоотведения Ленинск-Кузнецкого городского округа на 2019-2028 годы"
B110: =AND(NOT(method_reg="Метод сравнения аналогов"),HAS_DOC5="да") -> 1 | E110: 19.5 | AC110: Вид | AE110: постановление
B111: =AND(NOT(method_reg="Метод сравнения аналогов"),HAS_DOC5="да") -> 1 | E111: 19.5 | AC111: Номер | AE111: 600 (ред. от 17.11.2022 № 383)
B112: =AND(NOT(method_reg="Метод сравнения аналогов"),HAS_DOC5="да") -> 1 | E112: 19.5 | AC112: Дата принятия | AE112: 43816
B113: =AND(NOT(method_reg="Метод сравнения аналогов"),HAS_DOC5="да") -> 1 | E113: 19.5 | AC113: Дата начала реализации / действия инвестиционной программы | AE113: 43817.691
B114: =AND(NOT(method_reg="Метод сравнения аналогов"),HAS_DOC5="да") -> 1 | E114: 19.5 | AC114: Дата окончания реализации / действия инвестиционной программы | AE114: 47118
B115: =AND(NOT(method_reg="Метод сравнения аналогов"),HAS_DOC5="да") -> 1 | E115: 19.5 | W115: =ROW(Y115)>ROW(Y$115) -> 0 | Y115: et_2 | AA115: × | AB115: Реквизиты решения | AC115: Наименование
B116: =AND(NOT(method_reg="Метод сравнения аналогов"),HAS_DOC5="да") -> 1 | E116: 19.5 | W116: {=W115} -> false | AC116: Вид
B117: =AND(NOT(method_reg="Метод сравнения аналогов"),HAS_DOC5="да") -> 1 | E117: 19.5 | W117: {=W116} -> false | AC117: Номер
...

Sheet Список территорий
F1: tariffNum | G1: nomer_name | U1: vis_1 | V1: dyn_1 | W1: blok_1 | X1: blok_2 | Y1: ren_1 | Z1: del_1 | AA1: del_2 | AB1: ren_2 | AC1: dyn_2 | AI1: pok_js | AJ1: PJ_DYN | AK1: PJ_NAME | AL1: PJ_NAME_MO | AM1: PJ_NAME_OKTMO | AN1: dyn_add | AO1: dyn_fill
B2: flag_vis
E5: flag_size | AA5: 3 | AB5: 11 | AC5: 45 | AD5: 45 | AE5: 14 | AF5: 35 | AG5: 35 | AH5: 3
A6: pok | AC6: l1 | AD6: l2 | AE6: l3 | AF6: l5 | AG6: l4
A9: PJ_TERR | AF9: {=AF24} -> Тип муниципального образования | AG9: {=AG24} -> Дополнительные сведения
A10: dyn_names | AC10: PJ_NAME | AD10: PJ_NAME_MO | AE10: PJ_NAME_OKTMO
AC18: Муниципальный район | AD18: Муниципальное образование
E21: 15 | AC21: {=tpl_title} -> Кемеровская область / 2026 / ОАО «СКЭК» (ИНН:4205153492, КПП:420501001) / ДПР: 2024-2028
E22: 30 | AB22: Перечень муниципальных образований, на территории которых организация оказывает услуги холодного водоснабжения / водоотведения
E23: 11,25
E24: 28,5 | AB24: № п/п | AC24: Муниципальный район | AD24: Муниципальное образование | AE24: ОКТМО | AF24: Тип муниципального образования | AG24: Дополнительные сведения
E25: 0
E26: 15 | F26: {=Y26} -> 0 | U26: =Y26>0 -> 0 | W26: et_1 | Y26: 0 | AB26: {=INDEX('Общие сведения'!$AG$197:$AG$254,MATCH($Y26,'Общие сведения'!$Z$197:$Z$254,0))} -> Тариф 0 () -
E27: 15 | F27: {=OFFSET(E27,-1,1)} -> 0 | G27: {=AB27} -> 0 | U27: =AND(F27>0,AB27>0) -> 0 | X27: et_2 | AA27: × | AB27: 0 | AI27: P_TERR | AJ27: DYN_MRMO | AK27: {=AC27} -> 0 | AL27: {=AD27} -> 0 | AM27: {=AE27} -> 0 | AO27: TRUE
E28: 15 | F28: {=OFFSET(E28,-1,1)} -> 0 | G28: !== 0 | U28: {=U26} -> false | X28: { _x000D_ funcDyn: 'mrmo',_x000D_ blok: '',_x000D_ wsCross: '',_x000D_ linkFormula: '',_x000D_ levelDyn: '1'_x000D_ } | AC28: Добавить территорию | AN28: DYN_MRMO
E29: 15 | F29: {=Y29} -> 1 | U29: =Y29>0 -> 1 | W29: {='Общие сведения'!$AG$212} -> Тариф 1 (Водоснабжение) - тариф на питьевую воду (Оказание услуг на территории: город Ленинск-Кузнецкий (ОКТМО: 32719000) - г Ленинск-Кузнецкий, г Полысаево) | Y29: 1 | AB29: {='Общие сведения'!$AG$212} -> Тариф 1 (Водоснабжение) - тариф на питьевую воду (Оказание услуг на территории: город Ленинск-Кузнецкий (ОКТМО: 32719000) - г Ленинск-Кузнецкий, г Полысаево)
E30: 15 | F30: {=OFFSET(E30,-1,1)} -> 1 | G30: {=AB30} -> 0 | U30: =AND(F30>0,AB30>0) -> 0 | X30: et_2 | AA30: × | AB30: 0 | AI30: P_TERR | AJ30: DYN_MRMO | AK30: {=AC30} -> 0 | AL30: {=AD30} -> 0 | AM30: {=AE30} -> 0 | AO30: TRUE
E31: 15 | F31: {=OFFSET(E31,-1,1)} -> 1 | G31: {=AB31} -> 1 | U31: =AND(F31>0,AB31>0) -> 1 | AA31: × | AB31: 1 | AC31: Ленинск-Кузнецкий муниципальный округ | AD31: Ленинск-Кузнецкий муниципальный округ | AE31: 32514000 | AF31: муниципальный округ | AI31: P_TERR | AJ31: DYN_MRMO | AK31: {=AC31} -> Ленинск-Кузнецкий муниципальный округ | AL31: {=AD31} -> Ленинск-Кузнецкий муниципальный округ | AM31: {=AE31} -> 32514000 | AO31: TRUE
E32: 15 | F32: {=OFFSET(E32,-1,1)} -> 1 | G32: {=AB32} -> 2 | U32: =AND(F32>0,AB32>0) -> 1 | AA32: × | AB32: 2 | AC32: Ленинск-Кузнецкий муниципальный округ | AD32: Ленинск-Кузнецкий муниципальный округ | AE32: 32514000 | AF32: муниципальный округ | AI32: P_TERR | AJ32: DYN_MRMO | AK32: {=AC32} -> Ленинск-Кузнецкий муниципальный округ | AL32: {=AD32} -> Ленинск-Кузнецкий муниципальный округ | AM32: {=AE32} -> 32514000 | AO32: TRUE
E33: 15 | F33: {=OFFSET(E33,-1,1)} -> 1 | G33: !== 0 | U33: {=U29} -> true | X33: { _x000D_ funcDyn: 'mrmo',_x000D_ blok: '',_x000D_ wsCross: '',_x000D_ linkFormula: '',_x000D_ levelDyn: '1'_x000D_ } | AC33: Добавить территорию | AN33: DYN_MRMO
E34: 15 | F34: {=Y34} -> 2 | U34: =Y34>0 -> 1 | W34: {='Общие сведения'!$AG$226} -> Тариф 2 (Водоотведение) - тариф на водоотведение (Оказание услуг на территории: город Ленинск-Кузнецкий (ОКТМО: 32719000) - г Ленинск-Кузнецкий) | Y34: 2 | AB34: {='Общие сведения'!$AG$226} -> Тариф 2 (Водоотведение) - тариф на водоотведение (Оказание услуг на территории: город Ленинск-Кузнецкий (ОКТМО: 32719000) - г Ленинск-Кузнецкий)
E35: 15 | F35: {=OFFSET(E35,-1,1)} -> 2 | G35: {=AB35} -> 0 | U35: =AND(F35>0,AB35>0) -> 0 | X35: et_2 | AA35: × | AB35: 0 | AI35: P_TERR | AJ35: DYN_MRMO | AK35: {=AC35} -> 0 | AL35: {=AD35} -> 0 | AM35: {=AE35} -> 0 | AO35: TRUE
E36: 15 | F36: {=OFFSET(E36,-1,1)} -> 2 | G36: {=AB36} -> 1 | U36: =AND(F36>0,AB36>0) -> 1 | AA36: × | AB36: 1 | AC36: Ленинск-Кузнецкий муниципальный округ | AD36: Ленинск-Кузнецкий муниципальный округ | AE36: 32514000 | AF36: муниципальный округ | AI36: P_TERR | AJ36: DYN_MRMO | AK36: {=AC36} -> Ленинск-Кузнецкий муниципальный округ | AL36: {=AD36} -> Ленинск-Кузнецкий муниципальный округ | AM36: {=AE36} -> 32514000 | AO36: TRUE
E37: 15 | F37: {=OFFSET(E37,-1,1)} -> 2 | G37: !== 0 | U37: {=U34} -> true | X37: { _x000D_ funcDyn: 'mrmo',_x000D_ blok: '',_x000D_ wsCross: '',_x000D_ linkFormula: '',_x000D_ levelDyn: '1'_x000D_ } | AC37: Добавить территорию | AN37: DYN_MRMO
E38: 15 | F38: {=Y38} -> 3 | U38: =Y38>0 -> 1 | W38: {='Общие сведения'!$AG$240} -> Тариф 3 (Водоотведение) - тариф на водоотведение (Оказание услуг на территории: город Полысаево (ОКТМО: 32732000) - г Полысаево) | Y38: 3 | AB38: {='Общие сведения'!$AG$240} -> Тариф 3 (Водоотведение) - тариф на водоотведение (Оказание услуг на территории: город Полысаево (ОКТМО: 32732000) - г Полысаево)
E39: 15 | F39: {=OFFSET(E39,-1,1)} -> 3 | G39: {=AB39} -> 0 | U39: =AND(F39>0,AB39>0) -> 0 | X39: et_2 | AA39: × | AB39: 0 | AI39: P_TERR | AJ39: DYN_MRMO | AK39: {=AC39} -> 0 | AL39: {=AD39} -> 0 | AM39: {=AE39} -> 0 | AO39: TRUE
E40: 15 | F40: {=OFFSET(E40,-1,1)} -> 3 | G40: {=AB40} -> 1 | U40: =AND(F40>0,AB40>0) -> 1 | AA40: × | AB40: 1 | AC40: Ленинск-Кузнецкий муниципальный округ | AD40: Ленинск-Кузнецкий муниципальный округ | AE40: 32514000 | AF40: муниципальный округ | AI40: P_TERR | AJ40: DYN_MRMO | AK40: {=AC40} -> Ленинск-Кузнецкий муниципальный округ | AL40: {=AD40} -> Ленинск-Кузнецкий муниципальный округ | AM40: {=AE40} -> 32514000 | AO40: TRUE
E41: 15 | F41: {=OFFSET(E41,-1,1)} -> 3 | G41: !== 0 | U41: {=U38} -> true | X41: { _x000D_ funcDyn: 'mrmo',_x000D_ blok: '',_x000D_ wsCross: '',_x000D_ linkFormula: '',_x000D_ levelDyn: '1'_x000D_ } | AC41: Добавить территорию | AN41: DYN_MRMO
E42: 11,25 | V42: Добавить | W42: { _x000D_ funcDyn: 'msg1',_x000D_ blok: 'blok_1',_x000D_ wsCross: 'Перечень объектов',_x000D_ linkFormula: 'AC-AB',_x000D_ levelDyn: ''_x000D_ }

Sheet Перечень объектов
F1: tariffNum | H1: pok | J1: det_name | P1: frmls | U1: ren_2 | V1: vis_1 | W1: dyn_1 | X1: blok_1 | Y1: blok_2 | Z1: ren_1 | AA1: del_1 | AB1: del_2 | AD1: dyn_2 | AM1: pok_js | AN1: PJ_DYN | AO1: PJ_NAME | AP1: PJ_NAME_ED_IZM | AQ1: dyn_add | AR1: dyn_fill
B2: flag_vis | AF2: =method_reg<>"Метод сравнения аналогов" -> 1 | AG2: =method_reg<>"Метод сравнения аналогов" -> 1 | AH2: {=isOrgDeclare} -> true
E5: flag_size | AB5: 3 | AC5: 11 | AD5: 70 | AE5: 15 | AF5: 20 | AG5: 20 | AH5: 20 | AI5: 20 | AJ5: 20 | AK5: 3
A6: prd2_name | AF6: =god-2 -> 2024 | AG6: =god-1 -> 2025 | AH6: {=god} -> 2026 | AI6: {=god} -> 2026 | AJ6: {=god} -> 2026
A7: pf_name | AF7: {=AF25} -> Принято органом регулирования | AG7: Принято органом регулирования | AH7: Предложение организации | AI7: Принято органом регулирования | AJ7: Не определено
A9: PJ_YEAR | AF9: {=AF6} -> 2024 | AG9: {=AG6} -> 2025 | AH9: {=AH6} -> 2026 | AI9: {=AI6} -> 2026
A10: PJ_PF | AF10: {=AF25} -> Принято органом регулирования | AG10: {=AG25} -> Принято органом регулирования | AH10: {=AH25} -> Предложение организации | AI10: {=AI25} -> Принято органом регулирования
A11: PJ_DOP | AJ11: {=AJ24} -> Комментарии
A12: dyn_names | AD12: PJ_NAME | AE12: PJ_NAME_ED_IZM
A18: checkUnique | AD18: Наименование
E21: 15 | AD21: {=tpl_title} -> Кемеровская область / 2026 / ОАО «СКЭК» (ИНН:4205153492, КПП:420501001) / ДПР: 2024-2028
E22: 21 | AC22: Перечень объектов организации, с помощью которых организация оказывает услуги холодного водоснабжения/ водоотведения
E23: 9
E24: 21 | AC24: № п/п | AD24: Наименование показателя | AE24: Единица измерения | AF24: =god-2&" год" -> 2024 год | AG24: =god-1&" год" -> 2025 год | AH24: =god&" год" -> 2026 год | AI24: =god&" год" -> 2026 год | AJ24: Комментарии
E25: 36 | F25: t | AF25: Принято органом регулирования | AG25: Принято органом регулирования | AH25: Предложение организации | AI25: Принято органом регулирования
E26: 0 | T26: VS/VO
E27: 15 | F27: {=Z27} -> 0 | T27: {=INDEX('Общие сведения'!$AE$197:$AE$254,MATCH($Z27,'Общие сведения'!$Z$197:$Z$254,0))} -> 0 | V27: =Z27>0 -> 0 | X27: et_1 | Z27: 0 | AC27: {=INDEX('Общие сведения'!$AG$197:$AG$254,MATCH($Z27,'Общие сведения'!$Z$197:$Z$254,0))} -> Тариф 0 () -
B28: =AND(T27="Водоснабжение",method_reg<>"Метод сравнения аналогов") -> 0 | E28: 15 | F28: {=OFFSET(E28,-1,1)} -> 0 | H28: l1 | I28: L3 | J28: =AD28&"::"&AE28 -> Водонасосные станции (водозаборные узлы)::ед. | V28: {=V27} -> false | AC28: 1 | AD28: Водонасосные станции (водозаборные узлы) | AE28: ед. | AM28: P_WATER_PUMP
B29: {=B28} -> false | E29: 15 | F29: {=OFFSET(E29,-1,1)} -> 0 | H29: l1 | I29: L3 | J29: =AD29&"::"&AE29 -> Скважины::ед. | V29: {=V28} -> false | AC29: 2 | AD29: Скважины | AE29: ед. | AM29: P_WELLS
B30: =T27="Водоснабжение" -> 0 | E30: 15 | F30: {=OFFSET(E30,-1,1)} -> 0 | G30: ЭЭ | H30: l1 | I30: L3 | J30: =AD30&"::"&AE30 -> Подкачивающие насосные станции::ед. | L30: ЭЭ | V30: {=V29} -> false | AC30: =IF(B29,3,1) -> 1 | AD30: Подкачивающие насосные станции | AE30: ед. | AM30: P_PUMP_STATION
B31: {=B29} -> false | E31: 15 | F31: {=OFFSET(E31,-1,1)} -> 0 | H31: l1 | I31: L3 | J31: =AD31&"::"&AE31 -> Водонапорные башни::ед. | V31: {=V30} -> false | AC31: 4 | AD31: Водонапорные башни | AE31: ед. | AM31: P_WATER_TOWERS
B32: =T27="Водоснабжение" -> 0 | E32: 15 | F32: {=OFFSET(E32,-1,1)} -> 0 | H32: l1 | I32: L3 | J32: =AD32&"::"&AE32 -> Водопроводные сети::км | P32: SUMIFS('Условные метры'!$AK$29:$AK$lastRow,'Условные метры'!$F$29:$F$lastRow, $FcurrRow,'Условные метры'!$G$29:$G$lastRow,"Итог") | Q32: SUMIFS('Условные метры'!$AM$29:$AM$lastRow,'Условные метры'!$F$29:$F$lastRow, $FcurrRow,'Условные метры'!$G$29:$G$lastRow,"Итог") | V32: {=V31} -> false | AC32: =IF(B29,5,2) -> 2 | AD32: Водопроводные сети | AE32: км | AM32: P_WATER_NETS
B33: =AND(T27="Водоотведение",method_reg<>"Метод сравнения аналогов") -> 0 | E33: 15 | F33: {=OFFSET(E33,-1,1)} -> 0 | H33: l1 | I33: L3 | J33: =AD33&"::"&AE33 -> Биологические очистные сооружения::ед. | V33: {=V32} -> false | AC33: 1 | AD33: Биологические очистные сооружения | AE33: ед. | AM33: P_BIO_CLEAN
B34: =T27="Водоотведение" -> 0 | E34: 15 | F34: {=OFFSET(E34,-1,1)} -> 0 | G34: ЭЭ | H34: l1 | I34: L3 | J34: =AD34&"::"&AE34 -> Канализационные насосные станции::ед. | V34: {=V33} -> false | AC34: =IF(B33,2,1) -> 1 | AD34: Канализационные насосные станции | AE34: ед. | AM34: P_SEWER_PUMP
B35: {=B34} -> false | E35: 15 | F35: {=OFFSET(E35,-1,1)} -> 0 | H35: l1 | I35: L3 | J35: =AD35&"::"&AE35 -> Канализационные сети::км | L35: ЭЭ | P35: SUMIFS('Условные метры'!$AK$29:$AK$lastRow,'Условные метры'!$F$29:$F$lastRow, $FcurrRow,'Условные метры'!$G$29:$G$lastRow,"Итог") | Q35: SUMIFS('Условные метры'!$AM$29:$AM$lastRow,'Условные метры'!$F$29:$F$lastRow, $FcurrRow,'Условные метры'!$G$29:$G$lastRow,"Итог") | V35: {=V34} -> false | AC35: =AC34+1 -> 2 | AD35: Канализационные сети | AE35: км | AM35: P_SEWER_NETS
E36: 15 | F36: {=OFFSET(E36,-1,1)} -> 0 | H36: l1 | I36: L3 | J36: =AD36&"::"&AE36 -> :: | U36: 0 | V36: =AND(F36>0,U36>0) -> 0 | Y36: et_2 | AB36: × | AC36: =IF(OFFSET(C36,-8-U36,-1),5,IF(OFFSET(C36,-3-U36,-1),3,2))+U36 -> 2 | AM36: P_OTHER | AN36: DYN_OBJ_LIST | AO36: {=AD36} -> 0 | AP36: {=AE36} -> 0 | AR36: TRUE
E37: 15 | F37: {=OFFSET(E37,-1,1)} -> 0 | J37: !== 'Водонасосные станции (водозаборные узлы)::ед.' && row.det_name.toLowerCase() !== 'Скважины::ед.' && row.det_name.toLowerCase() !== 'Подкачивающие насосные станции::ед.' && row.det_name.toLowerCase() !== 'Водонапорные башни::ед.' && row.det_name.toLowerCase() !== 'Водопроводные сети::км' && row.det_name.toLowerCase() !== 'Биологические очистные сооружения::ед.' && row.det_name.toLowerCase() !== 'Канализационные насосные станции::ед.' && row.det_name.toLowerCase() !== 'Канализационные сети::км' && row.det_name.toLowerCase() !== 'Краткое описание технологического процесса' | V37: {=V35} -> false | Y37: { _x000D_ funcDyn: 'msg',_x000D_ blok: '',_x000D_ wsCross: '',_x000D_ linkFormula: '',_x000D_ levelDyn: '1',_x000D_ addDynValue: 'det_name|AC|0'_x000D_ } | AD37: Добавить | AQ37: DYN_OBJ_LIST
E38: 15 | F38: {=OFFSET(E38,-1,1)} -> 0 | H38: l2 | I38: L3 | J38: {=AD38} -> Краткое описание технологического процесса | V38: {=V37} -> false | AD38: Краткое описание технологического процесса | AM38: P_TEH_PROC
E39: 15 | F39: {=Z39} -> 1 | T39: {=INDEX('Общие сведения'!$AE$197:$AE$254,MATCH($Z39,'Общие сведения'!$Z$197:$Z$254,0))} -> Водоснабжение | V39: =Z39>0 -> 1 | X39: {='Список территорий'!$AB$29} -> Тариф 1 (Водоснабжение) - тариф на питьевую воду (Оказание услуг на территории: город Ленинск-Кузнецкий (ОКТМО: 32719000) - г Ленинск-Кузнецкий, г Полысаево) | Z39: 1 | AC39: {='Список территорий'!$AB$29} -> Тариф 1 (Водоснабжение) - тариф на питьевую воду (Оказание услуг на территории: город Ленинск-Кузнецкий (ОКТМО: 32719000) - г Ленинск-Кузнецкий, г Полысаево)
B40: =AND(T39="Водоснабжение",method_reg<>"Метод сравнения аналогов") -> 1 | E40: 15 | F40: {=OFFSET(E40,-1,1)} -> 1 | H40: l1 | I40: L3 | J40: =AD40&"::"&AE40 -> Водонасосные станции (водозаборные узлы)::ед. | V40: {=V39} -> true | AC40: 1 | AD40: Водонасосные станции (водозаборные узлы) | AE40: ед. | AF40: 1 | AG40: 1 | AH40: 1 | AI40: 1 | AM40: P_WATER_PUMP
B41: {=B40} -> true | E41: 15 | F41: {=OFFSET(E41,-1,1)} -> 1 | H41: l1 | I41: L3 | J41: =AD41&"::"&AE41 -> Скважины::ед. | V41: {=V40} -> true | AC41: 2 | AD41: Скважины | AE41: ед. | AF41: 7 | AG41: 7 | AH41: 6 | AI41: 6 | AM41: P_WELLS
B42: =T39="Водоснабжение" -> 1 | E42: 15 | F42: {=OFFSET(E42,-1,1)} -> 1 | G42: ЭЭ | H42: l1 | I42: L3 | J42: =AD42&"::"&AE42 -> Подкачивающие насосные станции::ед. | L42: ЭЭ | V42: {=V41} -> true | AC42: =IF(B41,3,1) -> 3 | AD42: Подкачивающие насосные станции | AE42: ед. | AF42: 13 | AG42: 13 | AH42: 13 | AI42: 13 | AM42: P_PUMP_STATION
B43: {=B41} -> true | E43: 15 | F43: {=OFFSET(E43,-1,1)} -> 1 | H43: l1 | I43: L3 | J43: =AD43&"::"&AE43 -> Водонапорные башни::ед. | V43: {=V42} -> true | AC43: 4 | AD43: Водонапорные башни | AE43: ед. | AF43: 0 | AG43: 0 | AH43: 0 | AI43: 0 | AM43: P_WATER_TOWERS
B44: =T39="Водоснабжение" -> 1 | E44: 15 | F44: {=OFFSET(E44,-1,1)} -> 1 | H44: l1 | I44: L3 | J44: =AD44&"::"&AE44 -> Водопроводные сети::км | P44: SUMIFS('Условные метры'!$AK$29:$AK$lastRow,'Условные метры'!$F$29:$F$lastRow, $FcurrRow,'Условные метры'!$G$29:$G$lastRow,"Итог") | Q44: SUMIFS('Условные метры'!$AM$29:$AM$lastRow,'Условные метры'!$F$29:$F$lastRow, $FcurrRow,'Условные метры'!$G$29:$G$lastRow,"Итог") | V44: {=V43} -> true | AC44: =IF(B41,5,2) -> 5 | AD44: Водопроводные сети | AE44: км | AF44: 722.91 | AG44: 722.91 | AH44: 724.59 | AI44: =556.131+168.456 -> 724.587 | AJ44: Протяженность сетей принята на основании данных представленных форм № ОС-1 (в т.ч. г. Ленинск-Кузнецкий - 556,131 км, г. Полысаево - 168,456 км.) Справочно, данные форм статистической отчетности "1-водопровод" за 2024 год : г. Ленинск-Кузнецкий - 555,05 км, г. Полысаево - 168,456 км). | AM44: P_WATER_NETS
B45: =AND(T39="Водоотведение",method_reg<>"Метод сравнения аналогов") -> 0 | E45: 15 | F45: {=OFFSET(E45,-1,1)} -> 1 | H45: l1 | I45: L3 | J45: =AD45&"::"&AE45 -> Биологические очистные сооружения::ед. | V45: {=V44} -> true | AC45: 1 | AD45: Биологические очистные сооружения | AE45: ед. | AM45: P_BIO_CLEAN
B46: =T39="Водоотведение" -> 0 | E46: 15 | F46: {=OFFSET(E46,-1,1)} -> 1 | G46: ЭЭ | H46: l1 | I46: L3 | J46: =AD46&"::"&AE46 -> Канализационные насосные станции::ед. | V46: {=V45} -> true | AC46: =IF(B45,2,1) -> 1 | AD46: Канализационные насосные станции | AE46: ед. | AM46: P_SEWER_PUMP
B47: {=B46} -> false | E47: 15 | F47: {=OFFSET(E47,-1,1)} -> 1 | H47: l1 | I47: L3 | J47: =AD47&"::"&AE47 -> Канализационные сети::км | L47: ЭЭ | P47: SUMIFS('Условные метры'!$AK$29:$AK$lastRow,'Условные метры'!$F$29:$F$lastRow, $FcurrRow,'Условные метры'!$G$29:$G$lastRow,"Итог") | Q47: SUMIFS('Условные метры'!$AM$29:$AM$lastRow,'Условные метры'!$F$29:$F$lastRow, $FcurrRow,'Условные метры'!$G$29:$G$lastRow,"Итог") | V47: {=V46} -> true | AC47: =AC46+1 -> 2 | AD47: Канализационные сети | AE47: км | AM47: P_SEWER_NETS
E48: 15 | F48: {=OFFSET(E48,-1,1)} -> 1 | H48: l1 | I48: L3 | J48: =AD48&"::"&AE48 -> :: | U48: 0 | V48: =AND(F48>0,U48>0) -> 0 | Y48: et_2 | AB48: × | AC48: =IF(OFFSET(C48,-8-U48,-1),5,IF(OFFSET(C48,-3-U48,-1),3,2))+U48 -> 5 | AM48: P_OTHER | AN48: DYN_OBJ_LIST | AO48: {=AD48} -> 0 | AP48: {=AE48} -> 0 | AR48: TRUE
E49: 15 | F49: {=OFFSET(E49,-1,1)} -> 1 | J49: !== 'Водонасосные станции (водозаборные узлы)::ед.' && row.det_name.toLowerCase() !== 'Скважины::ед.' && row.det_name.toLowerCase() !== 'Подкачивающие насосные станции::ед.' && row.det_name.toLowerCase() !== 'Водонапорные башни::ед.' && row.det_name.toLowerCase() !== 'Водопроводные сети::км' && row.det_name.toLowerCase() !== 'Биологические очистные сооружения::ед.' && row.det_name.toLowerCase() !== 'Канализационные насосные станции::ед.' && row.det_name.toLowerCase() !== 'Канализационные сети::км' && row.det_name.toLowerCase() !== 'Краткое описание технологического процесса' | V49: {=V47} -> true | Y49: { _x000D_ funcDyn: 'msg',_x000D_ blok: '',_x000D_ wsCross: '',_x000D_ linkFormula: '',_x000D_ levelDyn: '1',_x000D_ addDynValue: 'det_name|AC|0'_x000D_ } | AD49: Добавить | AQ49: DYN_OBJ_LIST
E50: 15 | F50: {=OFFSET(E50,-1,1)} -> 1 | H50: l2 | I50: L3 | J50: {=AD50} -> Краткое описание технологического процесса | V50: {=V49} -> true | AD50: Краткое описание технологического процесса | AF50: Организация предоставляет услуги питьевого водоснабжения потребителям, находящимся в границах нескольких муниципальных образований – г. Ленинск-Кузнецкий, г. Полысаево, г. Белово (МУП «Водоканал»), Ленинск-Кузнецкого муниципального округа (ООО «Энергоресурс»). Услуги по отведению и очистке сточных вод предоставляются только потребителям г. Ленинск-Кузнецкий. Система водоснабжения предусматривает получение воды из двух источников: поверхностного (открытого) и подземного. Основным источником водоснабжения служит поверхностная вода р. Томь. (Продолжение - на Листе "Комментарии".) | AM50: P_TEH_PROC
E51: 15 | F51: {=Z51} -> 2 | T51: {=INDEX('Общие сведения'!$AE$197:$AE$254,MATCH($Z51,'Общие сведения'!$Z$197:$Z$254,0))} -> Водоотведение | V51: =Z51>0 -> 1 | X51: {='Список территорий'!$AB$34} -> Тариф 2 (Водоотведение) - тариф на водоотведение (Оказание услуг на территории: город Ленинск-Кузнецкий (ОКТМО: 32719000) - г Ленинск-Кузнецкий) | Z51: 2 | AC51: {='Список территорий'!$AB$34} -> Тариф 2 (Водоотведение) - тариф на водоотведение (Оказание услуг на территории: город Ленинск-Кузнецкий (ОКТМО: 32719000) - г Ленинск-Кузнецкий)
B52: =AND(T51="Водоснабжение",method_reg<>"Метод сравнения аналогов") -> 0 | E52: 15 | F52: {=OFFSET(E52,-1,1)} -> 2 | H52: l1 | I52: L3 | J52: =AD52&"::"&AE52 -> Водонасосные станции (водозаборные узлы)::ед. | V52: {=V51} -> true | AC52: 1 | AD52: Водонасосные станции (водозаборные узлы) | AE52: ед. | AM52: P_WATER_PUMP
B53: {=B52} -> false | E53: 15 | F53: {=OFFSET(E53,-1,1)} -> 2 | H53: l1 | I53: L3 | J53: =AD53&"::"&AE53 -> Скважины::ед. | V53: {=V52} -> true | AC53: 2 | AD53: Скважины | AE53: ед. | AM53: P_WELLS
B54: =T51="Водоснабжение" -> 0 | E54: 15 | F54: {=OFFSET(E54,-1,1)} -> 2 | G54: ЭЭ | H54: l1 | I54: L3 | J54: =AD54&"::"&AE54 -> Подкачивающие насосные станции::ед. | L54: ЭЭ | V54: {=V53} -> true | AC54: =IF(B53,3,1) -> 1 | AD54: Подкачивающие насосные станции | AE54: ед. | AM54: P_PUMP_STATION
B55: {=B53} -> false | E55: 15 | F55: {=OFFSET(E55,-1,1)} -> 2 | H55: l1 | I55: L3 | J55: =AD55&"::"&AE55 -> Водонапорные башни::ед. | V55: {=V54} -> true | AC55: 4 | AD55: Водонапорные башни | AE55: ед. | AM55: P_WATER_TOWERS
B56: =T51="Водоснабжение" -> 0 | E56: 15 | F56: {=OFFSET(E56,-1,1)} -> 2 | H56: l1 | I56: L3 | J56: =AD56&"::"&AE56 -> Водопроводные сети::км | P56: SUMIFS('Условные метры'!$AK$29:$AK$lastRow,'Условные метры'!$F$29:$F$lastRow, $FcurrRow,'Условные метры'!$G$29:$G$lastRow,"Итог") | Q56: SUMIFS('Условные метры'!$AM$29:$AM$lastRow,'Условные метры'!$F$29:$F$lastRow, $FcurrRow,'Условные метры'!$G$29:$G$lastRow,"Итог") | V56: {=V55} -> true | AC56: =IF(B53,5,2) -> 2 | AD56: Водопроводные сети | AE56: км | AM56: P_WATER_NETS
B57: =AND(T51="Водоотведение",method_reg<>"Метод сравнения аналогов") -> 1 | E57: 15 | F57: {=OFFSET(E57,-1,1)} -> 2 | H57: l1 | I57: L3 | J57: =AD57&"::"&AE57 -> Биологические очистные сооружения::ед. | V57: {=V56} -> true | AC57: 1 | AD57: Биологические очистные сооружения | AE57: ед. | AF57: 2 | AG57: 2 | AH57: 2 | AI57: 2 | AM57: P_BIO_CLEAN
B58: =T51="Водоотведение" -> 1 | E58: 15 | F58: {=OFFSET(E58,-1,1)} -> 2 | G58: ЭЭ | H58: l1 | I58: L3 | J58: =AD58&"::"&AE58 -> Канализационные насосные станции::ед. | V58: {=V57} -> true | AC58: =IF(B57,2,1) -> 2 | AD58: Канализационные насосные станции | AE58: ед. | AF58: 15 | AG58: 15 | AH58: 15 | AI58: 15 | AM58: P_SEWER_PUMP
B59: {=B58} -> true | E59: 15 | F59: {=OFFSET(E59,-1,1)} -> 2 | H59: l1 | I59: L3 | J59: =AD59&"::"&AE59 -> Канализационные сети::км | L59: ЭЭ | P59: SUMIFS('Условные метры'!$AK$29:$AK$lastRow,'Условные метры'!$F$29:$F$lastRow, $FcurrRow,'Условные метры'!$G$29:$G$lastRow,"Итог") | Q59: SUMIFS('Условные метры'!$AM$29:$AM$lastRow,'Условные метры'!$F$29:$F$lastRow, $FcurrRow,'Условные метры'!$G$29:$G$lastRow,"Итог") | V59: {=V58} -> true | AC59: =AC58+1 -> 3 | AD59: Канализационные сети | AE59: км | AF59: 143.19 | AG59: 143.19 | AH59: 143.4 | AI59: 143.395 | AJ59: Протяженность сетей принята на основании данных представленных форм № ОС-1 . Справочно, данные форм статистической отчетности "1-водопровод" за 2024 год : г. Ленинск-Кузнецкий - 145,53 км. | AM59: P_SEWER_NETS
E60: 15 | F60: {=OFFSET(E60,-1,1)} -> 2 | H60: l1 | I60: L3 | J60: =AD60&"::"&AE60 -> :: | U60: 0 | V60: =AND(F60>0,U60>0) -> 0 | Y60: et_2 | AB60: × | AC60: =IF(OFFSET(C60,-8-U60,-1),5,IF(OFFSET(C60,-3-U60,-1),3,2))+U60 -> 3 | AM60: P_OTHER | AN60: DYN_OBJ_LIST | AO60: {=AD60} -> 0 | AP60: {=AE60} -> 0 | AR60: TRUE
E61: 15 | F61: {=OFFSET(E61,-1,1)} -> 2 | J61: !== 'Водонасосные станции (водозаборные узлы)::ед.' && row.det_name.toLowerCase() !== 'Скважины::ед.' && row.det_name.toLowerCase() !== 'Подкачивающие насосные станции::ед.' && row.det_name.toLowerCase() !== 'Водонапорные башни::ед.' && row.det_name.toLowerCase() !== 'Водопроводные сети::км' && row.det_name.toLowerCase() !== 'Биологические очистные сооружения::ед.' && row.det_name.toLowerCase() !== 'Канализационные насосные станции::ед.' && row.det_name.toLowerCase() !== 'Канализационные сети::км' && row.det_name.toLowerCase() !== 'Краткое описание технологического процесса' | V61: {=V59} -> true | Y61: { _x000D_ funcDyn: 'msg',_x000D_ blok: '',_x000D_ wsCross: '',_x000D_ linkFormula: '',_x000D_ levelDyn: '1',_x000D_ addDynValue: 'det_name|AC|0'_x000D_ } | AD61: Добавить | AQ61: DYN_OBJ_LIST
E62: 15 | F62: {=OFFSET(E62,-1,1)} -> 2 | H62: l2 | I62: L3 | J62: {=AD62} -> Краткое описание технологического процесса | V62: {=V61} -> true | AD62: Краткое описание технологического процесса | AF62: 1._x0009_ЦЕНТРАЛИЗОВАННАЯ СИСТЕМА ВОДООТВЕДЕНИЯ Г. ЛЕНИНСК-КУЗНЕЦКИЙ. Сточные воды от объектов жилищного фонда, предприятий и организаций по самотечным коллекторам поступают на КНС (канализационные насосные станции): КНС № 1; КНС № 2 квартала «Профсоюзный»; КНС квартала «Кемеровский» ; КНС «КСК».ю принимающая стоки от 4-х КНС микрорайонов № 1, №2, №3, № 4, Северной Промзоны, пр. Ленина; КНС № 6 (по ул. Суворова), перекачивающая стоки на КНС №3; КНС № 3 шахты «Комсомолец», принимающая стоки от КНС № 4, № 5 шахты «Им. 7-го Ноября» и КНС № 6; КНС шахты «Им. Кирова»; КНС № 7 (по ул. Зварыгина); КНС «ГАИ»; КНС по ул. Васильева. (Продолжение - на Листе "Комментарии".) | AM62: P_TEH_PROC
E63: 15 | F63: {=Z63} -> 3 | T63: {=INDEX('Общие сведения'!$AE$197:$AE$254,MATCH($Z63,'Общие сведения'!$Z$197:$Z$254,0))} -> Водоотведение | V63: =Z63>0 -> 1 | X63: {='Список территорий'!$AB$38} -> Тариф 3 (Водоотведение) - тариф на водоотведение (Оказание услуг на территории: город Полысаево (ОКТМО: 32732000) - г Полысаево) | Z63: 3 | AC63: {='Список территорий'!$AB$38} -> Тариф 3 (Водоотведение) - тариф на водоотведение (Оказание услуг на территории: город Полысаево (ОКТМО: 32732000) - г Полысаево)
B64: =AND(T63="Водоснабжение",method_reg<>"Метод сравнения аналогов") -> 0 | E64: 15 | F64: {=OFFSET(E64,-1,1)} -> 3 | H64: l1 | I64: L3 | J64: =AD64&"::"&AE64 -> Водонасосные станции (водозаборные узлы)::ед. | V64: {=V63} -> true | AC64: 1 | AD64: Водонасосные станции (водозаборные узлы) | AE64: ед. | AM64: P_WATER_PUMP
B65: {=B64} -> false | E65: 15 | F65: {=OFFSET(E65,-1,1)} -> 3 | H65: l1 | I65: L3 | J65: =AD65&"::"&AE65 -> Скважины::ед. | V65: {=V64} -> true | AC65: 2 | AD65: Скважины | AE65: ед. | AM65: P_WELLS
B66: =T63="Водоснабжение" -> 0 | E66: 15 | F66: {=OFFSET(E66,-1,1)} -> 3 | G66: ЭЭ | H66: l1 | I66: L3 | J66: =AD66&"::"&AE66 -> Подкачивающие насосные станции::ед. | L66: ЭЭ | V66: {=V65} -> true | AC66: =IF(B65,3,1) -> 1 | AD66: Подкачивающие насосные станции | AE66: ед. | AM66: P_PUMP_STATION
B67: {=B65} -> false | E67: 15 | F67: {=OFFSET(E67,-1,1)} -> 3 | H67: l1 | I67: L3 | J67: =AD67&"::"&AE67 -> Водонапорные башни::ед. | V67: {=V66} -> true | AC67: 4 | AD67: Водонапорные башни | AE67: ед. | AM67: P_WATER_TOWERS
B68: =T63="Водоснабжение" -> 0 | E68: 15 | F68: {=OFFSET(E68,-1,1)} -> 3 | H68: l1 | I68: L3 | J68: =AD68&"::"&AE68 -> Водопроводные сети::км | P68: SUMIFS('Условные метры'!$AK$29:$AK$lastRow,'Условные метры'!$F$29:$F$lastRow, $FcurrRow,'Условные метры'!$G$29:$G$lastRow,"Итог") | Q68: SUMIFS('Условные метры'!$AM$29:$AM$lastRow,'Условные метры'!$F$29:$F$lastRow, $FcurrRow,'Условные метры'!$G$29:$G$lastRow,"Итог") | V68: {=V67} -> true | AC68: =IF(B65,5,2) -> 2 | AD68: Водопроводные сети | AE68: км | AM68: P_WATER_NETS
B69: =AND(T63="Водоотведение",method_reg<>"Метод сравнения аналогов") -> 1 | E69: 15 | F69: {=OFFSET(E69,-1,1)} -> 3 | H69: l1 | I69: L3 | J69: =AD69&"::"&AE69 -> Биологические очистные сооружения::ед. | V69: {=V68} -> true | AC69: 1 | AD69: Биологические очистные сооружения | AE69: ед. | AF69: 1 | AG69: 1 | AH69: 1 | AI69: 1 | AM69: P_BIO_CLEAN
B70: =T63="Водоотведение" -> 1 | E70: 15 | F70: {=OFFSET(E70,-1,1)} -> 3 | G70: ЭЭ | H70: l1 | I70: L3 | J70: =AD70&"::"&AE70 -> Канализационные насосные станции::ед. | V70: {=V69} -> true | AC70: =IF(B69,2,1) -> 2 | AD70: Канализационные насосные станции | AE70: ед. | AF70: 6 | AG70: 6 | AH70: 6 | AI70: 6 | AM70: P_SEWER_PUMP
B71: {=B70} -> true | E71: 15 | F71: {=OFFSET(E71,-1,1)} -> 3 | H71: l1 | I71: L3 | J71: =AD71&"::"&AE71 -> Канализационные сети::км | L71: ЭЭ | P71: SUMIFS('Условные метры'!$AK$29:$AK$lastRow,'Условные метры'!$F$29:$F$lastRow, $FcurrRow,'Условные метры'!$G$29:$G$lastRow,"Итог") | Q71: SUMIFS('Условные метры'!$AM$29:$AM$lastRow,'Условные метры'!$F$29:$F$lastRow, $FcurrRow,'Условные метры'!$G$29:$G$lastRow,"Итог") | V71: {=V70} -> true | AC71: =AC70+1 -> 3 | AD71: Канализационные сети | AE71: км | AF71: 36.87 | AG71: 36.87 | AH71: 39.86 | AI71: 38.809 | AJ71: Протяженность сетей принята на основании данных представленных форм № ОС-1 . (Согласно данным формы статистической отчетности "1-водопровод" за 2024 год : г. Полысаево - 39,86 км). | AM71: P_SEWER_NETS
E72: 15 | F72: {=OFFSET(E72,-1,1)} -> 3 | H72: l1 | I72: L3 | J72: =AD72&"::"&AE72 -> :: | U72: 0 | V72: =AND(F72>0,U72>0) -> 0 | Y72: et_2 | AB72: × | AC72: =IF(OFFSET(C72,-8-U72,-1),5,IF(OFFSET(C72,-3-U72,-1),3,2))+U72 -> 3 | AM72: P_OTHER | AN72: DYN_OBJ_LIST | AO72: {=AD72} -> 0 | AP72: {=AE72} -> 0 | AR72: TRUE
E73: 15 | F73: {=OFFSET(E73,-1,1)} -> 3 | J73: !== 'Водонасосные станции (водозаборные узлы)::ед.' && row.det_name.toLowerCase() !== 'Скважины::ед.' && row.det_name.toLowerCase() !== 'Подкачивающие насосные станции::ед.' && row.det_name.toLowerCase() !== 'Водонапорные башни::ед.' && row.det_name.toLowerCase() !== 'Водопроводные сети::км' && row.det_name.toLowerCase() !== 'Биологические очистные сооружения::ед.' && row.det_name.toLowerCase() !== 'Канализационные насосные станции::ед.' && row.det_name.toLowerCase() !== 'Канализационные сети::км' && row.det_name.toLowerCase() !== 'Краткое описание технологического процесса' | V73: {=V71} -> true | Y73: { _x000D_ funcDyn: 'msg',_x000D_ blok: '',_x000D_ wsCross: '',_x000D_ linkFormula: '',_x000D_ levelDyn: '1',_x000D_ addDynValue: 'det_name|AC|0'_x000D_ } | AD73: Добавить | AQ73: DYN_OBJ_LIST
E74: 15 | F74: {=OFFSET(E74,-1,1)} -> 3 | H74: l2 | I74: L3 | J74: {=AD74} -> Краткое описание технологического процесса | V74: {=V73} -> true | AD74: Краткое описание технологического процесса | AF74: Канализационные сети расположены в основном в центральной части города Полысаево и состоят из безнапорных и напорных трубопроводов канализации. Из-за сложности рельефа в черте города часть стоков транспортируется по напорным трубопроводам с помощью локальных насосных канализационных станций. Сбор канализационных сточных вод производится по разветвленной сети, начиная от выпусков из зданий по внутриквартальным сетям ф150-200мм, которые собирают стоки в количестве 2182 тыс. м3/год к двум коллекторам. По коллектору ф300мм стоки транспортируются в канализационную насосную станцию (КНС), по коллектору ф200мм – в главную насосную станцию (ГНС), которые соединены между собой коллектором ф300мм. От ГНС стоки поступают на очистные сооружения, пропускной способностью 12,2 тыс. м3/сутки. (Продолжение - на Листе "Комментарии".) | AM74: P_TEH_PROC
E75: 15 | W75: Добавить | X75: { _x000D_ funcDyn: 'msg1',_x000D_ blok: 'blok_1',_x000D_ wsCross: 'Список объектов',_x000D_ linkFormula: 'AB-AC',_x000D_ levelDyn: ''_x000D_ }
E76: 12 | AC76: Комментарии и обоснования к разделу
E77: 15
E78: 15 | V78: =ROW(Y78)>ROW(X$78) -> 0 | Y78: et_2 | AB78: ×
E79: 15 | Y79: { _x000D_ funcDyn: 'msg',_x000D_ blok: '',_x000D_ wsCross: '',_x000D_ linkFormula: '',_x000D_ levelDyn: ''_x000D_ } | AD79: Добавить комментарий

Sheet Список объектов
F1: tariffNum | U1: vis_1 | V1: dyn_1 | W1: blok_1 | X1: blok_2 | Y1: ren_1 | Z1: del_1 | AA1: del_2 | AB1: ren_2 | AC1: dyn_2 | AK1: pok_js | AL1: PJ_DYN | AM1: PJ_NAME | AN1: PJ_NAME_EXP | AO1: PJ_NAME_DOC_TYPE | AP1: PJ_NAME_DOC_NUM | AQ1: PJ_NAME_DOC_DATE | AR1: dyn_add | AS1: dyn_fill
B2: flag_vis
E5: flag_size | AA5: 3 | AB5: 11 | AC5: 70 | AD5: 15 | AE5: 20 | AF5: 20 | AG5: 20 | AH5: 20 | AI5: 3
A9: PJ_OBJ_LIST | AH9: {=AH24} -> Срок действия
A10: dyn_names | AC10: PJ_NAME | AD10: PJ_NAME_EXP | AE10: PJ_NAME_DOC_TYPE | AF10: PJ_NAME_DOC_NUM | AG10: PJ_NAME_DOC_DATE
E21: 15 | AC21: {=tpl_title} -> Кемеровская область / 2026 / ОАО «СКЭК» (ИНН:4205153492, КПП:420501001) / ДПР: 2024-2028
E22: 21 | AB22: Правоустанавливающие и подтверждающие документы на объекты коммунальной инфраструктуры
E23: 9
E24: 21 | AB24: № п/п | AC24: Объект коммунальной инфраструктуры | AD24: Основание эксплуатации | AE24: Вид документа | AF24: Номер документа | AG24: Дата документа | AH24: Срок действия
E25: 0
E26: 15 | F26: {=Y26} -> 0 | U26: =Y26>0 -> 0 | W26: et_1 | Y26: 0 | AB26: {=INDEX('Общие сведения'!$AG$197:$AG$254,MATCH($Y26,'Общие сведения'!$Z$197:$Z$254,0))} -> Тариф 0 () -
E27: 0 | F27: {=OFFSET(G27,-1,-1)} -> 0 | U27: FALSE
E28: 15 | F28: {=OFFSET(G28,-1,-1)} -> 0 | I28: Наименование объекта | K28: адрес | U28: =AND(F28>0,AB28>0) -> 0 | X28: et_2 | AA28: × | AB28: 0 | AC28: =I28&" :: "&K28 -> Наименование объекта :: адрес | AK28: P_OBJ_LIST_PROPS | AL28: DYN_OBJ | AM28: {=AC28} -> Наименование объекта :: адрес | AN28: {=AD28} -> 0 | AO28: {=AE28} -> 0 | AP28: {=AF28} -> 0 | AQ28: {=AG28} -> 0 | AS28: TRUE
E29: 11 | F29: {=OFFSET(G29,-1,-1)} -> 0 | U29: =F29>0 -> 0 | X29: { _x000D_ funcDyn: 'obj',_x000D_ blok: '',_x000D_ wsCross: '',_x000D_ linkFormula: '',_x000D_ levelDyn: '1'_x000D_ } | AC29: Добавить объект | AR29: DYN_OBJ
E30: 15 | F30: {=Y30} -> 1 | U30: =Y30>0 -> 1 | W30: {='Перечень объектов'!$AC$39} -> Тариф 1 (Водоснабжение) - тариф на питьевую воду (Оказание услуг на территории: город Ленинск-Кузнецкий (ОКТМО: 32719000) - г Ленинск-Кузнецкий, г Полысаево) | Y30: 1 | AB30: {='Перечень объектов'!$AC$39} -> Тариф 1 (Водоснабжение) - тариф на питьевую воду (Оказание услуг на территории: город Ленинск-Кузнецкий (ОКТМО: 32719000) - г Ленинск-Кузнецкий, г Полысаево)
E31: 0 | F31: {=OFFSET(G31,-1,-1)} -> 1 | U31: FALSE
E32: 15 | F32: {=OFFSET(G32,-1,-1)} -> 1 | I32: Наименование объекта | K32: адрес | U32: =AND(F32>0,AB32>0) -> 0 | X32: et_2 | AA32: × | AB32: 0 | AC32: =I32&" :: "&K32 -> Наименование объекта :: адрес | AK32: P_OBJ_LIST_PROPS | AL32: DYN_OBJ | AM32: {=AC32} -> Наименование объекта :: адрес | AN32: {=AD32} -> 0 | AO32: {=AE32} -> 0 | AP32: {=AF32} -> 0 | AQ32: {=AG32} -> 0 | AS32: TRUE
E33: 15 | F33: {=OFFSET(G33,-1,-1)} -> 1 | I33: Скважина №6а | K33: г Ленинск-Кузнецкий, в 1200 м на юг от водонапорной башни в пос.Озеровка по ул.Центральной, б/н | U33: =AND(F33>0,AB33>0) -> 1 | AA33: × | AB33: 1 | AC33: =I33&" :: "&K33 -> Скважина №6а :: г Ленинск-Кузнецкий, в 1200 м на юг от водонапорной башни в пос.Озеровка по ул.Центральной, б/н | AD33: концессионное соглашение | AE33: соглашение | AF33: 1/Л-К | AG33: 14.11.2019 | AK33: P_OBJ_LIST_PROPS | AL33: DYN_OBJ | AM33: {=AC33} -> Скважина №6а :: г Ленинск-Кузнецкий, в 1200 м на юг от водонапорной башни в пос.Озеровка по ул.Центральной, б/н | AN33: {=AD33} -> концессионное соглашение | AO33: {=AE33} -> соглашение | AP33: {=AF33} -> 1/Л-К | AQ33: {=AG33} -> 14.11.2019 | AS33: TRUE
E34: 15 | F34: {=OFFSET(G34,-1,-1)} -> 1 | I34: Скважина №2а | K34: г Ленинск-Кузнецкий, в 800 м (слева) на северо-запад от 261 км автомобильной дороги Новосибирск-Ленинск-Кузнецкий-Кемерово-Юрга, б/н | U34: =AND(F34>0,AB34>0) -> 1 | AA34: × | AB34: 2 | AC34: =I34&" :: "&K34 -> Скважина №2а :: г Ленинск-Кузнецкий, в 800 м (слева) на северо-запад от 261 км автомобильной дороги Новосибирск-Ленинск-Кузнецкий-Кемерово-Юрга, б/н | AD34: концессионное соглашение | AE34: соглашение | AF34: 1/Л-К | AG34: 14.11.2019 | AK34: P_OBJ_LIST_PROPS | AL34: DYN_OBJ | AM34: {=AC34} -> Скважина №2а :: г Ленинск-Кузнецкий, в 800 м (слева) на северо-запад от 261 км автомобильной дороги Новосибирск-Ленинск-Кузнецкий-Кемерово-Юрга, б/н | AN34: {=AD34} -> концессионное соглашение | AO34: {=AE34} -> соглашение | AP34: {=AF34} -> 1/Л-К | AQ34: {=AG34} -> 14.11.2019 | AS34: TRUE
E35: 15 | F35: {=OFFSET(G35,-1,-1)} -> 1 | I35: Скважина №4а | K35: г Ленинск-Кузнецкий, в 950 м (справа) на северо-запад от 261 км автомобильной дороги Новосибирск-Ленинск-Кузнецкий-Кемерово-Юрга, б/н | U35: =AND(F35>0,AB35>0) -> 1 | AA35: × | AB35: 3 | AC35: =I35&" :: "&K35 -> Скважина №4а :: г Ленинск-Кузнецкий, в 950 м (справа) на северо-запад от 261 км автомобильной дороги Новосибирск-Ленинск-Кузнецкий-Кемерово-Юрга, б/н | AD35: концессионное соглашение | AE35: соглашение | AF35: 1/Л-К | AG35: 14.11.2019 | AK35: P_OBJ_LIST_PROPS | AL35: DYN_OBJ | AM35: {=AC35} -> Скважина №4а :: г Ленинск-Кузнецкий, в 950 м (справа) на северо-запад от 261 км автомобильной дороги Новосибирск-Ленинск-Кузнецкий-Кемерово-Юрга, б/н | AN35: {=AD35} -> концессионное соглашение | AO35: {=AE35} -> соглашение | AP35: {=AF35} -> 1/Л-К | AQ35: {=AG35} -> 14.11.2019 | AS35: TRUE
E36: 15 | F36: {=OFFSET(G36,-1,-1)} -> 1 | I36: сети водоснабжения | K36: г Ленинск-Кузнецкий, г. Ленинск-Кузнецкий, - | U36: =AND(F36>0,AB36>0) -> 1 | AA36: × | AB36: 4 | AC36: =I36&" :: "&K36 -> сети водоснабжения :: г Ленинск-Кузнецкий, г. Ленинск-Кузнецкий, - | AD36: концессионное соглашение | AE36: соглашение | AF36: 1/Л-К | AG36: 14.11.2019 | AK36: P_OBJ_LIST_PROPS | AL36: DYN_OBJ | AM36: {=AC36} -> сети водоснабжения :: г Ленинск-Кузнецкий, г. Ленинск-Кузнецкий, - | AN36: {=AD36} -> концессионное соглашение | AO36: {=AE36} -> соглашение | AP36: {=AF36} -> 1/Л-К | AQ36: {=AG36} -> 14.11.2019 | AS36: TRUE
E37: 15 | F37: {=OFFSET(G37,-1,-1)} -> 1 | I37: Скважина №7а | K37: г Ленинск-Кузнецкий, за придорожной полосой автомобильной дороги Новосибирск-Ленинск-Кузнецкий-Кемерово-Юрга, 259 км+500м(справа), корпус 9 | U37: =AND(F37>0,AB37>0) -> 1 | AA37: × | AB37: 5 | AC37: =I37&" :: "&K37 -> Скважина №7а :: г Ленинск-Кузнецкий, за придорожной полосой автомобильной дороги Новосибирск-Ленинск-Кузнецкий-Кемерово-Юрга, 259 км+500м(справа), корпус 9 | AD37: концессионное соглашение | AE37: соглашение | AF37: 1/Л-К | AG37: 14.11.2019 | AK37: P_OBJ_LIST_PROPS | AL37: DYN_OBJ | AM37: {=AC37} -> Скважина №7а :: г Ленинск-Кузнецкий, за придорожной полосой автомобильной дороги Новосибирск-Ленинск-Кузнецкий-Кемерово-Юрга, 259 км+500м(справа), корпус 9 | AN37: {=AD37} -> концессионное соглашение | AO37: {=AE37} -> соглашение | AP37: {=AF37} -> 1/Л-К | AQ37: {=AG37} -> 14.11.2019 | AS37: TRUE
E38: 15 | F38: {=OFFSET(G38,-1,-1)} -> 1 | I38: насосная станция Подъем №2 | K38: г Ленинск-Кузнецкий, пр.Кирова, 20а | U38: =AND(F38>0,AB38>0) -> 1 | AA38: × | AB38: 6 | AC38: =I38&" :: "&K38 -> насосная станция Подъем №2 :: г Ленинск-Кузнецкий, пр.Кирова, 20а | AD38: концессионное соглашение | AE38: соглашение | AF38: 1/Л-К | AG38: 14.11.2019 | AK38: P_OBJ_LIST_PROPS | AL38: DYN_OBJ | AM38: {=AC38} -> насосная станция Подъем №2 :: г Ленинск-Кузнецкий, пр.Кирова, 20а | AN38: {=AD38} -> концессионное соглашение | AO38: {=AE38} -> соглашение | AP38: {=AF38} -> 1/Л-К | AQ38: {=AG38} -> 14.11.2019 | AS38: TRUE
E39: 15 | F39: {=OFFSET(G39,-1,-1)} -> 1 | I39: Насосная станция №16 | K39: г Ленинск-Кузнецкий, пр.Ленина, 82"б" | U39: =AND(F39>0,AB39>0) -> 1 | AA39: × | AB39: 7 | AC39: =I39&" :: "&K39 -> Насосная станция №16 :: г Ленинск-Кузнецкий, пр.Ленина, 82"б" | AD39: концессионное соглашение | AE39: соглашение | AF39: 1/Л-К | AG39: 14.11.2019 | AK39: P_OBJ_LIST_PROPS | AL39: DYN_OBJ | AM39: {=AC39} -> Насосная станция №16 :: г Ленинск-Кузнецкий, пр.Ленина, 82"б" | AN39: {=AD39} -> концессионное соглашение | AO39: {=AE39} -> соглашение | AP39: {=AF39} -> 1/Л-К | AQ39: {=AG39} -> 14.11.2019 | AS39: TRUE
E40: 15 | F40: {=OFFSET(G40,-1,-1)} -> 1 | I40: насосная станция №17 | K40: г Ленинск-Кузнецкий, пр.Ленина, 86"б" | U40: =AND(F40>0,AB40>0) -> 1 | AA40: × | AB40: 8 | AC40: =I40&" :: "&K40 -> насосная станция №17 :: г Ленинск-Кузнецкий, пр.Ленина, 86"б" | AD40: концессионное соглашение | AE40: соглашение | AF40: 1/Л-К | AG40: 14.11.2019 | AK40: P_OBJ_LIST_PROPS | AL40: DYN_OBJ | AM40: {=AC40} -> насосная станция №17 :: г Ленинск-Кузнецкий, пр.Ленина, 86"б" | AN40: {=AD40} -> концессионное соглашение | AO40: {=AE40} -> соглашение | AP40: {=AF40} -> 1/Л-К | AQ40: {=AG40} -> 14.11.2019 | AS40: TRUE
E41: 15 | F41: {=OFFSET(G41,-1,-1)} -> 1 | I41: Насосная станция Гидроузел №2 | K41: г Ленинск-Кузнецкий, проезд Объездная дорога, 13 | U41: =AND(F41>0,AB41>0) -> 1 | AA41: × | AB41: 9 | AC41: =I41&" :: "&K41 -> Насосная станция Гидроузел №2 :: г Ленинск-Кузнецкий, проезд Объездная дорога, 13 | AD41: концессионное соглашение | AE41: соглашение | AF41: 1/Л-К | AG41: 14.11.2019 | AK41: P_OBJ_LIST_PROPS | AL41: DYN_OBJ | AM41: {=AC41} -> Насосная станция Гидроузел №2 :: г Ленинск-Кузнецкий, проезд Объездная дорога, 13 | AN41: {=AD41} -> концессионное соглашение | AO41: {=AE41} -> соглашение | AP41: {=AF41} -> 1/Л-К | AQ41: {=AG41} -> 14.11.2019 | AS41: TRUE
E42: 15 | F42: {=OFFSET(G42,-1,-1)} -> 1 | I42: Скважина Никитинская 534 | K42: г Ленинск-Кузнецкий, ул. Никитинская, 2"б" | U42: =AND(F42>0,AB42>0) -> 1 | AA42: × | AB42: 10 | AC42: =I42&" :: "&K42 -> Скважина Никитинская 534 :: г Ленинск-Кузнецкий, ул. Никитинская, 2"б" | AD42: концессионное соглашение | AE42: соглашение | AF42: 1/Л-К | AG42: 14.11.2019 | AK42: P_OBJ_LIST_PROPS | AL42: DYN_OBJ | AM42: {=AC42} -> Скважина Никитинская 534 :: г Ленинск-Кузнецкий, ул. Никитинская, 2"б" | AN42: {=AD42} -> концессионное соглашение | AO42: {=AE42} -> соглашение | AP42: {=AF42} -> 1/Л-К | AQ42: {=AG42} -> 14.11.2019 | AS42: TRUE
E43: 15 | F43: {=OFFSET(G43,-1,-1)} -> 1 | I43: Скважина Никитинская 602 | K43: г Ленинск-Кузнецкий, ул. Никитинская, 2"в" сооружение 1 | U43: =AND(F43>0,AB43>0) -> 1 | AA43: × | AB43: 11 | AC43: =I43&" :: "&K43 -> Скважина Никитинская 602 :: г Ленинск-Кузнецкий, ул. Никитинская, 2"в" сооружение 1 | AD43: концессионное соглашение | AE43: соглашение | AF43: 1/Л-К | AG43: 14.11.2019 | AK43: P_OBJ_LIST_PROPS | AL43: DYN_OBJ | AM43: {=AC43} -> Скважина Никитинская 602 :: г Ленинск-Кузнецкий, ул. Никитинская, 2"в" сооружение 1 | AN43: {=AD43} -> концессионное соглашение | AO43: {=AE43} -> соглашение | AP43: {=AF43} -> 1/Л-К | AQ43: {=AG43} -> 14.11.2019 | AS43: TRUE
E44: 15 | F44: {=OFFSET(G44,-1,-1)} -> 1 | I44: насосная станция | K44: г Ленинск-Кузнецкий, ул. Розы Люксембург, 47"б" | U44: =AND(F44>0,AB44>0) -> 1 | AA44: × | AB44: 12 | AC44: =I44&" :: "&K44 -> насосная станция :: г Ленинск-Кузнецкий, ул. Розы Люксембург, 47"б" | AD44: концессионное соглашение | AE44: соглашение | AF44: 1/Л-К | AG44: 14.11.2019 | AK44: P_OBJ_LIST_PROPS | AL44: DYN_OBJ | AM44: {=AC44} -> насосная станция :: г Ленинск-Кузнецкий, ул. Розы Люксембург, 47"б" | AN44: {=AD44} -> концессионное соглашение | AO44: {=AE44} -> соглашение | AP44: {=AF44} -> 1/Л-К | AQ44: {=AG44} -> 14.11.2019 | AS44: TRUE
... E54: 15 | F54: {=OFFSET(G54,-1,-1)} -> 1 | I54: Водозабор- насосная станция 1-го подъема | K54: пгт Крапивинский, пгт. Крапивинский, корпус 1 | U54: =AND(F54>0,AB54>0) -> 1 | AA54: × | AB54: 22 | AC54: =I54&" :: "&K54 -> Водозабор- насосная станция 1-го подъема :: пгт Крапивинский, пгт. Крапивинский, корпус 1 | AD54: концессионное соглашение | AE54: соглашение | AF54: 1/Л-К | AG54: 14.11.2019 | AK54: P_OBJ_LIST_PROPS | AL54: DYN_OBJ | AM54: {=AC54} -> Водозабор- насосная станция 1-го подъема :: пгт Крапивинский, пгт. Крапивинский, корпус 1 | AN54: {=AD54} -> концессионное соглашение | AO54: {=AE54} -> соглашение | AP54: {=AF54} -> 1/Л-К | AQ54: {=AG54} -> 14.11.2019 | AS54: TRUE
E55: 11 | F55: {=OFFSET(G55,-1,-1)} -> 1 | U55: =F55>0 -> 1 | X55: { _x000D_ funcDyn: 'obj',_x000D_ blok: '',_x000D_ wsCross: '',_x000D_ linkFormula: '',_x000D_ levelDyn: '1'_x000D_ } | AC55: Добавить объект | AR55: DYN_OBJ
E56: 15 | F56: {=Y56} -> 2 | U56: =Y56>0 -> 1 | W56: {='Перечень объектов'!$AC$51} -> Тариф 2 (Водоотведение) - тариф на водоотведение (Оказание услуг на территории: город Ленинск-Кузнецкий (ОКТМО: 32719000) - г Ленинск-Кузнецкий) | Y56: 2 | AB56: {='Перечень объектов'!$AC$51} -> Тариф 2 (Водоотведение) - тариф на водоотведение (Оказание услуг на территории: город Ленинск-Кузнецкий (ОКТМО: 32719000) - г Ленинск-Кузнецкий)
E57: 0 | F57: {=OFFSET(G57,-1,-1)} -> 2 | U57: FALSE
E58: 15 | F58: {=OFFSET(G58,-1,-1)} -> 2 | I58: Наименование объекта | K58: адрес | U58: =AND(F58>0,AB58>0) -> 0 | X58: et_2 | AA58: × | AB58: 0 | AC58: =I58&" :: "&K58 -> Наименование объекта :: адрес | AK58: P_OBJ_LIST_PROPS | AL58: DYN_OBJ | AM58: {=AC58} -> Наименование объекта :: адрес | AN58: {=AD58} -> 0 | AO58: {=AE58} -> 0 | AP58: {=AF58} -> 0 | AQ58: {=AG58} -> 0 | AS58: TRUE
E59: 15 | F59: {=OFFSET(G59,-1,-1)} -> 2 | I59: Сети водоотведения | K59: г Ленинск-Кузнецкий, г. Ленинск-Кузнецкий, б/н | U59: =AND(F59>0,AB59>0) -> 1 | AA59: × | AB59: 1 | AC59: =I59&" :: "&K59 -> Сети водоотведения :: г Ленинск-Кузнецкий, г. Ленинск-Кузнецкий, б/н | AD59: концессионное соглашение | AE59: соглашение | AF59: 1/Л-К | AG59: 14.11.2019 | AK59: P_OBJ_LIST_PROPS | AL59: DYN_OBJ | AM59: {=AC59} -> Сети водоотведения :: г Ленинск-Кузнецкий, г. Ленинск-Кузнецкий, б/н | AN59: {=AD59} -> концессионное соглашение | AO59: {=AE59} -> соглашение | AP59: {=AF59} -> 1/Л-К | AQ59: {=AG59} -> 14.11.2019 | AS59: TRUE
E60: 15 | F60: {=OFFSET(G60,-1,-1)} -> 2 | I60: КНС квартала "Днепровский" | K60: г Ленинск-Кузнецкий, На северо-запад в 58 метрах от не жилого здания по ул. Юргинская, 4/3 | U60: =AND(F60>0,AB60>0) -> 1 | AA60: × | AB60: 2 | AC60: =I60&" :: "&K60 -> КНС квартала "Днепровский" :: г Ленинск-Кузнецкий, На северо-запад в 58 метрах от не жилого здания по ул. Юргинская, 4/3 | AD60: концессионное соглашение | AE60: соглашение | AF60: 1/Л-К | AG60: 14.11.2019 | AK60: P_OBJ_LIST_PROPS | AL60: DYN_OBJ | AM60: {=AC60} -> КНС квартала "Днепровский" :: г Ленинск-Кузнецкий, На северо-запад в 58 метрах от не жилого здания по ул. Юргинская, 4/3 | AN60: {=AD60} -> концессионное соглашение | AO60: {=AE60} -> соглашение | AP60: {=AF60} -> 1/Л-К | AQ60: {=AG60} -> 14.11.2019 | AS60: TRUE
E61: 15 | F61: {=OFFSET(G61,-1,-1)} -> 2 | I61: КНС №5 | K61: г Ленинск-Кузнецкий, ул. Абая, 3"а" | U61: =AND(F61>0,AB61>0) -> 1 | AA61: × | AB61: 3 | AC61: =I61&" :: "&K61 -> КНС №5 :: г Ленинск-Кузнецкий, ул. Абая, 3"а" | AD61: концессионное соглашение | AE61: соглашение | AF61: 1/Л-К | AG61: 14.11.2019 | AK61: P_OBJ_LIST_PROPS | AL61: DYN_OBJ | AM61: {=AC61} -> КНС №5 :: г Ленинск-Кузнецкий, ул. Абая, 3"а" | AN61: {=AD61} -> концессионное соглашение | AO61: {=AE61} -> соглашение | AP61: {=AF61} -> 1/Л-К | AQ61: {=AG61} -> 14.11.2019 | AS61: TRUE
E62: 15 | F62: {=OFFSET(G62,-1,-1)} -> 2 | I62: КНС квартала "Кемеровский" | K62: г Ленинск-Кузнецкий, ул. Абрамцева, б/н | U62: =AND(F62>0,AB62>0) -> 1 | AA62: × | AB62: 4 | AC62: =I62&" :: "&K62 -> КНС квартала "Кемеровский" :: г Ленинск-Кузнецкий, ул. Абрамцева, б/н | AD62: концессионное соглашение | AE62: соглашение | AF62: 1/Л-К | AG62: 14.11.2019 | AK62: P_OBJ_LIST_PROPS | AL62: DYN_OBJ | AM62: {=AC62} -> КНС квартала "Кемеровский" :: г Ленинск-Кузнецкий, ул. Абрамцева, б/н | AN62: {=AD62} -> концессионное соглашение | AO62: {=AE62} -> соглашение | AP62: {=AF62} -> 1/Л-К | AQ62: {=AG62} -> 14.11.2019 | AS62: TRUE
E63: 15 | F63: {=OFFSET(G63,-1,-1)} -> 2 | I63: КНС по ул.Васильева | K63: г Ленинск-Кузнецкий, ул. Васильева, 12 | U63: =AND(F63>0,AB63>0) -> 1 | AA63: × | AB63: 5 | AC63: =I63&" :: "&K63 -> КНС по ул.Васильева :: г Ленинск-Кузнецкий, ул. Васильева, 12 | AD63: концессионное соглашение | AE63: соглашение | AF63: 1/Л-К | AG63: 14.11.2019 | AK63: P_OBJ_LIST_PROPS | AL63: DYN_OBJ | AM63: {=AC63} -> КНС по ул.Васильева :: г Ленинск-Кузнецкий, ул. Васильева, 12 | AN63: {=AD63} -> концессионное соглашение | AO63: {=AE63} -> соглашение | AP63: {=AF63} -> 1/Л-К | AQ63: {=AG63} -> 14.11.2019 | AS63: TRUE
E64: 15 | F64: {=OFFSET(G64,-1,-1)} -> 2 | I64: КНС №7 | K64: г Ленинск-Кузнецкий, ул. Вокзальная, 28"б" | U64: =AND(F64>0,AB64>0) -> 1 | AA64: × | AB64: 6 | AC64: =I64&" :: "&K64 -> КНС №7 :: г Ленинск-Кузнецкий, ул. Вокзальная, 28"б" | AD64: концессионное соглашение | AE64: соглашение | AF64: 1/Л-К | AG64: 14.11.2019 | AK64: P_OBJ_LIST_PROPS | AL64: DYN_OBJ | AM64: {=AC64} -> КНС №7 :: г Ленинск-Кузнецкий, ул. Вокзальная, 28"б" | AN64: {=AD64} -> концессионное соглашение | AO64: {=AE64} -> соглашение | AP64: {=AF64} -> 1/Л-К | AQ64: {=AG64} -> 14.11.2019 | AS64: TRUE
E65: 15 | F65: {=OFFSET(G65,-1,-1)} -> 2 | I65: КНС ш. Кирова | K65: г Ленинск-Кузнецкий, ул. Кирсанова, 3"в" | U65: =AND(F65>0,AB65>0) -> 1 | AA65: × | AB65: 7 | AC65: =I65&" :: "&K65 -> КНС ш. Кирова :: г Ленинск-Кузнецкий, ул. Кирсанова, 3"в" | AD65: концессионное соглашение | AE65: соглашение | AF65: 1/Л-К | AG65: 14.11.2019 | AK65: P_OBJ_LIST_PROPS | AL65: DYN_OBJ | AM65: {=AC65} -> КНС ш. Кирова :: г Ленинск-Кузнецкий, ул. Кирсанова, 3"в" | AN65: {=AD65} -> концессионное соглашение | AO65: {=AE65} -> соглашение | AP65: {=AF65} -> 1/Л-К | AQ65: {=AG65} -> 14.11.2019 | AS65: TRUE
E66: 15 | F66: {=OFFSET(G66,-1,-1)} -> 2 | I66: КНС шахты им. Ярославского | K66: г Ленинск-Кузнецкий, ул. Нефтебазы, 1"б" | U66: =AND(F66>0,AB66>0) -> 1 | AA66: × | AB66: 8 | AC66: =I66&" :: "&K66 -> КНС шахты им. Ярославского :: г Ленинск-Кузнецкий, ул. Нефтебазы, 1"б" | AD66: концессионное соглашение | AE66: соглашение | AF66: 1/Л-К | AG66: 14.11.2019 | AK66: P_OBJ_LIST_PROPS | AL66: DYN_OBJ | AM66: {=AC66} -> КНС шахты им. Ярославского :: г Ленинск-Кузнецкий, ул. Нефтебазы, 1"б" | AN66: {=AD66} -> концессионное соглашение | AO66: {=AE66} -> соглашение | AP66: {=AF66} -> 1/Л-К | AQ66: {=AG66} -> 14.11.2019 | AS66: TRUE
E67: 15 | F67: {=OFFSET(G67,-1,-1)} -> 2 | I67: КНС №2 кв. Профсоюзный | K67: г Ленинск-Кузнецкий, ул. Пирогова, 9"6" | U67: =AND(F67>0,AB67>0) -> 1 | AA67: × | AB67: 9 | AC67: =I67&" :: "&K67 -> КНС №2 кв. Профсоюзный :: г Ленинск-Кузнецкий, ул. Пирогова, 9"6" | AD67: концессионное соглашение | AE67: соглашение | AF67: 1/Л-К | AG67: 14.11.2019 | AK67: P_OBJ_LIST_PROPS | AL67: DYN_OBJ | AM67: {=AC67} -> КНС №2 кв. Профсоюзный :: г Ленинск-Кузнецкий, ул. Пирогова, 9"6" | AN67: {=AD67} -> концессионное соглашение | AO67: {=AE67} -> соглашение | AP67: {=AF67} -> 1/Л-К | AQ67: {=AG67} -> 14.11.2019 | AS67: TRUE
E68: 15 | F68: {=OFFSET(G68,-1,-1)} -> 2 | I68: КНС №1 | K68: г Ленинск-Кузнецкий, ул. Пушкина, 2"в" | U68: =AND(F68>0,AB68>0) -> 1 | AA68: × | AB68: 10 | AC68: =I68&" :: "&K68 -> КНС №1 :: г Ленинск-Кузнецкий, ул. Пушкина, 2"в" | AD68: концессионное соглашение | AE68: соглашение | AF68: 1/Л-К | AG68: 14.11.2019 | AK68: P_OBJ_LIST_PROPS | AL68: DYN_OBJ | AM68: {=AC68} -> КНС №1 :: г Ленинск-Кузнецкий, ул. Пушкина, 2"в" | AN68: {=AD68} -> концессионное соглашение | AO68: {=AE68} -> соглашение | AP68: {=AF68} -> 1/Л-К | AQ68: {=AG68} -> 14.11.2019 | AS68: TRUE
E69: 15 | F69: {=OFFSET(G69,-1,-1)} -> 2 | I69: КНС №6 | K69: г Ленинск-Кузнецкий, ул. Суворова, 270 "б" | U69: =AND(F69>0,AB69>0) -> 1 | AA69: × | AB69: 11 | AC69: =I69&" :: "&K69 -> КНС №6 :: г Ленинск-Кузнецкий, ул. Суворова, 270 "б" | AD69: концессионное соглашение | AE69: соглашение | AF69: 1/Л-К | AG69: 14.11.2019 | AK69: P_OBJ_LIST_PROPS | AL69: DYN_OBJ | AM69: {=AC69} -> КНС №6 :: г Ленинск-Кузнецкий, ул. Суворова, 270 "б" | AN69: {=AD69} -> концессионное соглашение | AO69: {=AE69} -> соглашение | AP69: {=AF69} -> 1/Л-К | AQ69: {=AG69} -> 14.11.2019 | AS69: TRUE
E70: 15 | F70: {=OFFSET(G70,-1,-1)} -> 2 | I70: КНС "КСК" | K70: г Ленинск-Кузнецкий, ул. Тверская, 70 | U70: =AND(F70>0,AB70>0) -> 1 | AA70: × | AB70: 12 | AC70: =I70&" :: "&K70 -> КНС "КСК" :: г Ленинск-Кузнецкий, ул. Тверская, 70 | AD70: концессионное соглашение | AE70: соглашение | AF70: 1/Л-К | AG70: 14.11.2019 | AK70: P_OBJ_LIST_PROPS | AL70: DYN_OBJ | AM70: {=AC70} -> КНС "КСК" :: г Ленинск-Кузнецкий, ул. Тверская, 70 | AN70: {=AD70} -> концессионное соглашение | AO70: {=AE70} -> соглашение | AP70: {=AF70} -> 1/Л-К | AQ70: {=AG70} -> 14.11.2019 | AS70: TRUE
... E76: 15 | F76: {=OFFSET(G76,-1,-1)} -> 2 | I76: Очистные сооружения п. Никитинский | K76: г Ленинск-Кузнецкий, ул.Никитинская, 2 "а" | U76: =AND(F76>0,AB76>0) -> 1 | AA76: × | AB76: 18 | AC76: =I76&" :: "&K76 -> Очистные сооружения п. Никитинский :: г Ленинск-Кузнецкий, ул.Никитинская, 2 "а" | AD76: концессионное соглашение | AE76: соглашение | AF76: 1/Л-К | AG76: 14.11.2019 | AK76: P_OBJ_LIST_PROPS | AL76: DYN_OBJ | AM76: {=AC76} -> Очистные сооружения п. Никитинский :: г Ленинск-Кузнецкий, ул.Никитинская, 2 "а" | AN76: {=AD76} -> концессионное соглашение | AO76: {=AE76} -> соглашение | AP76: {=AF76} -> 1/Л-К | AQ76: {=AG76} -> 14.11.2019 | AS76: TRUE
E77: 11 | F77: {=OFFSET(G77,-1,-1)} -> 2 | U77: =F77>0 -> 1 | X77: { _x000D_ funcDyn: 'obj',_x000D_ blok: '',_x000D_ wsCross: '',_x000D_ linkFormula: '',_x000D_ levelDyn: '1'_x000D_ } | AC77: Добавить объект | AR77: DYN_OBJ
E78: 15 | F78: {=Y78} -> 3 | U78: =Y78>0 -> 1 | W78: {='Перечень объектов'!$AC$63} -> Тариф 3 (Водоотведение) - тариф на водоотведение (Оказание услуг на территории: город Полысаево (ОКТМО: 32732000) - г Полысаево) | Y78: 3 | AB78: {='Перечень объектов'!$AC$63} -> Тариф 3 (Водоотведение) - тариф на водоотведение (Оказание услуг на территории: город Полысаево (ОКТМО: 32732000) - г Полысаево)
E79: 0 | F79: {=OFFSET(G79,-1,-1)} -> 3 | U79: FALSE
E80: 15 | F80: {=OFFSET(G80,-1,-1)} -> 3 | I80: Наименование объекта | K80: адрес | U80: =AND(F80>0,AB80>0) -> 0 | X80: et_2 | AA80: × | AB80: 0 | AC80: =I80&" :: "&K80 -> Наименование объекта :: адрес | AK80: P_OBJ_LIST_PROPS | AL80: DYN_OBJ | AM80: {=AC80} -> Наименование объекта :: адрес | AN80: {=AD80} -> 0 | AO80: {=AE80} -> 0 | AP80: {=AF80} -> 0 | AQ80: {=AG80} -> 0 | AS80: TRUE
E81: 15 | F81: {=OFFSET(G81,-1,-1)} -> 3 | I81: Сети водоотведения | K81: г Полысаево, г. Полысаево, б/н | U81: =AND(F81>0,AB81>0) -> 1 | AA81: × | AB81: 1 | AC81: =I81&" :: "&K81 -> Сети водоотведения :: г Полысаево, г. Полысаево, б/н | AD81: концессионное соглашение | AE81: соглашение | AF81: 3 | AG81: 14.11.2019 | AK81: P_OBJ_LIST_PROPS | AL81: DYN_OBJ | AM81: {=AC81} -> Сети водоотведения :: г Полысаево, г. Полысаево, б/н | AN81: {=AD81} -> концессионное соглашение | AO81: {=AE81} -> соглашение | AP81: {=AF81} -> 3 | AQ81: {=AG81} -> 14.11.2019 | AS81: TRUE
E82: 15 | F82: {=OFFSET(G82,-1,-1)} -> 3 | I82: Сети водоотведения (транспортировка) | K82: г Полысаево, г. Полысаево, б/н | U82: =AND(F82>0,AB82>0) -> 1 | AA82: × | AB82: 2 | AC82: =I82&" :: "&K82 -> Сети водоотведения (транспортировка) :: г Полысаево, г. Полысаево, б/н | AD82: концессионное соглашение | AE82: соглашение | AF82: 3 | AG82: 14.11.2019 | AK82: P_OBJ_LIST_PROPS | AL82: DYN_OBJ | AM82: {=AC82} -> Сети водоотведения (транспортировка) :: г Полысаево, г. Полысаево, б/н | AN82: {=AD82} -> концессионное соглашение | AO82: {=AE82} -> соглашение | AP82: {=AF82} -> 3 | AQ82: {=AG82} -> 14.11.2019 | AS82: TRUE
E83: 15 | F83: {=OFFSET(G83,-1,-1)} -> 3 | I83: КНС ул. 65 лет Кузбассу | K83: г Полысаево, На площадке, ограниченной улицами: ул. Луначарского-ул. Копровая; ул. Бажова-ул. Крупской, б/н | U83: =AND(F83>0,AB83>0) -> 1 | AA83: × | AB83: 3 | AC83: =I83&" :: "&K83 -> КНС ул. 65 лет Кузбассу :: г Полысаево, На площадке, ограниченной улицами: ул. Луначарского-ул. Копровая; ул. Бажова-ул. Крупской, б/н | AD83: концессионное соглашение | AE83: соглашение | AF83: 3 | AG83: 14.11.2019 | AK83: P_OBJ_LIST_PROPS | AL83: DYN_OBJ | AM83: {=AC83} -> КНС ул. 65 лет Кузбассу :: г Полысаево, На площадке, ограниченной улицами: ул. Луначарского-ул. Копровая; ул. Бажова-ул. Крупской, б/н | AN83: {=AD83} -> концессионное соглашение | AO83: {=AE83} -> соглашение | AP83: {=AF83} -> 3 | AQ83: {=AG83} -> 14.11.2019 | AS83: TRUE
E84: 15 | F84: {=OFFSET(G84,-1,-1)} -> 3 | I84: КНС 13 квартала | K84: г Полысаево, На северо-востоке в 218 метрах от угла дома №30 по ул. Молодогвардейцев, б/н | U84: =AND(F84>0,AB84>0) -> 1 | AA84: × | AB84: 4 | AC84: =I84&" :: "&K84 -> КНС 13 квартала :: г Полысаево, На северо-востоке в 218 метрах от угла дома №30 по ул. Молодогвардейцев, б/н | AD84: концессионное соглашение | AE84: соглашение | AF84: 3 | AG84: 14.11.2019 | AK84: P_OBJ_LIST_PROPS | AL84: DYN_OBJ | AM84: {=AC84} -> КНС 13 квартала :: г Полысаево, На северо-востоке в 218 метрах от угла дома №30 по ул. Молодогвардейцев, б/н | AN84: {=AD84} -> концессионное соглашение | AO84: {=AE84} -> соглашение | AP84: {=AF84} -> 3 | AQ84: {=AG84} -> 14.11.2019 | AS84: TRUE
E85: 15 | F85: {=OFFSET(G85,-1,-1)} -> 3 | I85: КНС ТЦ "Спутник" | K85: г Полысаево, ул. Крупской, б/н | U85: =AND(F85>0,AB85>0) -> 1 | AA85: × | AB85: 5 | AC85: =I85&" :: "&K85 -> КНС ТЦ "Спутник" :: г Полысаево, ул. Крупской, б/н | AD85: концессионное соглашение | AE85: соглашение | AF85: 3 | AG85: 14.11.2019 | AK85: P_OBJ_LIST_PROPS | AL85: DYN_OBJ | AM85: {=AC85} -> КНС ТЦ "Спутник" :: г Полысаево, ул. Крупской, б/н | AN85: {=AD85} -> концессионное соглашение | AO85: {=AE85} -> соглашение | AP85: {=AF85} -> 3 | AQ85: {=AG85} -> 14.11.2019 | AS85: TRUE
E86: 15 | F86: {=OFFSET(G86,-1,-1)} -> 3 | I86: КНС | K86: г Полысаево, ул. Молодогвардейцев, 32 стр.1 | U86: =AND(F86>0,AB86>0) -> 1 | AA86: × | AB86: 6 | AC86: =I86&" :: "&K86 -> КНС :: г Полысаево, ул. Молодогвардейцев, 32 стр.1 | AD86: концессионное соглашение | AE86: соглашение | AF86: 3 | AG86: 14.11.2019 | AK86: P_OBJ_LIST_PROPS | AL86: DYN_OBJ | AM86: {=AC86} -> КНС :: г Полысаево, ул. Молодогвардейцев, 32 стр.1 | AN86: {=AD86} -> концессионное соглашение | AO86: {=AE86} -> соглашение | AP86: {=AF86} -> 3 | AQ86: {=AG86} -> 14.11.2019 | AS86: TRUE
E87: 15 | F87: {=OFFSET(G87,-1,-1)} -> 3 | I87: КНС ул. Победы | K87: г Полысаево, ул. Победы, б/н | U87: =AND(F87>0,AB87>0) -> 1 | AA87: × | AB87: 7 | AC87: =I87&" :: "&K87 -> КНС ул. Победы :: г Полысаево, ул. Победы, б/н | AD87: концессионное соглашение | AE87: соглашение | AF87: 3 | AG87: 14.11.2019 | AK87: P_OBJ_LIST_PROPS | AL87: DYN_OBJ | AM87: {=AC87} -> КНС ул. Победы :: г Полысаево, ул. Победы, б/н | AN87: {=AD87} -> концессионное соглашение | AO87: {=AE87} -> соглашение | AP87: {=AF87} -> 3 | AQ87: {=AG87} -> 14.11.2019 | AS87: TRUE
E88: 15 | F88: {=OFFSET(G88,-1,-1)} -> 3 | I88: Очистные сооружения | K88: г Полысаево, ул. Садовая, 1 | U88: =AND(F88>0,AB88>0) -> 1 | AA88: × | AB88: 8 | AC88: =I88&" :: "&K88 -> Очистные сооружения :: г Полысаево, ул. Садовая, 1 | AD88: концессионное соглашение | AE88: соглашение | AF88: 3 | AG88: 14.11.2019 | AK88: P_OBJ_LIST_PROPS | AL88: DYN_OBJ | AM88: {=AC88} -> Очистные сооружения :: г Полысаево, ул. Садовая, 1 | AN88: {=AD88} -> концессионное соглашение | AO88: {=AE88} -> соглашение | AP88: {=AF88} -> 3 | AQ88: {=AG88} -> 14.11.2019 | AS88: TRUE
E89: 15 | F89: {=OFFSET(G89,-1,-1)} -> 3 | I89: ГНС | K89: г Полысаево, ул. Свердлова, 19а | U89: =AND(F89>0,AB89>0) -> 1 | AA89: × | AB89: 9 | AC89: =I89&" :: "&K89 -> ГНС :: г Полысаево, ул. Свердлова, 19а | AD89: концессионное соглашение | AE89: соглашение | AF89: 3 | AG89: 14.11.2019 | AK89: P_OBJ_LIST_PROPS | AL89: DYN_OBJ | AM89: {=AC89} -> ГНС :: г Полысаево, ул. Свердлова, 19а | AN89: {=AD89} -> концессионное соглашение | AO89: {=AE89} -> соглашение | AP89: {=AF89} -> 3 | AQ89: {=AG89} -> 14.11.2019 | AS89: TRUE
E90: 11 | F90: {=OFFSET(G90,-1,-1)} -> 3 | U90: =F90>0 -> 1 | X90: { _x000D_ funcDyn: 'obj',_x000D_ blok: '',_x000D_ wsCross: '',_x000D_ linkFormula: '',_x000D_ levelDyn: '1'_x000D_ } | AC90: Добавить объект | AR90: DYN_OBJ
E91: 11 | V91: Добавить | W91: { _x000D_ funcDyn: 'msg1',_x000D_ blok: 'blok_1',_x000D_ wsCross: 'Сценарии',_x000D_ linkFormula: 'AB-AB',_x000D_ levelDyn: ''_x000D_ }

Sheet Сценарии
F1: tariffNum | H1: pok | U1: vis_1 | V1: dyn_1 | W1: blok_1 | X1: blok_2 | Y1: ren_1 | Z1: del_1 | AA1: del_2 | AB1: ren_2 | AC1: dyn_2 | BI1: pok_js | BJ1: PJ_DYN | BK1: PJ_NAME | BL1: dyn_add | BM1: dyn_fill
B2: flag_vis | AF2: {=isOrgDeclare} -> true | AJ2: {=isOrgDeclare} -> true | AM2: {=isOrgDeclare} -> true | AO2: =AND(AO6<=last_year_vis,isOrgDeclare) -> 0 | AP2: =AND(AP6<=last_year_vis,isOrgDeclare) -> 0 | AQ2: =AND(AQ6<=last_year_vis,isOrgDeclare) -> 0 | AR2: =AND(AR6<=last_year_vis,isOrgDeclare) -> 0 | AS2: =AND(AS6<=last_year_vis,isOrgDeclare) -> 0 | AT2: =AND(AT6<=last_year_vis,isOrgDeclare) -> 0 | AU2: =AND(AU6<=last_year_vis,isOrgDeclare) -> 0 | AV2: =AND(AV6<=last_year_vis,isOrgDeclare) -> 0 | AW2: =AND(AW6<=last_year_vis,isOrgDeclare) -> 0 | AX2: =AX6<=last_year_vis -> 0 | AY2: =AY6<=last_year_vis -> 0 | AZ2: =AZ6<=last_year_vis -> 0 | BA2: =BA6<=last_year_vis -> 0 | BB2: =BB6<=last_year_vis -> 0 | BC2: =BC6<=last_year_vis -> 0 | BD2: =BD6<=last_year_vis -> 0 | BE2: =BE6<=last_year_vis -> 0 | BF2: =BF6<=last_year_vis -> 0
E5: flag_size | AA5: 3 | AB5: 11 | AC5: 40 | AD5: 15 | AE5: 15 | AF5: 15 | AG5: 15 | AH5: 17.71 | AI5: 15 | AJ5: 15 | AK5: 15 | AL5: 15 | AM5: 15 | AN5: 15 | AO5: 15 | AP5: 15 | AQ5: 15 | AR5: 15 | AS5: 15 | AT5: 15 | AU5: 15 | AV5: 15 | AW5: 15 | AX5: 15 | AY5: 15 | AZ5: 15 | BA5: 15 | BB5: 15 | BC5: 15 | BD5: 15 | BE5: 15 | BF5: 15 | BG5: 3
A6: prd2_name | AE6: =god-2 -> 2024 | AF6: =god-2 -> 2024 | AG6: =god-2 -> 2024 | AH6: =god-2 -> 2024 | AI6: =god-1 -> 2025 | AJ6: {=god} -> 2026 | AK6: {=god} -> 2026 | AL6: {=god} -> 2026 | AM6: {=god} -> 2026 | AN6: {=god} -> 2026 | AO6: =god+1 -> 2027 | AP6: =god+2 -> 2028 | AQ6: =god+3 -> 2029 | AR6: =god+4 -> 2030 | AS6: =god+5 -> 2031 | AT6: =god+6 -> 2032 | AU6: =god+7 -> 2033 | AV6: =god+8 -> 2034 | AW6: =god+9 -> 2035 | AX6: =god+1 -> 2027 | AY6: =god+2 -> 2028 | AZ6: =god+3 -> 2029 | BA6: =god+4 -> 2030 | BB6: =god+5 -> 2031 | BC6: =god+6 -> 2032 | BD6: =god+7 -> 2033 | BE6: =god+8 -> 2034 | BF6: =god+9 -> 2035
A7: pf_name | AE7: {=AE25} -> Принято органом регулирования | AF7: {=AF25} -> Факт по данным организации | AG7: {=AG25} -> Факт, принятый органом регулирования | AH7: Не определено | AI7: {=AI25} -> Принято органом регулирования | AJ7: {=AJ25} -> Предложение организации | AK7: {=AK25} -> Принято органом регулирования | AL7: {=AL25} -> % роста / снижения | AM7: {=AM25} -> Отклонение (принято органом регулирования - заявлено организацией) | AN7: Не определено | AO7: {=AO25} -> Предложение организации | AP7: {=AP25} -> Предложение организации | AQ7: {=AQ25} -> Предложение организации | AR7: {=AR25} -> Предложение организации | AS7: {=AS25} -> Предложение организации | AT7: {=AT25} -> Предложение организации | AU7: {=AU25} -> Предложение организации | AV7: {=AV25} -> Предложение организации | ... BF7: {=BF25} -> Принято органом регулирования
AE8: =AE6&AE7 -> 2024Принято органом регулирования | AF8: =AF6&AF7 -> 2024Факт по данным организации | AG8: =AG6&AG7 -> 2024Факт, принятый органом регулирования | AH8: =AH6&AH7 -> 2024Не определено | AI8: =AI6&AI7 -> 2025Принято органом регулирования | AJ8: =AJ6&AJ7 -> 2026Предложение организации | AK8: =AK6&AK7 -> 2026Принято органом регулирования | AL8: =AL6&AL7 -> 2026% роста / снижения | ... BF8: =BF6&BF7 -> 2035Принято органом регулирования
A9: PJ_YEAR | AE9: {=AE6} -> 2024 | AF9: {=AF6} -> 2024 | AG9: {=AG6} -> 2024 | AH9: {=AH6} -> 2024 | AI9: {=AI6} -> 2025 | AJ9: {=AJ6} -> 2026 | AK9: {=AK6} -> 2026 | AL9: {=AL6} -> 2026 | ... BF9: {=BF6} -> 2035
A10: PJ_PF | AE10: {=AE25} -> Принято органом регулирования | AF10: {=AF25} -> Факт по данным организации | AG10: {=AG25} -> Факт, принятый органом регулирования | AI10: {=AI25} -> Принято органом регулирования | AJ10: {=AJ25} -> Предложение организации | AK10: {=AK25} -> Принято органом регулирования | AL10: {=AL25} -> % роста / снижения | AM10: {=AM25} -> Отклонение (принято органом регулирования - заявлено организацией) | AO10: {=AO25} -> Предложение организации | AP10: {=AP25} -> Предложение организации | AQ10: {=AQ25} -> Предложение организации | AR10: {=AR25} -> Предложение организации | AS10: {=AS25} -> Предложение организации | AT10: {=AT25} -> Предложение организации | AU10: {=AU25} -> Предложение организации | AV10: {=AV25} -> Предложение организации | ... BF10: {=BF25} -> Принято органом регулирования
A11: PJ_DOP | AH11: {=AH25} -> Комментарии | AN11: {=AN25} -> Комментарии
A12: dyn_names | AC12: PJ_NAME
A18: checkUnique | AC18: Наименование параметра
E21: 15 | AC21: {=tpl_title} -> Кемеровская область / 2026 / ОАО «СКЭК» (ИНН:4205153492, КПП:420501001) / ДПР: 2024-2028
E22: 22.5 | AB22: Ключевые сценарные показатели
E23: 11.25
E24: 15 | AB24: № п/п | AC24: Наименование параметра | AD24: Единица измерения | AE24: =god-2&" год" -> 2024 год | AF24: =god-2&" год" -> 2024 год | AG24: =god-2&" год" -> 2024 год | AH24: =god-2&" год" -> 2024 год | AI24: =god-1&" год" -> 2025 год | AJ24: =god&" год" -> 2026 год | AK24: =god&" год" -> 2026 год | AL24: =god&" год" -> 2026 год | AM24: =god&" год" -> 2026 год | AN24: =god&" год" -> 2026 год | AO24: =god+1&" год" -> 2027 год | AP24: =god+2&" год" -> 2028 год | AQ24: =god+3&" год" -> 2029 год | AR24: =god+4&" год" -> 2030 год | AS24: =god+5&" год" -> 2031 год | AT24: =god+6&" год" -> 2032 год | AU24: =god+7&" год" -> 2033 год | AV24: =god+8&" год" -> 2034 год | AW24: =god+9&" год" -> 2035 год | AX24: =god+1&" год" -> 2027 год | AY24: =god+2&" год" -> 2028 год | AZ24: =god+3&" год" -> 2029 год | BA24: =god+4&" год" -> 2030 год | BB24: =god+5&" год" -> 2031 год | BC24: =god+6&" год" -> 2032 год | BD24: =god+7&" год" -> 2033 год | BE24: =god+8&" год" -> 2034 год | BF24: =god+9&" год" -> 2035 год
E25: 69 | F25: t | AE25: Принято органом регулирования | AF25: Факт по данным организации | AG25: Факт, принятый органом регулирования | AH25: Комментарии | AI25: Принято органом регулирования | AJ25: Предложение организации | AK25: Принято органом регулирования | AL25: % роста / снижения | AM25: Отклонение (принято органом регулирования - заявлено организацией) | AN25: Комментарии | AO25: Предложение организации | AP25: Предложение организации | AQ25: Предложение организации | AR25: Предложение организации | AS25: Предложение организации | AT25: Предложение организации | AU25: Предложение организации | AV25: Предложение организации | AW25: Предложение организации | AX25: Принято органом регулирования | AY25: Принято органом регулирования | AZ25: Принято органом регулирования | BA25: Принято органом регулирования | BB25: Принято органом регулирования | BC25: Принято органом регулирования | BD25: Принято органом регулирования | BE25: Принято органом регулирования | BF25: Принято органом регулирования
E26: 20 | F26: et_Scenarios_tariff | AC26: Ставка НДС | AD26: % | AL26: =IF(AI26<>0,AK26/AI26,0) -> 0 | AM26: =AK26-AJ26 -> 0 | BI26: P_NDS_COMMON
E27: 0
E28: 15 | F28: {=Y28} -> 0 | U28: =Y28>0 -> 0 | W28: et_1 | Y28: 0 | AB28: {=INDEX('Общие сведения'!$AG$197:$AG$254,MATCH($Y28,'Общие сведения'!$Z$197:$Z$254,0))} -> Тариф 0 () -
E29: 15 | F29: {=OFFSET(E29,-1,1)} -> 0 | G29: ИОР | U29: {=U28} -> false | AC29: Индексы | AI29: =(1-AI30/100)*(1+AI31/100)*(1+AI33/100) -> 1 | AJ29: =(1-AJ30/100)*(1+AJ31/100)*(1+AJ33/100) -> 1 | AK29: =(1-AK30/100)*(1+AK31/100)*(1+AK33/100) -> 1 | AO29: =(1-AO30/100)*(1+AO31/100)*(1+AO33/100) -> 1 | AP29: =(1-AP30/100)*(1+AP31/100)*(1+AP33/100) -> 1 | AQ29: =(1-AQ30/100)*(1+AQ31/100)*(1+AQ33/100) -> 1 | AR29: =(1-AR30/100)*(1+AR31/100)*(1+AR33/100) -> 1 | AS29: =(1-AS30/100)*(1+AS31/100)*(1+AS33/100) -> 1 | AT29: =(1-AT30/100)*(1+AT31/100)*(1+AT33/100) -> 1 | AU29: =(1-AU30/100)*(1+AU31/100)*(1+AU33/100) -> 1 | AV29: =(1-AV30/100)*(1+AV31/100)*(1+AV33/100) -> 1 | ... BF29: =(1-BF30/100)*(1+BF31/100)*(1+BF33/100) -> 1
B30: =method_reg<>"Метод экономически обоснованных расходов" -> 1 | E30: 22.5 | F30: {=OFFSET(E30,-1,1)} -> 0 | G30: ИЭР | H30: l1_1 | U30: {=U29} -> false | AB30: 1 | AC30: Индекс эффективности операционных расходов | AD30: % | AL30: =IF(AI30<>0,AK30/AI30,0) -> 0 | AM30: =AK30-AJ30 -> 0 | BI30: P_IND_OP
E31: 15 | F31: {=OFFSET(E31,-1,1)} -> 0 | G31: ИПЦ | H31: l1_2 | U31: {=U30} -> false | AB31: =IF(B30,2,1) -> 2 | AC31: Индекс потребительских цен | AD31: % | AL31: =IF(AI31<>0,AK31/AI31,0) -> 0 | AM31: =AK31-AJ31 -> 0 | BI31: P_IND_PRICE
E32: 15 | F32: {=OFFSET(E32,-1,1)} -> 0 | H32: l1_3 | U32: {=U31} -> false | AB32: =AB31+1 -> 3 | AC32: Индекс роста цен на электроэнергию | AD32: % | AL32: =IF(AI32<>0,AK32/AI32,0) -> 0 | AM32: =AK32-AJ32 -> 0 | BI32: P_IND_PRICE_GROW
B33: =method_reg<>"Метод экономически обоснованных расходов" -> 1 | E33: 15 | F33: {=OFFSET(E33,-1,1)} -> 0 | G33: ИКА | H33: l1_4 | U33: {=U32} -> false | AB33: 4 | AC33: Индекс изменения количества активов | AD33: % | AL33: =IF(AI33<>0,AK33/AI33,0) -> 0 | AM33: =AK33-AJ33 -> 0 | BI33: P_IND_ACT
E34: 15 | F34: {=OFFSET(E34,-1,1)} -> 0 | U34: {=U33} -> false | AB34: 5 | AC34: Индекс роста номинальной заработной платы | AD34: % | AL34: =IF(AI34<>0,AK34/AI34,0) -> 0 | AM34: =AK34-AJ34 -> 0 | BI34: P_IND_FOT
E35: 15 | F35: {=OFFSET(E35,-1,1)} -> 0 | U35: {=U33} -> false | AC35: Налоговые ставки
E36: 15 | F36: {=OFFSET(E36,-1,1)} -> 0 | G36: СВФОТ | H36: l2_1 | U36: {=U35} -> false | AB36: 1 | AC36: Ставка страховых взносов с ФОТ | AD36: % | AL36: =IF(AI36<>0,AK36/AI36,0) -> 0 | AM36: =AK36-AJ36 -> 0 | BI36: P_INS_FOT
E37: 0 | F37: {=OFFSET(E37,-1,1)} -> 0 | H37: l2_2 | U37: {=U36} -> false | AB37: 2 | AC37: Ставка НДС | AD37: % | AL37: =IF(AI37<>0,AK37/AI37,0) -> 0 | AM37: =AK37-AJ37 -> 0 | BI37: P_NDS
E38: 15 | F38: {=OFFSET(E38,-1,1)} -> 0 | U38: {=U37} -> false | AB38: 2 | AC38: Ставка водного налога | BI38: P_WAT_TAX
E39: 22.5 | F39: {=OFFSET(E39,-1,1)} -> 0 | H39: l3_1_1 | U39: {=U38} -> false | AB39: 2.1.1 | AC39: Ставка водного налога из поверхностных источников для населения | AD39: руб./тыс.куб.м. | AL39: =IF(AI39<>0,AK39/AI39,0) -> 0 | AM39: =AK39-AJ39 -> 0 | BI39: P_SURF_PEOPLE
E40: 22.5 | F40: {=OFFSET(E40,-1,1)} -> 0 | I40: {=AC40} -> 0 | U40: =AND(F40>0,--RIGHT(AB40,1)>1) -> 0 | X40: et_2 | AA40: × | AB40: 2.1.1 | AD40: руб./тыс.куб.м. | AL40: =IF(AI40<>0,AK40/AI40,0) -> 0 | AM40: =AK40-AJ40 -> 0 | BI40: P_SURF_PEOPLE | BJ40: DYN_SURF_PEOPLE | BK40: {=AC40} -> 0 | BM40: TRUE
E41: 15 | F41: {=OFFSET(E41,-1,1)} -> 0 | U41: =F41>0 -> 0 | X41: { _x000D_ funcDyn: 'msg',_x000D_ blok: '',_x000D_ wsCross: '',_x000D_ linkFormula: '',_x000D_ levelDyn: ''_x000D_ } | AC41: Добавить | BL41: DYN_SURF_PEOPLE
E42: 22.5 | F42: {=OFFSET(E42,-1,1)} -> 0 | H42: l3_1_2 | U42: {=U41} -> false | AB42: 2.2.1 | AC42: Ставка водного налога из поверхностных источников для прочих потребителей | AD42: руб./тыс.куб.м. | AL42: =IF(AI42<>0,AK42/AI42,0) -> 0 | AM42: =AK42-AJ42 -> 0 | BI42: P_SURF_OTHER
E43: 22.5 | F43: {=OFFSET(E43,-1,1)} -> 0 | I43: {=AC43} -> 0 | U43: =AND(F43>0,--RIGHT(AB43,1)>1) -> 0 | X43: et_2 | AA43: × | AB43: 2.2.1 | AD43: руб./тыс.куб.м. | AL43: =IF(AI43<>0,AK43/AI43,0) -> 0 | AM43: =AK43-AJ43 -> 0 | BI43: P_SURF_OTHER | BJ43: DYN_SURF_OTHER | BK43: {=AC43} -> 0 | BM43: TRUE
E44: 15 | F44: {=OFFSET(E44,-1,1)} -> 0 | U44: =F44>0 -> 0 | X44: { _x000D_ funcDyn: 'msg',_x000D_ blok: '',_x000D_ wsCross: '',_x000D_ linkFormula: '',_x000D_ levelDyn: ''_x000D_ } | AC44: Добавить | BL44: DYN_SURF_OTHER
E45: 22.5 | F45: {=OFFSET(E45,-1,1)} -> 0 | H45: l3_2_1 | U45: {=U44} -> false | AB45: 2.3.1 | AC45: Ставка водного налога из подземных источников для населения | AD45: руб./тыс.куб.м. | AL45: =IF(AI45<>0,AK45/AI45,0) -> 0 | AM45: =AK45-AJ45 -> 0 | BI45: P_UND_PEOPLE
E46: 22.5 | F46: {=OFFSET(E46,-1,1)} -> 0 | I46: {=AC46} -> 0 | U46: =AND(F46>0,--RIGHT(AB46,1)>1) -> 0 | X46: et_2 | AA46: × | AB46: 2.3.1 | AD46: руб./тыс.куб.м. | AL46: =IF(AI46<>0,AK46/AI46,0) -> 0 | AM46: =AK46-AJ46 -> 0 | BI46: P_UND_PEOPLE | BJ46: DYN_UND_PEOPLE | BK46: {=AC46} -> 0 | BM46: TRUE
E47: 15 | F47: {=OFFSET(E47,-1,1)} -> 0 | U47: =F47>0 -> 0 | X47: { _x000D_ funcDyn: 'msg',_x000D_ blok: '',_x000D_ wsCross: '',_x000D_ linkFormula: '',_x000D_ levelDyn: ''_x000D_ } | AC47: Добавить | BL47: DYN_UND_PEOPLE
E48: 22.5 | F48: {=OFFSET(E48,-1,1)} -> 0 | H48: l3_2_2 | U48: {=U47} -> false | AB48: 2.4.1 | AC48: Ставка водного налога из подземных источников для прочих потребителей | AD48: руб./тыс.куб.м. | AL48: =IF(AI48<>0,AK48/AI48,0) -> 0 | AM48: =AK48-AJ48 -> 0 | BI48: P_UND_OTHER
E49: 22.5 | F49: {=OFFSET(E49,-1,1)} -> 0 | I49: {=AC49} -> 0 | U49: =AND(F49>0,--RIGHT(AB49,1)>1) -> 0 | X49: et_2 | AA49: × | AB49: 2.4.1 | AD49: руб./тыс.куб.м. | AL49: =IF(AI49<>0,AK49/AI49,0) -> 0 | AM49: =AK49-AJ49 -> 0 | BI49: P_UND_OTHER | BJ49: DYN_UND_OTHER | BK49: {=AC49} -> 0 | BM49: TRUE
E50: 15 | F50: {=OFFSET(E50,-1,1)} -> 0 | U50: =F50>0 -> 0 | X50: { _x000D_ funcDyn: 'msg',_x000D_ blok: '',_x000D_ wsCross: '',_x000D_ linkFormula: '',_x000D_ levelDyn: ''_x000D_ } | AC50: Добавить | BL50: DYN_UND_OTHER
E51: 15 | F51: {=OFFSET(E51,-1,1)} -> 0 | H51: l4 | U51: {=U50} -> false | AB51: 3 | AC51: Ставки налога на имущество | AD51: % | AL51: =IF(AI51<>0,AK51/AI51,0) -> 0 | AM51: =AK51-AJ51 -> 0 | BI51: P_RENT_TAX
E52: 15 | F52: {=OFFSET(E52,-1,1)} -> 0 | H52: l5 | U52: {=U51} -> false | AB52: 4 | AC52: Ставка налога при УСН | AD52: % | AL52: =IF(AI52<>0,AK52/AI52,0) -> 0 | AM52: =AK52-AJ52 -> 0 | BI52: P_USN_TAX
E53: 15 | F53: {=OFFSET(E53,-1,1)} -> 0 | H53: l6 | U53: {=U52} -> false | AB53: 5 | AC53: Доля общехозяйственных расходов | AL53: =IF(AI53<>0,AK53/AI53,0) -> 0 | AM53: =AK53-AJ53 -> 0 | BI53: P_HOZ_EXP
E54: 15 | F54: {=OFFSET(E54,-1,1)} -> 0 | H54: l7 | U54: {=U53} -> false | AB54: 6 | AC54: Доля общепроизводственных расходов | AL54: =IF(AI54<>0,AK54/AI54,0) -> 0 | AM54: =AK54-AJ54 -> 0 | BI54: P_PROD_EXP
E55: 15 | F55: {=Y55} -> 1 | U55: =Y55>0 -> 1 | W55: {='Список объектов'!$AB$30} -> Тариф 1 (Водоснабжение) - тариф на питьевую воду (Оказание услуг на территории: город Ленинск-Кузнецкий (ОКТМО: 32719000) - г Ленинск-Кузнецкий, г Полысаево) | Y55: 1 | AB55: {='Список объектов'!$AB$30} -> Тариф 1 (Водоснабжение) - тариф на питьевую воду (Оказание услуг на территории: город Ленинск-Кузнецкий (ОКТМО: 32719000) - г Ленинск-Кузнецкий, г Полысаево)
E56: 15 | F56: {=OFFSET(E56,-1,1)} -> 1 | G56: ИОР | U56: {=U55} -> true | AC56: Индексы | AI56: =(1-AI57/100)*(1+AI58/100)*(1+AI60/100) -> 1.09 | AJ56: =(1-AJ57/100)*(1+AJ58/100)*(1+AJ60/100) -> 1.043 | AK56: =(1-AK57/100)*(1+AK58/100)*(1+AK60/100) -> 1.04049 | AO56: =(1-AO57/100)*(1+AO58/100)*(1+AO60/100) -> 1 | AP56: =(1-AP57/100)*(1+AP58/100)*(1+AP60/100) -> 1 | AQ56: =(1-AQ57/100)*(1+AQ58/100)*(1+AQ60/100) -> 1 | AR56: =(1-AR57/100)*(1+AR58/100)*(1+AR60/100) -> 1 | AS56: =(1-AS57/100)*(1+AS58/100)*(1+AS60/100) -> 1 | AT56: =(1-AT57/100)*(1+AT58/100)*(1+AT60/100) -> 1 | AU56: =(1-AU57/100)*(1+AU58/100)*(1+AU60/100) -> 1 | AV56: =(1-AV57/100)*(1+AV58/100)*(1+AV60/100) -> 1 | ... BF56: =(1-BF57/100)*(1+BF58/100)*(1+BF60/100) -> 1
B57: =method_reg<>"Метод экономически обоснованных расходов" -> 1 | E57: 22.5 | F57: {=OFFSET(E57,-1,1)} -> 1 | G57: ИЭР | H57: l1_1 | U57: {=U56} -> true | AB57: 1 | AC57: Индекс эффективности операционных расходов | AD57: % | AE57: 1 | AF57: 1 | AG57: 1 | AH57: В соответствии с утвержденными долгосрочными параметрами регулирования тарифов (утв. Постановлением РЭК Кемеровской области от 17.12.2019 № 602 (в ред. Пост-я РЭК Кузбасса от 02.02.2021 № 42) | AI57: 0 | AK57: 1 | AL57: =IF(AI57<>0,AK57/AI57,0) -> 0 | AM57: =AK57-AJ57 -> 1 | AN57: В соответствии с утвержденными долгосрочными параметрами регулирования тарифов (утв. Постановлением РЭК Кемеровской области от 17.12.2019 № 602 (в ред. Пост-я РЭК Кузбасса от 02.02.2021 № 42) | BI57: P_IND_OP
E58: 15 | F58: {=OFFSET(E58,-1,1)} -> 1 | G58: ИПЦ | H58: l1_2 | U58: {=U57} -> true | AB58: =IF(B57,2,1) -> 2 | AC58: Индекс потребительских цен | AD58: % | AE58: 7.2 | AF58: 20 | AG58: 8.5 | AH58: Согласно базовому варианту "Прогноза соц.-экономического развития РФ на 2026 год и на плановый период 2027 и 2028 годов" от 26.09.2025 | AI58: 9 | AJ58: 4.3 | AK58: 5.1 | AL58: =IF(AI58<>0,AK58/AI58,0) -> 0.56666667 | AM58: =AK58-AJ58 -> 0.8 | AN58: Согласно базовому варианту "Прогноза соц.-экономического развития РФ на 2026 год и на плановый период 2027 и 2028 годов" от 26.09.2025 | BI58: P_IND_PRICE
E59: 15 | F59: {=OFFSET(E59,-1,1)} -> 1 | H59: l1_3 | U59: {=U58} -> true | AB59: =AB58+1 -> 3 | AC59: Индекс роста цен на электроэнергию | AD59: % | AE59: 5.6 | AH59: Согласно базовому варианту "Прогноза соц.-экономического развития РФ на 2026 год и на плановый период 2027 и 2028 годов" от 26.09.2025. | AI59: 14.4 | AK59: 13.2 | AL59: =IF(AI59<>0,AK59/AI59,0) -> 0.91666667 | AM59: =AK59-AJ59 -> 13.2 | AN59: Согласно базовому варианту "Прогноза соц.-экономического развития РФ на 2026 год и на плановый период 2027 и 2028 годов" от 26.09.2025. | BI59: P_IND_PRICE_GROW
B60: =method_reg<>"Метод экономически обоснованных расходов" -> 1 | E60: 15 | F60: {=OFFSET(E60,-1,1)} -> 1 | G60: ИКА | H60: l1_4 | U60: {=U59} -> true | AB60: 4 | AC60: Индекс изменения количества активов | AD60: % | AE60: =0.0000642+0.0000033 -> 6.75e-05 | AF60: =0.0001858+0.0000402 -> 0.000226 | AG60: =0.0001832812+0.000029823 -> 0.0002131042 | AH60: Организацией предложено: г. Ленинск-Кузнецкий - 0,0001858, г. Полысаево - 0,0000402. РЭК Кузбасса принято: г. Ленинск-Кузнецкий - 0,0001832812, г. Полысаево - 0,000029823. | AI60: 0 | AL60: =IF(AI60<>0,AK60/AI60,0) -> 0 | AM60: =AK60-AJ60 -> 0 | AN60: Не заявлен. | BI60: P_IND_ACT
E61: 15 | F61: {=OFFSET(E61,-1,1)} -> 1 | U61: {=U60} -> true | AB61: 5 | AC61: Индекс роста номинальной заработной платы | AD61: % | AL61: =IF(AI61<>0,AK61/AI61,0) -> 0 | AM61: =AK61-AJ61 -> 0 | BI61: P_IND_FOT
E62: 15 | F62: {=OFFSET(E62,-1,1)} -> 1 | U62: {=U60} -> true | AC62: Налоговые ставки
E63: 15 | F63: {=OFFSET(E63,-1,1)} -> 1 | G63: СВФОТ | H63: l2_1 | U63: {=U62} -> true | AB63: 1 | AC63: Ставка страховых взносов с ФОТ | AD63: % | AE63: 30.2 | AF63: 30.2 | AG63: 30.2 | AI63: 30.2 | AJ63: 30.2 | AK63: 30.2 | AL63: =IF(AI63<>0,AK63/AI63,0) -> 1 | AM63: =AK63-AJ63 -> 0 | BI63: P_INS_FOT
E64: 0 | F64: {=OFFSET(E64,-1,1)} -> 1 | H64: l2_2 | U64: {=U63} -> true | AB64: 2 | AC64: Ставка НДС | AD64: % | AL64: =IF(AI64<>0,AK64/AI64,0) -> 0 | AM64: =AK64-AJ64 -> 0 | BI64: P_NDS
E65: 15 | F65: {=OFFSET(E65,-1,1)} -> 1 | U65: {=U64} -> true | AB65: 2 | AC65: Ставка водного налога | BI65: P_WAT_TAX
E66: 22.5 | F66: {=OFFSET(E66,-1,1)} -> 1 | H66: l3_1_1 | U66: {=U65} -> true | AB66: 2.1.1 | AC66: Ставка водного налога из поверхностных источников для населения | AD66: руб./тыс.куб.м. | AE66: 283 | AF66: 283 | AG66: 283 | AH66: 1) Постановление Правительства РФ от 30.12.2006 N 876 (ред. от 29.12.2017); 2) Постановление Правительства РФ от 26.12.2014 N 1509. | AI66: 326 | AK66: =ROUND((326*1.085),0) -> 354 | AL66: =IF(AI66<>0,AK66/AI66,0) -> 1.0858896 | AM66: =AK66-AJ66 -> 354 | AN66: 1) Постановление Правительства РФ от 30.12.2006 N 876 (ред. от 29.12.2017); 2) Постановление Правительства РФ от 26.12.2014 N 1509 (ред. от 21.12.2024). | BI66: P_SURF_PEOPLE
E67: 22.5 | F67: {=OFFSET(E67,-1,1)} -> 1 | I67: {=AC67} -> 0 | U67: =AND(F67>0,--RIGHT(AB67,1)>1) -> 0 | X67: et_2 | AA67: × | AB67: 2.1.1 | AD67: руб./тыс.куб.м. | AL67: =IF(AI67<>0,AK67/AI67,0) -> 0 | AM67: =AK67-AJ67 -> 0 | BI67: P_SURF_PEOPLE | BJ67: DYN_SURF_PEOPLE | BK67: {=AC67} -> 0 | BM67: TRUE
E68: 15 | F68: {=OFFSET(E68,-1,1)} -> 1 | U68: =F68>0 -> 1 | X68: { _x000D_ funcDyn: 'msg',_x000D_ blok: '',_x000D_ wsCross: '',_x000D_ linkFormula: '',_x000D_ levelDyn: ''_x000D_ } | AC68: Добавить | BL68: DYN_SURF_PEOPLE
E69: 22.5 | F69: {=OFFSET(E69,-1,1)} -> 1 | H69: l3_1_2 | U69: {=U68} -> true | AB69: 2.2.1 | AC69: Ставка водного налога из поверхностных источников для прочих потребителей | AD69: руб./тыс.куб.м. | AE69: 1094 | AF69: 1094 | AG69: 1094 | AH69: 1) Постановление Правительства РФ от 30.12.2006 N 876 (ред. от 29.12.2017); 2) Постановление Правительства РФ от 26.12.2014 N 1509. | AI69: 1256 | AK69: =ROUND((270*4.84*1.085),0) -> 1418 | AL69: =IF(AI69<>0,AK69/AI69,0) -> 1.1289809 | AM69: =AK69-AJ69 -> 1418 | AN69: 1) Постановление Правительства РФ от 30.12.2006 N 876 (ред. от 29.12.2017); 2) Постановление Правительства РФ от 26.12.2014 N 1509 (ред. от 21.12.2024). | BI69: P_SURF_OTHER
E70: 22.5 | F70: {=OFFSET(E70,-1,1)} -> 1 | I70: {=AC70} -> 0 | U70: =AND(F70>0,--RIGHT(AB70,1)>1) -> 0 | X70: et_2 | AA70: × | AB70: 2.2.1 | AD70: руб./тыс.куб.м. | AL70: =IF(AI70<>0,AK70/AI70,0) -> 0 | AM70: =AK70-AJ70 -> 0 | BI70: P_SURF_OTHER | BJ70: DYN_SURF_OTHER | BK70: {=AC70} -> 0 | BM70: TRUE
E71: 15 | F71: {=OFFSET(E71,-1,1)} -> 1 | U71: =F71>0 -> 1 | X71: { _x000D_ funcDyn: 'msg',_x000D_ blok: '',_x000D_ wsCross: '',_x000D_ linkFormula: '',_x000D_ levelDyn: ''_x000D_ } | AC71: Добавить | BL71: DYN_SURF_OTHER
E72: 22.5 | F72: {=OFFSET(E72,-1,1)} -> 1 | H72: l3_2_1 | U72: {=U71} -> true | AB72: 2.3.1 | AC72: Ставка водного налога из подземных источников для населения | AD72: руб./тыс.куб.м. | AE72: 283 | AF72: 283 | AG72: 283 | AH72: Пункт 3 Статьи 333.12 "Налогового кодекса Российской Федерации (часть вторая)" от 05.08.2000 N 117-ФЗ. | AI72: 326 | AK72: =ROUND((326*1.085),0) -> 354 | AL72: =IF(AI72<>0,AK72/AI72,0) -> 1.0858896 | AM72: =AK72-AJ72 -> 354 | AN72: Пункт 3 Статьи 333.12 "Налогового кодекса Российской Федерации (часть вторая)" от 05.08.2000 N 117-ФЗ (ред. от 15.12.2025) | BI72: P_UND_PEOPLE
E73: 22.5 | F73: {=OFFSET(E73,-1,1)} -> 1 | I73: {=AC73} -> 0 | U73: =AND(F73>0,--RIGHT(AB73,1)>1) -> 0 | X73: et_2 | AA73: × | AB73: 2.3.1 | AD73: руб./тыс.куб.м. | AL73: =IF(AI73<>0,AK73/AI73,0) -> 0 | AM73: =AK73-AJ73 -> 0 | BI73: P_UND_PEOPLE | BJ73: DYN_UND_PEOPLE | BK73: {=AC73} -> 0 | BM73: TRUE
E74: 15 | F74: {=OFFSET(E74,-1,1)} -> 1 | U74: =F74>0 -> 1 | X74: { _x000D_ funcDyn: 'msg',_x000D_ blok: '',_x000D_ wsCross: '',_x000D_ linkFormula: '',_x000D_ levelDyn: ''_x000D_ } | AC74: Добавить | BL74: DYN_UND_PEOPLE
E75: 22.5 | F75: {=OFFSET(E75,-1,1)} -> 1 | H75: l3_2_2 | U75: {=U74} -> true | AB75: 2.4.1 | AC75: Ставка водного налога из подземных источников для прочих потребителей | AD75: руб./тыс.куб.м. | AL75: =IF(AI75<>0,AK75/AI75,0) -> 0 | AM75: =AK75-AJ75 -> 0 | BI75: P_UND_OTHER
E76: 22.5 | F76: {=OFFSET(E76,-1,1)} -> 1 | I76: {=AC76} -> 0 | U76: =AND(F76>0,--RIGHT(AB76,1)>1) -> 0 | X76: et_2 | AA76: × | AB76: 2.4.1 | AD76: руб./тыс.куб.м. | AL76: =IF(AI76<>0,AK76/AI76,0) -> 0 | AM76: =AK76-AJ76 -> 0 | BI76: P_UND_OTHER | BJ76: DYN_UND_OTHER | BK76: {=AC76} -> 0 | BM76: TRUE
E77: 15 | F77: {=OFFSET(E77,-1,1)} -> 1 | U77: =F77>0 -> 1 | X77: { _x000D_ funcDyn: 'msg',_x000D_ blok: '',_x000D_ wsCross: '',_x000D_ linkFormula: '',_x000D_ levelDyn: ''_x000D_ } | AC77: Добавить | BL77: DYN_UND_OTHER
E78: 15 | F78: {=OFFSET(E78,-1,1)} -> 1 | H78: l4 | U78: {=U77} -> true | AB78: 3 | AC78: Ставки налога на имущество | AD78: % | AE78: 2.2 | AF78: 2.2 | AG78: 2.2 | AH78: 1) В части, исчисляемой от остаточной стоимости имущества - 2,2% ; 2) В части, исчисляемой от кадастровой стоимости, - 2,0% ( Статья 380 "Налогового кодекса Российской Федерации (часть вторая)" от 05.08.2000 N 117-ФЗ; Закон Кемеровской области - Кузбасса от 26.11.2003 N 60-ОЗ (ред. от 27.11.2025) "О налоге на имущество организаций"). | AI78: 2.2 | AJ78: 2.2 | AK78: 2.2 | AL78: =IF(AI78<>0,AK78/AI78,0) -> 1 | AM78: =AK78-AJ78 -> 0 | AN78: 1) В части, исчисляемой от остаточной стоимости имущества - 2,2% ; 2) В части, исчисляемой от кадастровой стоимости, - 2,0% ( Статья 380 "Налогового кодекса Российской Федерации (часть вторая)" от 05.08.2000 N 117-ФЗ; Закон Кемеровской области - Кузбасса от 26.11.2003 N 60-ОЗ (ред. от 27.11.2025) "О налоге на имущество организаций"). | BI78: P_RENT_TAX
E79: 15 | F79: {=OFFSET(E79,-1,1)} -> 1 | H79: l5 | U79: {=U78} -> true | AB79: 4 | AC79: Ставка налога при УСН | AD79: % | AL79: =IF(AI79<>0,AK79/AI79,0) -> 0 | AM79: =AK79-AJ79 -> 0 | BI79: P_USN_TAX
E80: 15 | F80: {=OFFSET(E80,-1,1)} -> 1 | H80: l6 | U80: {=U79} -> true | AB80: 5 | AC80: Доля общехозяйственных расходов | AE80: =(1.194+0.299)/100 -> 0.01493 | AF80: =9.202/100+2.304/100 -> 0.11506 | AG80: =9.202/100+2.304/100 -> 0.11506 | AH80: ПЛАН 2024г.: 1,194% г. Ленинск-Кузнецкий +0,299% г. Полысаево (Приказ Ген. директора ОАО "СКЭК" № 371 от 31.12.2022 "О внесении изменений в Учетную политику"); ФАКТ 2024 г.: 9,202% г. Ленинск-Кузнецкий + 2,304% г. Полысаево (Приказ № 375 от 31.12.2023). | AI80: =1.194/100+0.299/100 -> 0.01493 | AJ80: =9.202/100+2.304/100 -> 0.11506 | AK80: =9.202/100+2.304/100 -> 0.11506 | AL80: =IF(AI80<>0,AK80/AI80,0) -> 7.7066309 | AM80: =AK80-AJ80 -> 0 | AN80: 9,202% г. Ленинск-Кузнецкий + 2,304% г. Полысаево (Приказ Первого заместителя Генерального директора ОАО "СКЭК" от 31.12.2023 № 375 "О внесении изменений в Учетную политику"). | BI80: P_HOZ_EXP
E81: 15 | F81: {=OFFSET(E81,-1,1)} -> 1 | H81: l7 | U81: {=U80} -> true | AB81: 6 | AC81: Доля общепроизводственных расходов | AE81: =0.25+0.2039 -> 0.4539 | AF81: =0.25+0.2039 -> 0.4539 | AG81: =0.25+0.2039 -> 0.4539 | AH81: (25% - Отдел энергоснабжения г. Ленинск-Кузнецкий + 20,39% - Группа энергоснабжения г. Полысаево) Приказ Генерального директора ОАО "СКЭК" от 31.12.2020 № 320 "О внесении изменений в Учетную политику". | AI81: =0.25+0.2039 -> 0.4539 | AJ81: =0.25+0.2039 -> 0.4539 | AK81: =0.25+0.2039 -> 0.4539 | AL81: =IF(AI81<>0,AK81/AI81,0) -> 1 | AM81: =AK81-AJ81 -> 0 | AN81: (25% - Отдел энергоснабжения г. Ленинск-Кузнецкий + 20,39% - Группа энергоснабжения г. Полысаево) Приказ Генерального директора ОАО "СКЭК" от 31.12.2020 № 320 "О внесении изменений в Учетную политику". | BI81: P_PROD_EXP
E82: 15 | F82: {=Y82} -> 2 | U82: =Y82>0 -> 1 | W82: {='Список объектов'!$AB$56} -> Тариф 2 (Водоотведение) - тариф на водоотведение (Оказание услуг на территории: город Ленинск-Кузнецкий (ОКТМО: 32719000) - г Ленинск-Кузнецкий) | Y82: 2 | AB82: {='Список объектов'!$AB$56} -> Тариф 2 (Водоотведение) - тариф на водоотведение (Оказание услуг на территории: город Ленинск-Кузнецкий (ОКТМО: 32719000) - г Ленинск-Кузнецкий)
E83: 15 | F83: {=OFFSET(E83,-1,1)} -> 2 | G83: ИОР | U83: {=U82} -> true | AC83: Индексы | AI83: =(1-AI84/100)*(1+AI85/100)*(1+AI87/100) -> 1.09 | AJ83: =(1-AJ84/100)*(1+AJ85/100)*(1+AJ87/100) -> 1.03257 | AK83: =(1-AK84/100)*(1+AK85/100)*(1+AK87/100) -> 1.04049 | AO83: =(1-AO84/100)*(1+AO85/100)*(1+AO87/100) -> 1 | AP83: =(1-AP84/100)*(1+AP85/100)*(1+AP87/100) -> 1 | AQ83: =(1-AQ84/100)*(1+AQ85/100)*(1+AQ87/100) -> 1 | AR83: =(1-AR84/100)*(1+AR85/100)*(1+AR87/100) -> 1 | AS83: =(1-AS84/100)*(1+AS85/100)*(1+AS87/100) -> 1 | AT83: =(1-AT84/100)*(1+AT85/100)*(1+AT87/100) -> 1 | AU83: =(1-AU84/100)*(1+AU85/100)*(1+AU87/100) -> 1 | AV83: =(1-AV84/100)*(1+AV85/100)*(1+AV87/100) -> 1 | ... BF83: =(1-BF84/100)*(1+BF85/100)*(1+BF87/100) -> 1
B84: =method_reg<>"Метод экономически обоснованных расходов" -> 1 | E84: 22.5 | F84: {=OFFSET(E84,-1,1)} -> 2 | G84: ИЭР | H84: l1_1 | U84: {=U83} -> true | AB84: 1 | AC84: Индекс эффективности операционных расходов | AD84: % | AE84: 1 | AF84: 1 | AG84: 1 | AH84: В соответствии с утвержденными долгосрочными параметрами регулирования тарифов (утв. Постановлением РЭК Кемеровской области от 17.12.2019 № 602 (в ред. Пост-я РЭК Кузбасса от 02.02.2021 № 42) | AI84: 0 | AJ84: 1 | AK84: 1 | AL84: =IF(AI84<>0,AK84/AI84,0) -> 0 | AM84: =AK84-AJ84 -> 0 | AN84: В соответствии с утвержденными долгосрочными параметрами регулирования тарифов (утв. Постановлением РЭК Кемеровской области от 17.12.2019 № 602 (в ред. Пост-я РЭК Кузбасса от 02.02.2021 № 42) | BI84: P_IND_OP
E85: 15 | F85: {=OFFSET(E85,-1,1)} -> 2 | G85: ИПЦ | H85: l1_2 | U85: {=U84} -> true | AB85: =IF(B84,2,1) -> 2 | AC85: Индекс потребительских цен | AD85: % | AE85: 7.2 | AF85: 20 | AG85: 8.5 | AH85: Согласно базовому варианту "Прогноза соц.-экономического развития РФ на 2026 год и на плановый период 2027 и 2028 годов" от 26.09.2025 | AI85: 9 | AJ85: 4.3 | AK85: 5.1 | AL85: =IF(AI85<>0,AK85/AI85,0) -> 0.56666667 | AM85: =AK85-AJ85 -> 0.8 | AN85: Согласно базовому варианту "Прогноза соц.-экономического развития РФ на 2026 год и на плановый период 2027 и 2028 годов" от 26.09.2025. | BI85: P_IND_PRICE
E86: 15 | F86: {=OFFSET(E86,-1,1)} -> 2 | H86: l1_3 | U86: {=U85} -> true | AB86: =AB85+1 -> 3 | AC86: Индекс роста цен на электроэнергию | AD86: % | AE86: 5.6 | AH86: Согласно базовому варианту "Прогноза соц.-экономического развития РФ на 2026 год и на плановый период 2027 и 2028 годов" от 26.09.2025 | AI86: 14.4 | AK86: 13.2 | AL86: =IF(AI86<>0,AK86/AI86,0) -> 0.91666667 | AM86: =AK86-AJ86 -> 13.2 | AN86: Согласно базовому варианту "Прогноза соц.-экономического развития РФ на 2026 год и на плановый период 2027 и 2028 годов" от 26.09.2025. | BI86: P_IND_PRICE_GROW
B87: =method_reg<>"Метод экономически обоснованных расходов" -> 1 | E87: 15 | F87: {=OFFSET(E87,-1,1)} -> 2 | G87: ИКА | H87: l1_4 | U87: {=U86} -> true | AB87: 4 | AC87: Индекс изменения количества активов | AD87: % | AE87: 0.0001865 | AF87: 0.0001189 | AG87: 0.00011892 | AH87: Организацией предложено в размере 0,00011890 . РЭК Кузбасса принято в размере 0,00011892. | AI87: 0 | AL87: =IF(AI87<>0,AK87/AI87,0) -> 0 | AM87: =AK87-AJ87 -> 0 | AN87: Не заявлен. | BI87: P_IND_ACT
E88: 15 | F88: {=OFFSET(E88,-1,1)} -> 2 | U88: {=U87} -> true | AB88: 5 | AC88: Индекс роста номинальной заработной платы | AD88: % | AL88: =IF(AI88<>0,AK88/AI88,0) -> 0 | AM88: =AK88-AJ88 -> 0 | BI88: P_IND_FOT
E89: 15 | F89: {=OFFSET(E89,-1,1)} -> 2 | U89: {=U87} -> true | AC89: Налоговые ставки
E90: 15 | F90: {=OFFSET(E90,-1,1)} -> 2 | G90: СВФОТ | H90: l2_1 | U90: {=U89} -> true | AB90: 1 | AC90: Ставка страховых взносов с ФОТ | AD90: % | AE90: 30.2 | AF90: 30.2 | AG90: 30.2 | AI90: 30.2 | AJ90: 30.2 | AK90: 30.2 | AL90: =IF(AI90<>0,AK90/AI90,0) -> 1 | AM90: =AK90-AJ90 -> 0 | BI90: P_INS_FOT
E91: 0 | F91: {=OFFSET(E91,-1,1)} -> 2 | H91: l2_2 | U91: {=U90} -> true | AB91: 2 | AC91: Ставка НДС | AD91: % | AL91: =IF(AI91<>0,AK91/AI91,0) -> 0 | AM91: =AK91-AJ91 -> 0 | BI91: P_NDS
E92: 15 | F92: {=OFFSET(E92,-1,1)} -> 2 | U92: {=U91} -> true | AB92: 2 | AC92: Ставка водного налога | BI92: P_WAT_TAX
E93: 22.5 | F93: {=OFFSET(E93,-1,1)} -> 2 | H93: l3_1_1 | U93: {=U92} -> true | AB93: 2.1.1 | AC93: Ставка водного налога из поверхностных источников для населения | AD93: руб./тыс.куб.м. | AL93: =IF(AI93<>0,AK93/AI93,0) -> 0 | AM93: =AK93-AJ93 -> 0 | BI93: P_SURF_PEOPLE
E94: 22.5 | F94: {=OFFSET(E94,-1,1)} -> 2 | I94: {=AC94} -> 0 | U94: =AND(F94>0,--RIGHT(AB94,1)>1) -> 0 | X94: et_2 | AA94: × | AB94: 2.1.1 | AD94: руб./тыс.куб.м. | AL94: =IF(AI94<>0,AK94/AI94,0) -> 0 | AM94: =AK94-AJ94 -> 0 | BI94: P_SURF_PEOPLE | BJ94: DYN_SURF_PEOPLE | BK94: {=AC94} -> 0 | BM94: TRUE
E95: 15 | F95: {=OFFSET(E95,-1,1)} -> 2 | U95: =F95>0 -> 1 | X95: { _x000D_ funcDyn: 'msg',_x000D_ blok: '',_x000D_ wsCross: '',_x000D_ linkFormula: '',_x000D_ levelDyn: ''_x000D_ } | AC95: Добавить | BL95: DYN_SURF_PEOPLE
E96: 22.5 | F96: {=OFFSET(E96,-1,1)} -> 2 | H96: l3_1_2 | U96: {=U95} -> true | AB96: 2.2.1 | AC96: Ставка водного налога из поверхностных источников для прочих потребителей | AD96: руб./тыс.куб.м. | AL96: =IF(AI96<>0,AK96/AI96,0) -> 0 | AM96: =AK96-AJ96 -> 0 | BI96: P_SURF_OTHER
E97: 22.5 | F97: {=OFFSET(E97,-1,1)} -> 2 | I97: {=AC97} -> 0 | U97: =AND(F97>0,--RIGHT(AB97,1)>1) -> 0 | X97: et_2 | AA97: × | AB97: 2.2.1 | AD97: руб./тыс.куб.м. | AL97: =IF(AI97<>0,AK97/AI97,0) -> 0 | AM97: =AK97-AJ97 -> 0 | BI97: P_SURF_OTHER | BJ97: DYN_SURF_OTHER | BK97: {=AC97} -> 0 | BM97: TRUE
E98: 15 | F98: {=OFFSET(E98,-1,1)} -> 2 | U98: =F98>0 -> 1 | X98: { _x000D_ funcDyn: 'msg',_x000D_ blok: '',_x000D_ wsCross: '',_x000D_ linkFormula: '',_x000D_ levelDyn: ''_x000D_ } | AC98: Добавить | BL98: DYN_SURF_OTHER
E99: 22.5 | F99: {=OFFSET(E99,-1,1)} -> 2 | H99: l3_2_1 | U99: {=U98} -> true | AB99: 2.3.1 | AC99: Ставка водного налога из подземных источников для населения | AD99: руб./тыс.куб.м. | AL99: =IF(AI99<>0,AK99/AI99,0) -> 0 | AM99: =AK99-AJ99 -> 0 | BI99: P_UND_PEOPLE
E100: 22.5 | F100: {=OFFSET(E100,-1,1)} -> 2 | I100: {=AC100} -> 0 | U100: =AND(F100>0,--RIGHT(AB100,1)>1) -> 0 | X100: et_2 | AA100: × | AB100: 2.3.1 | AD100: руб./тыс.куб.м. | AL100: =IF(AI100<>0,AK100/AI100,0) -> 0 | AM100: =AK100-AJ100 -> 0 | BI100: P_UND_PEOPLE | BJ100: DYN_UND_PEOPLE | BK100: {=AC100} -> 0 | BM100: TRUE
E101: 15 | F101: {=OFFSET(E101,-1,1)} -> 2 | U101: =F101>0 -> 1 | X101: { _x000D_ funcDyn: 'msg',_x000D_ blok: '',_x000D_ wsCross: '',_x000D_ linkFormula: '',_x000D_ levelDyn: ''_x000D_ } | AC101: Добавить | BL101: DYN_UND_PEOPLE
E102: 22.5 | F102: {=OFFSET(E102,-1,1)} -> 2 | H102: l3_2_2 | U102: {=U101} -> true | AB102: 2.4.1 | AC102: Ставка водного налога из подземных источников для прочих потребителей | AD102: руб./тыс.куб.м. | AL102: =IF(AI102<>0,AK102/AI102,0) -> 0 | AM102: =AK102-AJ102 -> 0 | BI102: P_UND_OTHER
E103: 22.5 | F103: {=OFFSET(E103,-1,1)} -> 2 | I103: {=AC103} -> 0 | U103: =AND(F103>0,--RIGHT(AB103,1)>1) -> 0 | X103: et_2 | AA103: × | AB103: 2.4.1 | AD103: руб./тыс.куб.м. | AL103: =IF(AI103<>0,AK103/AI103,0) -> 0 | AM103: =AK103-AJ103 -> 0 | BI103: P_UND_OTHER | BJ103: DYN_UND_OTHER | BK103: {=AC103} -> 0 | BM103: TRUE
E104: 15 | F104: {=OFFSET(E104,-1,1)} -> 2 | U104: =F104>0 -> 1 | X104: { _x000D_ funcDyn: 'msg',_x000D_ blok: '',_x000D_ wsCross: '',_x000D_ linkFormula: '',_x000D_ levelDyn: ''_x000D_ } | AC104: Добавить | BL104: DYN_UND_OTHER
E105: 15 | F105: {=OFFSET(E105,-1,1)} -> 2 | H105: l4 | U105: {=U104} -> true | AB105: 3 | AC105: Ставки налога на имущество | AD105: % | AE105: 2.2 | AF105: 2.2 | AG105: 2.2 | AH105: 1) В части, исчисляемой от остаточной стоимости имущества - 2,2% ; 2) В части, исчисляемой от кадастровой стоимости, - 2,0% ( Статья 380 "Налогового кодекса Российской Федерации (часть вторая)" от 05.08.2000 N 117-ФЗ; Закон Кемеровской области - Кузбасса от 26.11.2003 N 60-ОЗ (ред. от 27.11.2025) "О налоге на имущество организаций"). | AI105: 2.2 | AJ105: 2.2 | AK105: 2.2 | AL105: =IF(AI105<>0,AK105/AI105,0) -> 1 | AM105: =AK105-AJ105 -> 0 | AN105: 1) В части, исчисляемой от остаточной стоимости имущества - 2,2% ; 2) В части, исчисляемой от кадастровой стоимости, - 2,0% ( Статья 380 "Налогового кодекса Российской Федерации (часть вторая)" от 05.08.2000 N 117-ФЗ; Закон Кемеровской области - Кузбасса от 26.11.2003 N 60-ОЗ (ред. от 27.11.2025) "О налоге на имущество организаций"). | BI105: P_RENT_TAX
E106: 15 | F106: {=OFFSET(E106,-1,1)} -> 2 | H106: l5 | U106: {=U105} -> true | AB106: 4 | AC106: Ставка налога при УСН | AD106: % | AL106: =IF(AI106<>0,AK106/AI106,0) -> 0 | AM106: =AK106-AJ106 -> 0 | BI106: P_USN_TAX
E107: 15 | F107: {=OFFSET(E107,-1,1)} -> 2 | H107: l6 | U107: {=U106} -> true | AB107: 5 | AC107: Доля общехозяйственных расходов | AE107: =0.498/100 -> 0.00498 | AF107: =3.023/100 -> 0.03023 | AG107: =3.023/100 -> 0.03023 | AH107: ПЛАН 2024г -0,498% (Приказ Ген. директора ОАО "СКЭК" № 371 от 31.12.2022 "О внесении изменений в Учетную политику"); ФАКТ 2024 г. - 3,023% (Приказ Первого заместителя Ген. директора ОАО "СКЭК" № 375 от 31.12.2023). | AI107: =0.498/100 -> 0.00498 | AJ107: =3.023/100 -> 0.03023 | AK107: =3.023/100 -> 0.03023 | AL107: =IF(AI107<>0,AK107/AI107,0) -> 6.0702811 | AM107: =AK107-AJ107 -> 0 | AN107: (3,023% ) Приказ Первого заместителя Генерального директора ОАО "СКЭК" от 31.12.2023 № 375 "О внесении изменений в Учетную политику". | BI107: P_HOZ_EXP
E108: 15 | F108: {=OFFSET(E108,-1,1)} -> 2 | H108: l7 | U108: {=U107} -> true | AB108: 6 | AC108: Доля общепроизводственных расходов | AE108: =10/100 -> 0.1 | AF108: 0.1 | AG108: 0.1 | AH108: (10%) Приказ Генерального директора ОАО "СКЭК" от 31.12.2020 № 320 "О внесении изменений в Учетную политику". | AI108: 0.1 | AJ108: 0.1 | AK108: 0.1 | AL108: =IF(AI108<>0,AK108/AI108,0) -> 1 | AM108: =AK108-AJ108 -> 0 | AN108: (10%) Приказ Генерального директора ОАО "СКЭК" от 31.12.2020 № 320 "О внесении изменений в Учетную политику". | BI108: P_PROD_EXP
E109: 15 | F109: {=Y109} -> 3 | U109: =Y109>0 -> 1 | W109: {='Список объектов'!$AB$78} -> Тариф 3 (Водоотведение) - тариф на водоотведение (Оказание услуг на территории: город Полысаево (ОКТМО: 32732000) - г Полысаево) | Y109: 3 | AB109: {='Список объектов'!$AB$78} -> Тариф 3 (Водоотведение) - тариф на водоотведение (Оказание услуг на территории: город Полысаево (ОКТМО: 32732000) - г Полысаево)
...

Sheet ИИКА
F1: tariffNum | V1: vis_1 | W1: dyn_1 | X1: blok_1 | Y1: ren_1 | Z1: del_1 | BD1: pok_js
B2: flag_vis | AF2: {=isOrgDeclare} -> true | AI2: {=isOrgDeclare} -> true | AJ2: =AND(AJ6<last_year_vis,isOrgDeclare) -> 0 | AK2: =AND(AK6<last_year_vis,isOrgDeclare) -> 0 | AL2: =AND(AL6<last_year_vis,isOrgDeclare) -> 0 | AM2: =AND(AM6<last_year_vis,isOrgDeclare) -> 0 | AN2: =AND(AN6<last_year_vis,isOrgDeclare) -> 0 | AO2: =AND(AO6<last_year_vis,isOrgDeclare) -> 0 | AP2: =AND(AP6<last_year_vis,isOrgDeclare) -> 0 | AQ2: =AND(AQ6<last_year_vis,isOrgDeclare) -> 0 | AR2: =AND(AR6<last_year_vis,isOrgDeclare) -> 0 | AT2: =AT6<last_year_vis -> 0 | AU2: =AU6<last_year_vis -> 0 | AV2: =AV6<last_year_vis -> 0 | AW2: =AW6<last_year_vis -> 0 | AX2: =AX6<last_year_vis -> 0 | AY2: =AY6<last_year_vis -> 0 | AZ2: =AZ6<last_year_vis -> 0 | BA2: =BA6<last_year_vis -> 0 | BB2: =BB6<last_year_vis -> 0
E5: flag_size | AA5: 3 | AB5: 11 | AC5: 40 | AD5: 15 | AE5: 15 | AF5: 15 | AG5: 15 | AH5: 15 | AI5: 15 | AJ5: 15 | AK5: 15 | AL5: 15 | AM5: 15 | AN5: 15 | AO5: 15 | AP5: 15 | AQ5: 15 | AR5: 15 | AS5: 15 | AT5: 15 | AU5: 15 | AV5: 15 | AW5: 15 | AX5: 15 | AY5: 15 | AZ5: 15 | BA5: 15 | BB5: 15
AE6: =god-2 -> 2024 | AF6: =god-2 -> 2024 | AG6: =god-2 -> 2024 | AH6: =god-1 -> 2025 | AI6: {=god} -> 2026 | AJ6: =god+1 -> 2027 | AK6: =god+2 -> 2028 | AL6: =god+3 -> 2029 | AM6: =god+4 -> 2030 | AN6: =god+5 -> 2031 | AO6: =god+6 -> 2032 | AP6: =god+7 -> 2033 | AQ6: =god+8 -> 2034 | AR6: =god+9 -> 2035 | AS6: {=god} -> 2026 | AT6: =god+1 -> 2027 | AU6: =god+2 -> 2028 | AV6: =god+3 -> 2029 | AW6: =god+4 -> 2030 | AX6: =god+5 -> 2031 | AY6: =god+6 -> 2032 | AZ6: =god+7 -> 2033 | BA6: =god+8 -> 2034 | BB6: =god+9 -> 2035
AE7: {=AE25} -> Принято органом регулирования | AF7: {=AF25} -> Факт по данным организации | AG7: {=AG25} -> Факт, принятый органом регулирования | AH7: {=AH25} -> Принято органом регулирования | AI7: {=AI25} -> Предложение организации | AJ7: {=AJ25} -> Предложение организации | AK7: {=AK25} -> Предложение организации | AL7: {=AL25} -> Предложение организации | ... BB7: {=BB25} -> Принято органом регулирования
AE8: =AE6&AE7 -> 2024Принято органом регулирования | AF8: =AF6&AF7 -> 2024Факт по данным организации | AG8: =AG6&AG7 -> 2024Факт, принятый органом регулирования | AH8: =AH6&AH7 -> 2025Принято органом регулирования | AI8: =AI6&AI7 -> 2026Предложение организации | AJ8: =AJ6&AJ7 -> 2027Предложение организации | AK8: =AK6&AK7 -> 2028Предложение организации | AL8: =AL6&AL7 -> 2029Предложение организации | ... BB8: =BB6&BB7 -> 2035Принято органом регулирования
A9: PJ_YEAR | AE9: {=AE6} -> 2024 | AF9: {=AF6} -> 2024 | AG9: {=AG6} -> 2024 | AH9: {=AH6} -> 2025 | AI9: {=AI6} -> 2026 | AJ9: {=AJ6} -> 2027 | AK9: {=AK6} -> 2028 | AL9: {=AL6} -> 2029 | ... BB9: {=BB6} -> 2035
A10: PJ_PF | AE10: {=AE25} -> Принято органом регулирования | AF10: {=AF25} -> Факт по данным организации | AG10: {=AG25} -> Факт, принятый органом регулирования | AH10: {=AH25} -> Принято органом регулирования | AI10: {=AI25} -> Предложение организации | AJ10: {=AJ25} -> Предложение организации | AK10: {=AK25} -> Предложение организации | AL10: {=AL25} -> Предложение организации | ... BB10: {=BB25} -> Принято органом регулирования
E21: 15 | AC21: {=tpl_title} -> Кемеровская область / 2026 / ОАО «СКЭК» (ИНН:4205153492, КПП:420501001) / ДПР: 2024-2028
E22: 22.5 | AB22: Индекс изменения количества активов
E23: 15
E24: 15 | AB24: № п/п | AC24: Наименование параметра | AD24: Единица измерения | AE24: =god-2&" год" -> 2024 год | AF24: =god-2&" год" -> 2024 год | AG24: =god-2&" год" -> 2024 год | AH24: =god-1&" год" -> 2025 год | AI24: =god&" год" -> 2026 год | AJ24: =god+1&" год" -> 2027 год | AK24: =god+2&" год" -> 2028 год | AL24: =god+3&" год" -> 2029 год | AM24: =god+4&" год" -> 2030 год | AN24: =god+5&" год" -> 2031 год | AO24: =god+6&" год" -> 2032 год | AP24: =god+7&" год" -> 2033 год | AQ24: =god+8&" год" -> 2034 год | AR24: =god+9&" год" -> 2035 год | AS24: =god&" год" -> 2026 год | AT24: =god+1&" год" -> 2027 год | AU24: =god+2&" год" -> 2028 год | AV24: =god+3&" год" -> 2029 год | AW24: =god+4&" год" -> 2030 год | AX24: =god+5&" год" -> 2031 год | AY24: =god+6&" год" -> 2032 год | AZ24: =god+7&" год" -> 2033 год | BA24: =god+8&" год" -> 2034 год | BB24: =god+9&" год" -> 2035 год
E25: 69 | AE25: Принято органом регулирования | AF25: Факт по данным организации | AG25: Факт, принятый органом регулирования | AH25: Принято органом регулирования | AI25: Предложение организации | AJ25: Предложение организации | AK25: Предложение организации | AL25: Предложение организации | AM25: Предложение организации | AN25: Предложение организации | AO25: Предложение организации | AP25: Предложение организации | AQ25: Предложение организации | AR25: Предложение организации | AS25: Принято органом регулирования | AT25: Принято органом регулирования | AU25: Принято органом регулирования | AV25: Принято органом регулирования | AW25: Принято органом регулирования | AX25: Принято органом регулирования | AY25: Принято органом регулирования | AZ25: Принято органом регулирования | BA25: Принято органом регулирования | BB25: Принято органом регулирования
E26: 0
E27: 15 | F27: {=Y27} -> 0 | V27: =Y27>0 -> 0 | X27: et_1 | Y27: 0 | AB27: {=INDEX('Общие сведения'!$AG$197:$AG$254,MATCH($Y27,'Общие сведения'!$Z$197:$Z$254,0))} -> Тариф 0 () -
E28: 22.5 | F28: {=OFFSET(E28,-1,1)} -> 0 | V28: {=V27} -> false | AB28: 1 | AC28: Индекс изменения количества активов | BD28: P_IND_ACTIVE
E29: 24 | F29: {=OFFSET(E29,-1,1)} -> 0 | V29: {=V28} -> false | AB29: 2 | AC29: Изменение количества условных километров водопроводной (канализационной) сети | AD29: % | BD29: P_IND_KM
E30: 71.25 | F30: {=OFFSET(E30,-1,1)} -> 0 | V30: {=V29} -> false | AB30: 3 | AC30: Изменение операционных расходов на_x000D_ водоподготовку, очистку сточных вод, связанное с вводом в эксплуатацию нового объекта водоподготовки, включая резервуары воды, очистки сточных вод в году i | AD30: % | BD30: P_OPER
E31: 24.75 | F31: {=OFFSET(E31,-1,1)} -> 0 | V31: {=V30} -> false | AB31: 4 | AC31: Индекс эффективности операционных расходов | BD31: P_IND_EFFECTIVE
E32: 15 | F32: {=Y32} -> 1 | V32: =Y32>0 -> 1 | X32: {=Сценарии!$AB$55} -> Тариф 1 (Водоснабжение) - тариф на питьевую воду (Оказание услуг на территории: город Ленинск-Кузнецкий (ОКТМО: 32719000) - г Ленинск-Кузнецкий, г Полысаево) | Y32: 1 | AB32: {=Сценарии!$AB$55} -> Тариф 1 (Водоснабжение) - тариф на питьевую воду (Оказание услуг на территории: город Ленинск-Кузнецкий (ОКТМО: 32719000) - г Ленинск-Кузнецкий, г Полысаево)
E33: 22.5 | F33: {=OFFSET(E33,-1,1)} -> 1 | V33: {=V32} -> true | AB33: 1 | AC33: Индекс изменения количества активов | AE33: =0.0000642+0.0000033 -> 6.75e-05 | AF33: =0.0001858+0.0000402 -> 0.000226 | AH33: 0 | AI33: 0 | AS33: 0 | BD33: P_IND_ACTIVE
E34: 24 | F34: {=OFFSET(E34,-1,1)} -> 1 | V34: {=V33} -> true | AB34: 2 | AC34: Изменение количества условных километров водопроводной (канализационной) сети | AD34: % | AE34: 0 | AF34: =0.0917+0.0109433 -> 0.1026433 | AH34: 0 | AI34: 0 | AS34: 0 | BD34: P_IND_KM
E35: 71.25 | F35: {=OFFSET(E35,-1,1)} -> 1 | V35: {=V34} -> true | AB35: 3 | AC35: Изменение операционных расходов на_x000D_ водоподготовку, очистку сточных вод, связанное с вводом в эксплуатацию нового объекта водоподготовки, включая резервуары воды, очистки сточных вод в году i | AD35: % | AE35: 0 | AF35: 0 | AH35: 0 | AI35: 0 | AS35: 0 | BD35: P_OPER
E36: 24.75 | F36: {=OFFSET(E36,-1,1)} -> 1 | V36: {=V35} -> true | AB36: 4 | AC36: Индекс эффективности операционных расходов | AE36: 1 | AH36: 0 | AS36: 1 | BD36: P_IND_EFFECTIVE
E37: 15 | F37: {=Y37} -> 2 | V37: =Y37>0 -> 1 | X37: {=Сценарии!$AB$82} -> Тариф 2 (Водоотведение) - тариф на водоотведение (Оказание услуг на территории: город Ленинск-Кузнецкий (ОКТМО: 32719000) - г Ленинск-Кузнецкий) | Y37: 2 | AB37: {=Сценарии!$AB$82} -> Тариф 2 (Водоотведение) - тариф на водоотведение (Оказание услуг на территории: город Ленинск-Кузнецкий (ОКТМО: 32719000) - г Ленинск-Кузнецкий)
E38: 22.5 | F38: {=OFFSET(E38,-1,1)} -> 2 | V38: {=V37} -> true | AB38: 1 | AC38: Индекс изменения количества активов | AE38: 0 | AF38: 0.0001189 | AH38: 0 | AI38: 0 | AS38: 0 | BD38: P_IND_ACTIVE
E39: 24 | F39: {=OFFSET(E39,-1,1)} -> 2 | V39: {=V38} -> true | AB39: 2 | AC39: Изменение количества условных километров водопроводной (канализационной) сети | AD39: % | AE39: 0 | AF39: 0.0428 | AH39: 0 | AI39: 0 | AS39: 0 | BD39: P_IND_KM
E40: 71.25 | F40: {=OFFSET(E40,-1,1)} -> 2 | V40: {=V39} -> true | AB40: 3 | AC40: Изменение операционных расходов на_x000D_ водоподготовку, очистку сточных вод, связанное с вводом в эксплуатацию нового объекта водоподготовки, включая резервуары воды, очистки сточных вод в году i | AD40: % | AE40: 0 | AF40: 0 | AH40: 0 | AI40: 0 | AS40: 0 | BD40: P_OPER
E41: 24.75 | F41: {=OFFSET(E41,-1,1)} -> 2 | V41: {=V40} -> true | AB41: 4 | AC41: Индекс эффективности операционных расходов | AE41: 1 | AH41: 0 | AS41: 1 | BD41: P_IND_EFFECTIVE
E42: 15 | F42: {=Y42} -> 3 | V42: =Y42>0 -> 1 | X42: {=Сценарии!$AB$109} -> Тариф 3 (Водоотведение) - тариф на водоотведение (Оказание услуг на территории: город Полысаево (ОКТМО: 32732000) - г Полысаево) | Y42: 3 | AB42: {=Сценарии!$AB$109} -> Тариф 3 (Водоотведение) - тариф на водоотведение (Оказание услуг на территории: город Полысаево (ОКТМО: 32732000) - г Полысаево)
E43: 22.5 | F43: {=OFFSET(E43,-1,1)} -> 3 | V43: {=V42} -> true | AB43: 1 | AC43: Индекс изменения количества активов | AE43: 0 | AF43: 4.02e-05 | AH43: 0 | AI43: 0 | AS43: 0 | BD43: P_IND_ACTIVE
E44: 24 | F44: {=OFFSET(E44,-1,1)} -> 3 | V44: {=V43} -> true | AB44: 2 | AC44: Изменение количества условных километров водопроводной (канализационной) сети | AD44: % | AE44: 0 | AF44: 0.0109433 | AH44: 0 | AI44: 0 | AS44: 0 | BD44: P_IND_KM
E45: 71.25 | F45: {=OFFSET(E45,-1,1)} -> 3 | V45: {=V44} -> true | AB45: 3 | AC45: Изменение операционных расходов на_x000D_ водоподготовку, очистку сточных вод, связанное с вводом в эксплуатацию нового объекта водоподготовки, включая резервуары воды, очистки сточных вод в году i | AD45: % | AE45: 0 | AF45: 0 | AH45: 0 | AI45: 0 | AS45: 0 | BD45: P_OPER
E46: 24.75 | F46: {=OFFSET(E46,-1,1)} -> 3 | V46: {=V45} -> true | AB46: 4 | AC46: Индекс эффективности операционных расходов | AE46: 1 | AH46: 0 | AS46: 1 | BD46: P_IND_EFFECTIVE
E47: 11 | F47: {=OFFSET(E47,-1,1)} -> 3 | W47: Добавить | X47: { _x000D_ funcDyn: 'msg1',_x000D_ blok: 'blok_1',_x000D_ wsCross: 'Баланс',_x000D_ linkFormula: 'AB-AB',_x000D_ levelDyn: ''_x000D_ }

Sheet Баланс
F1: tariffNum | H1: pok | T1: vis_1 | U1: dyn_1 | V1: blok_1 | W1: blok_2 | X1: ren_1 | Y1: del_1 | Z1: ren_2 | AA1: del_2 | AC1: dyn_2 | BF1: pok_js
B2: flag_vis | AF2: {=isOrgDeclare} -> true | AI2: =AND(AI6<=last_year_vis,isOrgDeclare) -> 1 | AJ2: =AND(AJ6<=last_year_vis,isOrgDeclare) -> 0 | AK2: =AND(AK6<=last_year_vis,isOrgDeclare) -> 0 | AL2: =AND(AL6<=last_year_vis,isOrgDeclare) -> 0 | AM2: =AND(AM6<=last_year_vis,isOrgDeclare) -> 0 | AN2: =AND(AN6<=last_year_vis,isOrgDeclare) -> 0 | AO2: =AND(AO6<=last_year_vis,isOrgDeclare) -> 0 | AP2: =AND(AP6<=last_year_vis,isOrgDeclare) -> 0 | ... AR2: =AND(AR6<=last_year_vis,isOrgDeclare) -> 0 | AS2: =AS6<=last_year_vis -> 1 | AT2: =AT6<=last_year_vis -> 0 | AU2: =AU6<=last_year_vis -> 0 | AV2: =AV6<=last_year_vis -> 0 | AW2: =AW6<=last_year_vis -> 0 | AX2: =AX6<=last_year_vis -> 0 | AY2: =AY6<=last_year_vis -> 0 | AZ2: =AZ6<=last_year_vis -> 0 | ... BB2: =BB6<=last_year_vis -> 0
E5: flag_size | AA5: 3 | AB5: 11 | AC5: 50 | AD5: 10.29 | AE5: 13 | AF5: 13 | AG5: 13 | AH5: 13 | AI5: 13 | AJ5: 13 | AK5: 13 | AL5: 13 | AM5: 13 | AN5: 13 | AO5: 13 | AP5: 13 | AQ5: 13 | AR5: 13 | AS5: 13 | AT5: 13 | AU5: 13 | AV5: 13 | AW5: 13 | AX5: 13 | AY5: 13 | AZ5: 13 | BA5: 13 | BB5: 13 | BC5: 20 | BD5: 3
A6: prd2_name | AE6: =god-2 -> 2024 | AF6: =god-2 -> 2024 | AG6: =god-2 -> 2024 | AH6: =god-1 -> 2025 | AI6: {=god} -> 2026 | AJ6: =god+1 -> 2027 | AK6: =god+2 -> 2028 | AL6: =god+3 -> 2029 | AM6: =god+4 -> 2030 | AN6: =god+5 -> 2031 | AO6: =god+6 -> 2032 | AP6: =god+7 -> 2033 | AQ6: =god+8 -> 2034 | AR6: =god+9 -> 2035 | AS6: {=god} -> 2026 | AT6: =god+1 -> 2027 | AU6: =god+2 -> 2028 | AV6: =god+3 -> 2029 | AW6: =god+4 -> 2030 | AX6: =god+5 -> 2031 | AY6: =god+6 -> 2032 | AZ6: =god+7 -> 2033 | BA6: =god+8 -> 2034 | BB6: =god+9 -> 2035
A7: pf_name | AE7: {=AE25} -> Принято органом регулирования | AF7: {=AF25} -> Факт по данным организации | AG7: {=AG25} -> Факт, принятый органом регулирования | AH7: {=AH25} -> Принято органом регулирования | AI7: {=AI25} -> Предложение организации | AJ7: {=AJ25} -> Предложение организации | AK7: {=AK25} -> Предложение организации | AL7: {=AL25} -> Предложение организации | ... BB7: {=BB25} -> Принято органом регулирования
AE8: =AE6&AE7 -> 2024Принято органом регулирования | AF8: =AF6&AF7 -> 2024Факт по данным организации | AG8: =AG6&AG7 -> 2024Факт, принятый органом регулирования | AH8: =AH6&AH7 -> 2025Принято органом регулирования | AI8: =AI6&AI7 -> 2026Предложение организации | AJ8: =AJ6&AJ7 -> 2027Предложение организации | AK8: =AK6&AK7 -> 2028Предложение организации | AL8: =AL6&AL7 -> 2029Предложение организации | ... BB8: =BB6&BB7 -> 2035Принято органом регулирования
A9: PJ_YEAR | AE9: {=AE6} -> 2024 | AF9: {=AF6} -> 2024 | AG9: {=AG6} -> 2024 | AH9: {=AH6} -> 2025 | AI9: {=AI6} -> 2026 | AJ9: {=AJ6} -> 2027 | AK9: {=AK6} -> 2028 | AL9: {=AL6} -> 2029 | ... BB9: {=BB6} -> 2035
A10: PJ_PF | AE10: {=AE25} -> Принято органом регулирования | AF10: {=AF25} -> Факт по данным организации | AG10: {=AG25} -> Факт, принятый органом регулирования | AH10: {=AH25} -> Принято органом регулирования | AI10: {=AI25} -> Предложение организации | AJ10: {=AJ25} -> Предложение организации | AK10: {=AK25} -> Предложение организации | AL10: {=AL25} -> Предложение организации | ... BB10: {=BB25} -> Принято органом регулирования
A11: PJ_DOP | BC11: {=BC24} -> Ссылка на правовую норму (основание для принятия показателя в расчет тарифа)
E21: 15 | AC21: {=tpl_title} -> Кемеровская область / 2026 / ОАО «СКЭК» (ИНН:4205153492, КПП:420501001) / ДПР: 2024-2028
E22: 20 | AB22: Баланс водоснабжения / водоотведения
E23: 11.25
E24: 15 | AB24: № п/п | AC24: Наименование показателя | AD24: Единица измерения | AE24: =god-2&" год" -> 2024 год | AF24: =god-2&" год" -> 2024 год | AG24: =god-2&" год" -> 2024 год | AH24: =god-1&" год" -> 2025 год | AI24: =god&" год" -> 2026 год | AJ24: =god+1&" год" -> 2027 год | AK24: =god+2&" год" -> 2028 год | AL24: =god+3&" год" -> 2029 год | AM24: =god+4&" год" -> 2030 год | AN24: =god+5&" год" -> 2031 год | AO24: =god+6&" год" -> 2032 год | AP24: =god+7&" год" -> 2033 год | AQ24: =god+8&" год" -> 2034 год | AR24: =god+9&" год" -> 2035 год | AS24: =god&" год" -> 2026 год | AT24: =god+1&" год" -> 2027 год | AU24: =god+2&" год" -> 2028 год | AV24: =god+3&" год" -> 2029 год | AW24: =god+4&" год" -> 2030 год | AX24: =god+5&" год" -> 2031 год | AY24: =god+6&" год" -> 2032 год | AZ24: =god+7&" год" -> 2033 год | BA24: =god+8&" год" -> 2034 год | BB24: =god+9&" год" -> 2035 год | BC24: Ссылка на правовую норму (основание для принятия показателя в расчет тарифа)
E25: 70.25 | AE25: Принято органом регулирования | AF25: Факт по данным организации | AG25: Факт, принятый органом регулирования | AH25: Принято органом регулирования | AI25: Предложение организации | AJ25: Предложение организации | AK25: Предложение организации | AL25: Предложение организации | AM25: Предложение организации | AN25: Предложение организации | AO25: Предложение организации | AP25: Предложение организации | AQ25: Предложение организации | AR25: Предложение организации | AS25: Принято органом регулирования | AT25: Принято органом регулирования | AU25: Принято органом регулирования | AV25: Принято органом регулирования | AW25: Принято органом регулирования | AX25: Принято органом регулирования | AY25: Принято органом регулирования | AZ25: Принято органом регулирования | BA25: Принято органом регулирования | BB25: Принято органом регулирования
E26: 0 | R26: isTransp | S26: VO/VS
E27: 15 | F27: {=X27} -> 0 | T27: =X27>0 -> 0 | V27: et_1 | X27: 0 | AB27: {=INDEX('Общие сведения'!$AG$197:$AG$254,MATCH($X27,'Общие сведения'!$Z$197:$Z$254,0))} -> Тариф 0 () -
E28: 15 | F28: {=OFFSET(E28,-1,1)} -> 0 | R28: {=INDEX('Общие сведения'!$AN$197:$AN$254,MATCH($X27,'Общие сведения'!$Z$197:$Z$254,0))} -> false | S28: =IF(ISERROR(SEARCH("Водоснабжение",AB27)),FALSE,TRUE) -> 0 | T28: =AND(X27>0,S28,NOT(R28)) -> 0 | AB28: 1 | AC28: Вид воды | AE28: {=INDEX('Общие сведения'!$AH$197:$AH$254,MATCH($X27,'Общие сведения'!$Z$197:$Z$254,0))} -> 0 | BF28: P_VS_WATER_TYPE
E29: 15 | F29: {=OFFSET(E29,-1,1)} -> 0 | H29: l4 | T29: {=T28} -> false | AB29: 2 | AC29: Объём воды из источников водоснабжения, всего | AD29: тыс.куб.м | AE29: =AE38+AE33-AE36 -> 0 | AF29: =AF38+AF33-AF36 -> 0 | AG29: =AG38+AG33-AG36 -> 0 | AH29: =AH38+AH33-AH36 -> 0 | AI29: =AI38+AI33-AI36 -> 0 | AJ29: =AJ38+AJ33-AJ36 -> 0 | AK29: =AK38+AK33-AK36 -> 0 | AL29: =AL38+AL33-AL36 -> 0 | ... BB29: =BB38+BB33-BB36 -> 0 | BF29: P_VS_VOL_SOURCES
E30: 15 | F30: {=OFFSET(E30,-1,1)} -> 0 | H30: l4_1 | T30: {=T29} -> false | AB30: 2.1 | AC30: Поднято воды из поверхностных источников | AD30: тыс.куб.м | BF30: P_VS_VOL_SOURCES_SURF
E31: 15 | F31: {=OFFSET(E31,-1,1)} -> 0 | H31: l4_2 | T31: {=T30} -> false | AB31: 2.2 | AC31: Поднято воды из подземных источников | AD31: тыс.куб.м | BF31: P_VS_VOL_SOURCES_UND
E32: 22.5 | F32: {=OFFSET(E32,-1,1)} -> 0 | H32: l4_3 | T32: {=T31} -> false | AB32: 2.3 | AC32: Доочищенная сточная вода для нужд технического водоснабжения | AD32: тыс.куб.м | BF32: P_VS_STOCK_CLEAN
E33: 15 | F33: {=OFFSET(E33,-1,1)} -> 0 | H33: l5 | T33: {=T32} -> false | AB33: 3 | AC33: Расход воды на технологические нужды всего | AD33: тыс.куб.м | AE33: =SUM(AE34:AE35) -> 0 | AF33: =SUM(AF34:AF35) -> 0 | AG33: =SUM(AG34:AG35) -> 0 | AH33: =SUM(AH34:AH35) -> 0 | AI33: =SUM(AI34:AI35) -> 0 | AJ33: =SUM(AJ34:AJ35) -> 0 | AK33: =SUM(AK34:AK35) -> 0 | AL33: =SUM(AL34:AL35) -> 0 | ... BB33: =SUM(BB34:BB35) -> 0 | BF33: P_VS_TEH_USE
E34: 15 | F34: {=OFFSET(E34,-1,1)} -> 0 | H34: l5_1 | T34: {=T33} -> false | AB34: 3.1 | AC34: Расход воды на собственные нужды водоподготовки | AD34: тыс.куб.м | BF34: P_VS_TEH_USE_SELF
E35: 15 | F35: {=OFFSET(E35,-1,1)} -> 0 | H35: l5_2 | T35: {=T34} -> false | AB35: 3.2 | AC35: Расход воды на промывку сетей | AD35: тыс.куб.м | BF35: P_VS_TEH_USE_CLEAN
E36: 15 | F36: {=OFFSET(E36,-1,1)} -> 0 | H36: l6 | T36: {=T35} -> false | AB36: 4 | AC36: Получено воды со стороны | AD36: тыс.куб.м | BF36: P_VS_WATER_FROM_OTHER
E37: 15 | F37: {=OFFSET(E37,-1,1)} -> 0 | H37: l7 | T37: {=T36} -> false | AB37: 5 | AC37: Объём воды, прошедшей водоподготовку (справочно) | AD37: тыс.куб.м | BF37: P_VS_VOL_PREPAIRED
E38: 15 | F38: {=OFFSET(E38,-1,1)} -> 0 | H38: l8 | T38: {=T37} -> false | AB38: 6 | AC38: Объём воды, поданной в сеть всего | AD38: тыс.куб.м | AE38: =AE44+AE42 -> 0 | AF38: =AF44+AF42 -> 0 | AG38: =AG44+AG42 -> 0 | AH38: =AH44+AH42 -> 0 | AI38: =AI44+AI42 -> 0 | AJ38: =AJ44+AJ42 -> 0 | AK38: =AK44+AK42 -> 0 | AL38: =AL44+AL42 -> 0 | ... BB38: =BB44+BB42 -> 0 | BF38: P_VS_VOL_NETS
E39: 22.5 | F39: {=OFFSET(E39,-1,1)} -> 0 | H39: l8_1 | T39: {=T38} -> false | AB39: 6.1 | AC39: Объём воды, поданной в сеть из собственных источников | AD39: тыс.куб.м | BF39: P_VS_VOL_NETS_SELF
E40: 15 | F40: {=OFFSET(E40,-1,1)} -> 0 | H40: l8_2 | T40: {=T39} -> false | AB40: 6.2 | AC40: Объём воды, поданной в сеть от других операторов | AD40: тыс.куб.м | BF40: P_VS_VOL_NETS_OTHER
E41: 22.5 | F41: {=OFFSET(E41,-1,1)} -> 0 | H41: l8_3 | T41: {=T40} -> false | AB41: 6.3 | AC41: Получено от других территорий, дифференцированных по тарифу | AD41: тыс.куб.м | BF41: P_VS_VOL_NETS_OTHER_TERR
E42: 15 | F42: {=OFFSET(E42,-1,1)} -> 0 | H42: l9 | T42: {=T41} -> false | AB42: 7 | AC42: Потери воды | AD42: тыс.куб.м | BF42: P_VS_LOSS
E43: 15 | F43: {=OFFSET(E43,-1,1)} -> 0 | H43: l9_1 | T43: {=T42} -> false | AB43: 7.1 | AC43: Уровень потерь воды | AD43: % | AE43: =IF(AE38=0,0,AE42/AE38*100) -> 0 | AF43: =IF(AF38=0,0,AF42/AF38*100) -> 0 | AG43: =IF(AG38=0,0,AG42/AG38*100) -> 0 | AH43: =IF(AH38=0,0,AH42/AH38*100) -> 0 | AI43: =IF(AI38=0,0,AI42/AI38*100) -> 0 | AJ43: =IF(AJ38=0,0,AJ42/AJ38*100) -> 0 | AK43: =IF(AK38=0,0,AK42/AK38*100) -> 0 | AL43: =IF(AL38=0,0,AL42/AL38*100) -> 0 | ... BB43: =IF(BB38=0,0,BB42/BB38*100) -> 0 | BF43: P_VS_LOSS_PERCENT
E44: 15 | F44: {=OFFSET(E44,-1,1)} -> 0 | H44: l10 | T44: {=T43} -> false | AB44: 8 | AC44: Отпущено воды, всего | AD44: тыс.куб.м | AE44: =AE45+AE49+AE52+AE62 -> 0 | AF44: =AF45+AF49+AF52+AF62 -> 0 | AG44: =AG45+AG49+AG52+AG62 -> 0 | AH44: =AH45+AH49+AH52+AH62 -> 0 | AI44: =AI45+AI49+AI52+AI62 -> 0 | AJ44: =AJ45+AJ49+AJ52+AJ62 -> 0 | AK44: =AK45+AK49+AK52+AK62 -> 0 | AL44: =AL45+AL49+AL52+AL62 -> 0 | ... BB44: =BB45+BB49+BB52+BB62 -> 0 | BF44: P_VS_RELEASE
E45: 15 | F45: {=OFFSET(E45,-1,1)} -> 0 | G45: =IF(OwnNeedsInPO="да","ПО","") -> ПО | H45: l10_1 | T45: {=T44} -> false | AB45: 8.1 | AC45: Расход воды на нужды предприятия | AD45: тыс.куб.м | AE45: =SUM(AE46:AE48) -> 0 | AF45: =SUM(AF46:AF48) -> 0 | AG45: =SUM(AG46:AG48) -> 0 | AH45: =SUM(AH46:AH48) -> 0 | AI45: =SUM(AI46:AI48) -> 0 | AJ45: =SUM(AJ46:AJ48) -> 0 | AK45: =SUM(AK46:AK48) -> 0 | AL45: =SUM(AL46:AL48) -> 0 | ... BB45: =SUM(BB46:BB48) -> 0 | BF45: P_VS_RELEASE_SELF
E46: 15 | F46: {=OFFSET(E46,-1,1)} -> 0 | H46: l10_1_1 | T46: {=T45} -> false | AB46: 8.1.1 | AC46: хозяйственные нужды | AD46: тыс.куб.м | BF46: P_VS_RELEASE_SELF_HOZ
E47: 15 | F47: {=OFFSET(E47,-1,1)} -> 0 | H47: l10_1_2 | T47: {=T46} -> false | AB47: 8.1.2 | AC47: на основное производство | AD47: тыс.куб.м | BF47: P_VS_RELEASE_SELF_PROD
E48: 15 | F48: {=OFFSET(E48,-1,1)} -> 0 | H48: l10_1_3 | T48: {=T47} -> false | AB48: 8.1.3 | AC48: прочие | AD48: тыс.куб.м | BF48: P_VS_RELEASE_SELF_OTHER
E49: 15 | F49: {=OFFSET(E49,-1,1)} -> 0 | G49: ПО | H49: l10_2 | T49: {=T48} -> false | AB49: 8.2 | AC49: Отпущено воды другим водопроводам | AD49: тыс.куб.м | AE49: =SUM(AE50:AE51) -> 0 | AF49: =SUM(AF50:AF51) -> 0 | AG49: =SUM(AG50:AG51) -> 0 | AH49: =SUM(AH50:AH51) -> 0 | AI49: =SUM(AI50:AI51) -> 0 | AJ49: =SUM(AJ50:AJ51) -> 0 | AK49: =SUM(AK50:AK51) -> 0 | AL49: =SUM(AL50:AL51) -> 0 | ... BB49: =SUM(BB50:BB51) -> 0 | BF49: P_VS_RELEASE_OTHER_PIPES
E50: 15 | F50: {=OFFSET(E50,-1,1)} -> 0 | H50: l10_2_1 | T50: {=T49} -> false | AB50: 8.2.1 | AC50: по приборам учёта | AD50: тыс.куб.м | BF50: P_VS_RELEASE_OTHER_PIPES_METERS
E51: 15 | F51: {=OFFSET(E51,-1,1)} -> 0 | H51: l10_2_2 | T51: {=T50} -> false | AB51: 8.2.2 | AC51: по нормативам | AD51: тыс.куб.м | BF51: P_VS_RELEASE_OTHER_PIPES_NORMS
E52: 15 | F52: {=OFFSET(E52,-1,1)} -> 0 | G52: ПО | H52: l10_3 | T52: {=T51} -> false | AB52: 8.3 | AC52: Отпущено воды по категориям потребителей | AD52: тыс.куб.м | AE52: =AE53+AE56+AE59 -> 0 | AF52: =AF53+AF56+AF59 -> 0 | AG52: =AG53+AG56+AG59 -> 0 | AH52: =AH53+AH56+AH59 -> 0 | AI52: =AI53+AI56+AI59 -> 0 | AJ52: =AJ53+AJ56+AJ59 -> 0 | AK52: =AK53+AK56+AK59 -> 0 | AL52: =AL53+AL56+AL59 -> 0 | ... BB52: =BB53+BB56+BB59 -> 0 | BF52: P_VS_RELEASE_CONS
E53: 15 | F53: {=OFFSET(E53,-1,1)} -> 0 | H53: l10_3_1 | T53: {=T52} -> false | AB53: 8.3.1 | AC53: Финансируемые из бюджетов всех уровней | AD53: тыс.куб.м | AE53: =SUM(AE54:AE55) -> 0 | AF53: =SUM(AF54:AF55) -> 0 | AG53: =SUM(AG54:AG55) -> 0 | AH53: =SUM(AH54:AH55) -> 0 | AI53: =SUM(AI54:AI55) -> 0 | AJ53: =SUM(AJ54:AJ55) -> 0 | AK53: =SUM(AK54:AK55) -> 0 | AL53: =SUM(AL54:AL55) -> 0 | ... BB53: =SUM(BB54:BB55) -> 0 | BF53: P_VS_RELEASE_CONS_BUDJ
E54: 15 | F54: {=OFFSET(E54,-1,1)} -> 0 | H54: l10_3_1_1 | T54: {=T53} -> false | AB54: 8.3.1.1 | AC54: по приборам учёта | AD54: тыс.куб.м | BF54: P_VS_RELEASE_CONS_BUDJ_METERS
E55: 15 | F55: {=OFFSET(E55,-1,1)} -> 0 | H55: l10_3_1_2 | T55: {=T54} -> false | AB55: 8.3.1.2 | AC55: по нормативам | AD55: тыс.куб.м | BF55: P_VS_RELEASE_CONS_BUDJ_NORMS
E56: 15 | F56: {=OFFSET(E56,-1,1)} -> 0 | G56: население | H56: l10_3_2 | T56: {=T55} -> false | AB56: 8.3.2 | AC56: Население | AD56: тыс.куб.м | AE56: =SUM(AE57:AE58) -> 0 | AF56: =SUM(AF57:AF58) -> 0 | AG56: =SUM(AG57:AG58) -> 0 | AH56: =SUM(AH57:AH58) -> 0 | AI56: =SUM(AI57:AI58) -> 0 | AJ56: =SUM(AJ57:AJ58) -> 0 | AK56: =SUM(AK57:AK58) -> 0 | AL56: =SUM(AL57:AL58) -> 0 | ... BB56: =SUM(BB57:BB58) -> 0 | BF56: P_VS_RELEASE_CONS_PEOPLE
E57: 15 | F57: {=OFFSET(E57,-1,1)} -> 0 | H57: l10_3_2_1 | T57: {=T56} -> false | AB57: 8.3.2.1 | AC57: по приборам учёта | AD57: тыс.куб.м | BF57: P_VS_RELEASE_CONS_PEOPLE_METERS
E58: 15 | F58: {=OFFSET(E58,-1,1)} -> 0 | H58: l10_3_2_2 | T58: {=T57} -> false | AB58: 8.3.2.2 | AC58: по нормативам | AD58: тыс.куб.м | BF58: P_VS_RELEASE_CONS_PEOPLE_NORMS
E59: 15 | F59: {=OFFSET(E59,-1,1)} -> 0 | H59: l10_3_3 | T59: {=T58} -> false | AB59: 8.3.3 | AC59: Прочие потребители | AD59: тыс.куб.м | AE59: =SUM(AE60:AE61) -> 0 | AF59: =SUM(AF60:AF61) -> 0 | AG59: =SUM(AG60:AG61) -> 0 | AH59: =SUM(AH60:AH61) -> 0 | AI59: =SUM(AI60:AI61) -> 0 | AJ59: =SUM(AJ60:AJ61) -> 0 | AK59: =SUM(AK60:AK61) -> 0 | AL59: =SUM(AL60:AL61) -> 0 | ... BB59: =SUM(BB60:BB61) -> 0 | BF59: P_VS_RELEASE_CONS_OTHER
E60: 15 | F60: {=OFFSET(E60,-1,1)} -> 0 | H60: l10_3_3_1 | T60: {=T59} -> false | AB60: 8.3.3.1 | AC60: по приборам учёта | AD60: тыс.куб.м | BF60: P_VS_RELEASE_CONS_OTHER_METERS
E61: 15 | F61: {=OFFSET(E61,-1,1)} -> 0 | H61: l10_3_3_2 | T61: {=T60} -> false | AB61: 8.3.3.2 | AC61: по нормативам | AD61: тыс.куб.м | BF61: P_VS_RELEASE_CONS_OTHER_NORMS
E62: 22.5 | F62: {=OFFSET(E62,-1,1)} -> 0 | H62: l10_4 | T62: {=T61} -> false | AB62: 8.4 | AC62: Передано на другие территории, дифференцированные по тарифу | AD62: тыс.куб.м | BF62: P_VS_RELEASE_OTHER_TERR
E63: 15 | F63: {=OFFSET(E63,-1,1)} -> 0 | T63: {=T62} -> false | AB63: 8.5 | AC63: Для приготовления горячей воды (справочно) | AD63: тыс.куб.м | BF63: P_VS_RELEASE_HOT
E64: 0 | F64: {=OFFSET(E64,-1,1)} -> 0 | T64: FALSE
E65: 15 | F65: {=OFFSET(E65,-1,1)} -> 0 | R65: {=INDEX('Общие сведения'!$AN$197:$AN$254,MATCH($X27,'Общие сведения'!$Z$197:$Z$254,0))} -> false | S65: =IF(ISERROR(SEARCH("Водоснабжение",AB27)),FALSE,TRUE) -> 0 | T65: =AND(X27>0,S65,R65) -> 0 | AB65: 1 | AC65: Вид воды | AE65: {=INDEX('Общие сведения'!$AH$197:$AH$254,MATCH($X27,'Общие сведения'!$Z$197:$Z$254,0))} -> 0 | BF65: P_VS_TR_WATER_TYPE
E66: 15 | F66: {=OFFSET(E66,-1,1)} -> 0 | H66: l4 | T66: {=T65} -> false | AB66: 2 | AC66: Объём воды, поступившей в сеть | AD66: тыс.куб.м | AE66: =AE70+AE72+AE75+AE78 -> 0 | AF66: =AF70+AF72+AF75+AF78 -> 0 | AG66: =AG70+AG72+AG75+AG78 -> 0 | AH66: =AH70+AH72+AH75+AH78 -> 0 | AI66: =AI70+AI72+AI75+AI78 -> 0 | AJ66: =AJ70+AJ72+AJ75+AJ78 -> 0 | AK66: =AK70+AK72+AK75+AK78 -> 0 | AL66: =AL70+AL72+AL75+AL78 -> 0 | ... BB66: =BB70+BB72+BB75+BB78 -> 0 | BF66: P_VS_TR_VOL_NETS
E67: 15 | F67: {=OFFSET(E67,-1,1)} -> 0 | H67: l4_1 | T67: {=T66} -> false | AB67: 2.1 | AC67: из собственных источников | AD67: тыс.куб.м | BF67: P_VS_TR_VOL_NETS_SELF
E68: 15 | F68: {=OFFSET(E68,-1,1)} -> 0 | H68: l4_2 | T68: {=T67} -> false | AB68: 2.2 | AC68: от других операторов | AD68: тыс.куб.м | BF68: P_VS_TR_VOL_NETS_OTHER
E69: 22.5 | F69: {=OFFSET(E69,-1,1)} -> 0 | H69: l4_3 | T69: {=T68} -> false | AB69: 2.3 | AC69: получено от других территорий, дифференцированных по тарифу | AD69: тыс.куб.м | BF69: P_VS_TR_VOL_NETS_OTHER_TERR
E70: 15 | F70: {=OFFSET(E70,-1,1)} -> 0 | H70: l5 | T70: {=T69} -> false | AB70: 3 | AC70: Потери воды | AD70: тыс.куб.м | BF70: P_VS_TR_LOSS
E71: 15 | F71: {=OFFSET(E71,-1,1)} -> 0 | H71: l5_1 | T71: {=T70} -> false | AB71: 3.1 | AC71: Уровень потерь воды | AD71: % | AE71: =IF(AE66=0,0,AE70/AE66*100) -> 0 | AF71: =IF(AF66=0,0,AF70/AF66*100) -> 0 | AG71: =IF(AG66=0,0,AG70/AG66*100) -> 0 | AH71: =IF(AH66=0,0,AH70/AH66*100) -> 0 | AI71: =IF(AI66=0,0,AI70/AI66*100) -> 0 | AJ71: =IF(AJ66=0,0,AJ70/AJ66*100) -> 0 | AK71: =IF(AK66=0,0,AK70/AK66*100) -> 0 | AL71: =IF(AL66=0,0,AL70/AL66*100) -> 0 | ... BB71: =IF(BB66=0,0,BB70/BB66*100) -> 0 | BF71: P_VS_TR_LOSS_PERCENT
E72: 15 | F72: {=OFFSET(E72,-1,1)} -> 0 | G72: =IF(OwnNeedsInPO="да","ПО","") -> ПО | H72: l6 | T72: {=T71} -> false | AB72: 4 | AC72: Расход воды на нужды предприятия | AD72: тыс.куб.м | AE72: =AE73+AE74 -> 0 | AF72: =AF73+AF74 -> 0 | AG72: =AG73+AG74 -> 0 | AH72: =AH73+AH74 -> 0 | AI72: =AI73+AI74 -> 0 | AJ72: =AJ73+AJ74 -> 0 | AK72: =AK73+AK74 -> 0 | AL72: =AL73+AL74 -> 0 | ... BB72: =BB73+BB74 -> 0 | BF72: P_VS_TR_RELEASE_SELF
E73: 15 | F73: {=OFFSET(E73,-1,1)} -> 0 | H73: l6_1 | T73: {=T72} -> false | AB73: 4.1 | AC73: хозяйственные нужды | AD73: тыс.куб.м | BF73: P_VS_TR_RELEASE_SELF_HOZ
E74: 15 | F74: {=OFFSET(E74,-1,1)} -> 0 | H74: l6_2 | T74: {=T73} -> false | AB74: 4.2 | AC74: на основное производство | AD74: тыс.куб.м | BF74: P_VS_TR_RELEASE_SELF_PROD
E75: 15 | F75: {=OFFSET(E75,-1,1)} -> 0 | G75: ПО | H75: l7 | T75: {=T74} -> false | AB75: 5 | AC75: Отпущено воды другим водопроводам | AD75: тыс.куб.м | AE75: =AE76+AE77 -> 0 | AF75: =AF76+AF77 -> 0 | AG75: =AG76+AG77 -> 0 | AH75: =AH76+AH77 -> 0 | AI75: =AI76+AI77 -> 0 | AJ75: =AJ76+AJ77 -> 0 | AK75: =AK76+AK77 -> 0 | AL75: =AL76+AL77 -> 0 | ... BB75: =BB76+BB77 -> 0 | BF75: P_VS_TR_RELEASE_OTHER_PIPES
E76: 15 | F76: {=OFFSET(E76,-1,1)} -> 0 | H76: l7_1 | T76: {=T75} -> false | AB76: 5.1 | AC76: по приборам учёта | AD76: тыс.куб.м | BF76: P_VS_TR_RELEASE_OTHER_PIPES_METERS
E77: 15 | F77: {=OFFSET(E77,-1,1)} -> 0 | H77: l7_2 | T77: {=T76} -> false | AB77: 5.2 | AC77: по нормативам | AD77: тыс.куб.м | BF77: P_VS_TR_RELEASE_OTHER_PIPES_NORMS
E78: 22.5 | F78: {=OFFSET(E78,-1,1)} -> 0 | H78: l8 | T78: {=T77} -> false | AB78: 6 | AC78: Передано на другие территории, дифференцированные по тарифу | AD78: тыс.куб.м | BF78: P_VS_TR_RELEASE_OTHER_TERR
E79: 15 | F79: {=OFFSET(E79,-1,1)} -> 0 | T79: {=T78} -> false | AB79: 8.5 | AC79: Для приготовления горячей воды (справочно) | AD79: тыс.куб.м | BF79: P_VS_TR_RELEASE_HOT
E80: 0 | F80: {=OFFSET(E80,-1,1)} -> 0 | T80: FALSE
E81: 15 | F81: {=OFFSET(E81,-1,1)} -> 0 | R81: {=INDEX('Общие сведения'!$AN$197:$AN$254,MATCH($X27,'Общие сведения'!$Z$197:$Z$254,0))} -> false | S81: =IF(ISERROR(SEARCH("Водоотведение",AB27)),FALSE,TRUE) -> 0 | T81: =AND(X27>0,S81,NOT(R81)) -> 0 | AB81: 1 | AC81: Вид стоков | AE81: {=INDEX('Общие сведения'!$AH$197:$AH$254,MATCH($X27,'Общие сведения'!$Z$197:$Z$254,0))} -> 0 | BF81: P_VO_STOK_TYPE
E82: 15 | F82: {=OFFSET(E82,-1,1)} -> 0 | H82: l4 | T82: {=T81} -> false | AB82: 2 | AC82: Принято сточных вод, всего | AD82: тыс.куб.м | AE82: =AE83+AE84+AE97 -> 0 | AF82: =AF83+AF84+AF97 -> 0 | AG82: =AG83+AG84+AG97 -> 0 | AH82: =AH83+AH84+AH97 -> 0 | AI82: =AI83+AI84+AI97 -> 0 | AJ82: =AJ83+AJ84+AJ97 -> 0 | AK82: =AK83+AK84+AK97 -> 0 | AL82: =AL83+AL84+AL97 -> 0 | ... BB82: =BB83+BB84+BB97 -> 0 | BF82: P_VO_STOK_ACCEPT
E83: 15 | F83: {=OFFSET(E83,-1,1)} -> 0 | G83: =IF(OwnNeedsInPO="да","ПО","") -> ПО | H83: l5 | T83: {=T82} -> false | AB83: 3 | AC83: Хозяйственные нужды предприятия | AD83: тыс.куб.м | BF83: P_VO_STOK_SELF
E84: 15 | F84: {=OFFSET(E84,-1,1)} -> 0 | G84: ПО | H84: l6 | T84: {=T83} -> false | AB84: 4 | AC84: Принято по категориям потребителей | AD84: тыс.куб.м | AE84: =AE85+AE88+AE91+AE94 -> 0 | AF84: =AF85+AF88+AF91+AF94 -> 0 | AG84: =AG85+AG88+AG91+AG94 -> 0 | AH84: =AH85+AH88+AH91+AH94 -> 0 | AI84: =AI85+AI88+AI91+AI94 -> 0 | AJ84: =AJ85+AJ88+AJ91+AJ94 -> 0 | AK84: =AK85+AK88+AK91+AK94 -> 0 | AL84: =AL85+AL88+AL91+AL94 -> 0 | ... BB84: =BB85+BB88+BB91+BB94 -> 0 | BF84: P_VO_ACCEPT_CONS
E85: 15 | F85: {=OFFSET(E85,-1,1)} -> 0 | H85: l6_1 | T85: {=T84} -> false | AB85: 4.1 | AC85: Финансируемые из бюджетов всех уровней | AD85: тыс.куб.м | AE85: =AE86+AE87 -> 0 | AF85: =AF86+AF87 -> 0 | AG85: =AG86+AG87 -> 0 | AH85: =AH86+AH87 -> 0 | AI85: =AI86+AI87 -> 0 | AJ85: =AJ86+AJ87 -> 0 | AK85: =AK86+AK87 -> 0 | AL85: =AL86+AL87 -> 0 | ... BB85: =BB86+BB87 -> 0 | BF85: P_VO_ACCEPT_CONS_BUDJ
E86: 15 | F86: {=OFFSET(E86,-1,1)} -> 0 | H86: l6_1_1 | T86: {=T85} -> false | AB86: 4.1.1 | AC86: по приборам учёта | AD86: тыс.куб.м | BF86: P_VO_ACCEPT_CONS_BUDJ_METERS
E87: 15 | F87: {=OFFSET(E87,-1,1)} -> 0 | H87: l6_1_2 | T87: {=T86} -> false | AB87: 4.1.2 | AC87: по нормативам | AD87: тыс.куб.м | BF87: P_VO_ACCEPT_CONS_BUDJ_NORMS
E88: 15 | F88: {=OFFSET(E88,-1,1)} -> 0 | G88: население | H88: l6_2 | T88: {=T87} -> false | AB88: 4.2 | AC88: Население | AD88: тыс.куб.м | AE88: =AE89+AE90 -> 0 | AF88: =AF89+AF90 -> 0 | AG88: =AG89+AG90 -> 0 | AH88: =AH89+AH90 -> 0 | AI88: =AI89+AI90 -> 0 | AJ88: =AJ89+AJ90 -> 0 | AK88: =AK89+AK90 -> 0 | AL88: =AL89+AL90 -> 0 | ... BB88: =BB89+BB90 -> 0 | BF88: P_VO_ACCEPT_CONS_PEOPLE
E89: 15 | F89: {=OFFSET(E89,-1,1)} -> 0 | H89: l6_2_1 | T89: {=T88} -> false | AB89: 4.2.1 | AC89: по приборам учёта | AD89: тыс.куб.м | BF89: P_VO_ACCEPT_CONS_PEOPLE_METERS
E90: 15 | F90: {=OFFSET(E90,-1,1)} -> 0 | H90: l6_2_2 | T90: {=T89} -> false | AB90: 4.2.2 | AC90: по нормативам | AD90: тыс.куб.м | BF90: P_VO_ACCEPT_CONS_PEOPLE_NORMS
E91: 15 | F91: {=OFFSET(E91,-1,1)} -> 0 | H91: l6_3 | T91: {=T90} -> false | AB91: 4.3 | AC91: Прочие потребители | AD91: тыс.куб.м | AE91: =AE92+AE93 -> 0 | AF91: =AF92+AF93 -> 0 | AG91: =AG92+AG93 -> 0 | AH91: =AH92+AH93 -> 0 | AI91: =AI92+AI93 -> 0 | AJ91: =AJ92+AJ93 -> 0 | AK91: =AK92+AK93 -> 0 | AL91: =AL92+AL93 -> 0 | ... BB91: =BB92+BB93 -> 0 | BF91: P_VO_ACCEPT_CONS_OTHER
E92: 15 | F92: {=OFFSET(E92,-1,1)} -> 0 | H92: l6_3_1 | T92: {=T91} -> false | AB92: 4.3.1 | AC92: по приборам учёта | AD92: тыс.куб.м | BF92: P_VO_ACCEPT_CONS_OTHER_METERS
E93: 15 | F93: {=OFFSET(E93,-1,1)} -> 0 | H93: l6_3_2 | T93: {=T92} -> false | AB93: 4.3.2 | AC93: по нормативам | AD93: тыс.куб.м | BF93: P_VO_ACCEPT_CONS_OTHER_NORMS
E94: 15 | F94: {=OFFSET(E94,-1,1)} -> 0 | H94: l6_4 | T94: {=T93} -> false | AB94: 4.4 | AC94: Принято сточных вод от других канализационных сетей | AD94: тыс.куб.м | AE94: =AE95+AE96 -> 0 | AF94: =AF95+AF96 -> 0 | AG94: =AG95+AG96 -> 0 | AH94: =AH95+AH96 -> 0 | AI94: =AI95+AI96 -> 0 | AJ94: =AJ95+AJ96 -> 0 | AK94: =AK95+AK96 -> 0 | AL94: =AL95+AL96 -> 0 | ... BB94: =BB95+BB96 -> 0 | BF94: P_VO_ACCEPT_CONS_OTHER_SEWER
E95: 15 | F95: {=OFFSET(E95,-1,1)} -> 0 | H95: l6_4_1 | T95: {=T94} -> false | AB95: 4.4.1 | AC95: по приборам учёта | AD95: тыс.куб.м | BF95: P_VO_ACCEPT_CONS_OTHER_SEWER_METERS
E96: 15 | F96: {=OFFSET(E96,-1,1)} -> 0 | H96: l6_4_2 | T96: {=T95} -> false | AB96: 4.4.2 | AC96: по нормативам | AD96: тыс.куб.м | BF96: P_VO_ACCEPT_CONS_OTHER_SEWER_NORMS
E97: 22.5 | F97: {=OFFSET(E97,-1,1)} -> 0 | H97: l6_5 | T97: {=T96} -> false | AB97: 4.5 | AC97: Получено от других территорий, дифференцированных по тарифу | AD97: тыс.куб.м | BF97: P_VO_ACCEPT_OTHER_TERR
E98: 15 | F98: {=OFFSET(E98,-1,1)} -> 0 | H98: l7 | T98: {=T97} -> false | AB98: 5 | AC98: Неучтённый приток сточных вод | AD98: тыс.куб.м | BF98: P_VO_STOK_UNACC
E99: 15 | F99: {=OFFSET(E99,-1,1)} -> 0 | H99: l8 | T99: {=T98} -> false | AB99: 6 | AC99: Объём сточных вод, прошедших очистку (справочно) | AD99: тыс.куб.м | BF99: P_VO_STOK_VOL_CLEAN
E100: 15 | F100: {=OFFSET(E100,-1,1)} -> 0 | H100: l9 | T100: {=T99} -> false | AB100: 7 | AC100: Пропущено через собственные очистные сооружения | AD100: тыс.куб.м | BF100: P_VO_STOK_SELF_STATIONS
E101: 15 | F101: {=OFFSET(E101,-1,1)} -> 0 | H101: l10 | T101: {=T100} -> false | AB101: 8 | AC101: Передано сточных вод другим канализациям | AD101: тыс.куб.м | AE101: =AE102+AE103 -> 0 | AF101: =AF102+AF103 -> 0 | AG101: =AG102+AG103 -> 0 | AH101: =AH102+AH103 -> 0 | AI101: =AI102+AI103 -> 0 | AJ101: =AJ102+AJ103 -> 0 | AK101: =AK102+AK103 -> 0 | AL101: =AL102+AL103 -> 0 | ... BB101: =BB102+BB103 -> 0 | BF101: P_VO_STOK_OTHER_SEWERS
E102: 15 | F102: {=OFFSET(E102,-1,1)} -> 0 | H102: l10_1 | T102: {=T101} -> false | AB102: 8.1 | AC102: На очистные сооружения | AD102: тыс.куб.м | BF102: P_VO_STOK_OTHER_SEWERS_CLEAN
E103: 15 | F103: {=OFFSET(E103,-1,1)} -> 0 | H103: l10_2 | T103: {=T102} -> false | AB103: 8.2 | AC103: В канализационную сеть | AD103: тыс.куб.м | BF103: P_VO_STOK_OTHER_SEWERS_NETS
E104: 22.5 | F104: {=OFFSET(E104,-1,1)} -> 0 | H104: l11 | T104: {=T103} -> false | AB104: 9 | AC104: Передано на другие территории, дифференцированные по тарифу | AD104: тыс.куб.м | BF104: P_VO_RELEASE_OTHER_TERR
E105: 15 | F105: {=OFFSET(E105,-1,1)} -> 0 | H105: l12 | T105: {=T104} -> false | AB105: 10 | AC105: Сброшенные воды без очистки | AD105: тыс.куб.м | BF105: P_VO_STOK_UNCLEAN
E106: 0 | F106: {=OFFSET(E106,-1,1)} -> 0 | T106: FALSE
E107: 15 | F107: {=OFFSET(E107,-1,1)} -> 0 | R107: {=INDEX('Общие сведения'!$AN$197:$AN$254,MATCH($X27,'Общие сведения'!$Z$197:$Z$254,0))} -> false | S107: =IF(ISERROR(SEARCH("Водоотведение",AB27)),FALSE,TRUE) -> 0 | T107: =AND(X27>0,S107,R107) -> 0 | AB107: 1 | AC107: Вид стоков | AE107: {=INDEX('Общие сведения'!$AH$197:$AH$254,MATCH($X27,'Общие сведения'!$Z$197:$Z$254,0))} -> 0 | BF107: P_VO_TR_STOK_TYPE
E108: 15 | F108: {=OFFSET(E108,-1,1)} -> 0 | H108: l4 | T108: {=T107} -> false | AB108: 2 | AC108: Объём транспортируемых сточных вод | AD108: тыс.куб.м | AE108: =AE109+AE111+AE110 -> 0 | AF108: =AF109+AF111+AF110 -> 0 | AG108: =AG109+AG111+AG110 -> 0 | AH108: =AH109+AH111+AH110 -> 0 | AI108: =AI109+AI111+AI110 -> 0 | AJ108: =AJ109+AJ111+AJ110 -> 0 | AK108: =AK109+AK111+AK110 -> 0 | AL108: =AL109+AL111+AL110 -> 0 | ... BB108: =BB109+BB111+BB110 -> 0 | BF108: P_VO_TR_STOK_VOL
E109: 15 | F109: {=OFFSET(E109,-1,1)} -> 0 | H109: l4_1 | T109: {=T108} -> false | AB109: 2.1 | AC109: на собственные очистные сооружения | AD109: тыс.куб.м | BF109: P_VO_TR_STOK_VOL_SELF
E110: 15 | F110: {=OFFSET(E110,-1,1)} -> 0 | H110: l4_2 | T110: {=T109} -> false | AB110: 2.2 | AC110: другим организациям | AD110: тыс.куб.м | BF110: P_VO_TR_STOK_VOL_OTHER_ORG
E111: 22.5 | F111: {=OFFSET(E111,-1,1)} -> 0 | H111: l4_3 | T111: {=T110} -> false | AB111: 2.3 | AC111: Передано на другие территории, дифференцированные по тарифу | AD111: тыс.куб.м | BF111: P_VO_TR_STOK_VOL_OTHER_TERR
...

Sheet Условные метры
F1: tariffNum | H1: nomer_name | T1: vis_1 | U1: dyn_1 | V1: blok_1 | W1: blok_2 | X1: ren_1 | Z1: del_1 | AA1: del_2 | AB1: ren_2 | AC1: dyn_2 | AS1: pok_js | AT1: PJ_DYN | AU1: PJ_NAME | AV1: dyn_add | AW1: dyn_fill
B2: flag_vis | AK2: {=isOrgDeclare} -> true | AL2: {=isOrgDeclare} -> true
AK3: {=god} -> 2026 | AM3: {=god} -> 2026
E5: flag_size | AA5: 3 | AB5: 11.71 | AC5: 18.86 | AD5: 13.57 | AE5: 13 | AF5: 7.29 | AG5: 17.86 | AH5: 17.86 | AI5: 17.86 | AJ5: 7.43 | AK5: 12.57 | AL5: 12.57 | AM5: 12.57 | AN5: 12.57 | AO5: 20 | AP5: 20 | AQ5: 3
A6: pok | AC6: l1 | AD6: l2 | AE6: l3 | AF6: l4 | AG6: l5 | AH6: l6 | AI6: l7 | AJ6: l8 | AK6: l9_1 | AL6: l9_2 | AM6: l9_3 | AN6: l9_4 | AO6: l13 | AP6: l14
A9: PJ_UM | AD9: {=AD24} -> Тип материала трубопровода | AE9: {=AE24} -> Тип грунта | AF9: {=AF24} -> Глубина грунта, м | AG9: {=AG24} -> Средняя стоимость строительства 1 км трубопровода, тыс. руб. | AH9: {=AH24} -> Средняя стоимость строительства 1 км трубопровода диаметром 500 мм, тыс.руб. | AI9: {=AI24} -> Источник информации по средней стоимости строительства | AJ9: {=AJ24} -> Kd | AK9: {=AK27} -> км | AL9: {=AL27} -> усл.км | AM9: {=AM27} -> км | AN9: {=AN27} -> усл.км
A10: PJ_PF | AK10: {=AK26} -> Предложение организации | AL10: {=AK10} -> Предложение организации | AM10: {=AM26} -> Принято органом регулирования | AN10: {=AM10} -> Принято органом регулирования
A11: PJ_DOP | AO11: {=AO24} -> Ссылка на правовую норму (основание для принятия показателя в расчет тарифа) | AP11: {=AP24} -> Комментарии
A12: dyn_names | AC12: PJ_NAME
AC18: Диаметр трубопровода
E21: 15 | AC21: {=tpl_title} -> Кемеровская область / 2026 / ОАО «СКЭК» (ИНН:4205153492, КПП:420501001) / ДПР: 2024-2028
E22: 20 | AB22: Расчет условных метров водопроводной (канализационной) сети
E23: 11.25
E24: 11.25 | AB24: №_x000D_ п/п | AC24: Размер диаметра трубопровода, мм | AD24: Тип материала трубопровода | AE24: Тип грунта | AF24: Глубина грунта, м | AG24: Средняя стоимость строительства 1 км трубопровода, _x000D_ тыс. руб. | AH24: Средняя стоимость строительства 1 км трубопровода диаметром 500 мм, тыс.руб. | AI24: Источник информации по средней стоимости строительства | AJ24: Kd | AK24: Протяженность | AO24: Ссылка на правовую норму (основание для принятия показателя в расчет тарифа) | AP24: Комментарии
E25: 15 | AK25: =god&" год" -> 2026 год
E26: 50 | AK26: Предложение организации | AM26: Принято органом регулирования
E27: 14.25 | AK27: км | AL27: усл.км | AM27: км | AN27: усл.км
E28: 0
E29: 15 | F29: {=X29} -> 0 | G29: Итог | T29: =X29>0 -> 0 | V29: et_1 | X29: 0 | AB29: {=INDEX('Общие сведения'!$AG$197:$AG$254,MATCH($X29,'Общие сведения'!$Z$197:$Z$254,0))} -> Тариф 0 () - | AK29: =SUM(AK30:AK31) -> 0 | AL29: =SUM(AL30:AL31) -> 0 | AM29: =SUM(AM30:AM31) -> 0 | AN29: =SUM(AN30:AN31) -> 0
E30: 15 | F30: {=OFFSET(E30,-1,1)} -> 0 | H30: {=AB30} -> 0 | T30: =AND(F30>0,AB30>0) -> 0 | W30: et_2 | AA30: × | AB30: 0 | AJ30: =IF(AH30=0,0,AG30/AH30) -> 0 | AL30: =AK30*$AJ30 -> 0 | AN30: =AM30*$AJ30 -> 0 | AS30: P_UM | AT30: DYN_UM | AU30: {=AC30} -> 0 | AW30: TRUE
E31: 15 | F31: {=OFFSET(E31,-1,1)} -> 0 | H31: ="!= 0" -> != 0 | T31: {=T29} -> false | W31: { _x000D_ funcDyn: 'diam',_x000D_ blok: '',_x000D_ wsCross: '',_x000D_ linkFormula: '',_x000D_ levelDyn: '1'_x000D_ } | AC31: Добавить | AV31: DYN_UM
E32: 15 | F32: {=X32} -> 1 | G32: Итог | T32: =X32>0 -> 1 | V32: {=Баланс!$AB$118} -> Тариф 1 (Водоснабжение) - тариф на питьевую воду (Оказание услуг на территории: город Ленинск-Кузнецкий (ОКТМО: 32719000) - г Ленинск-Кузнецкий, г Полысаево) | X32: 1 | AB32: {=Баланс!$AB$118} -> Тариф 1 (Водоснабжение) - тариф на питьевую воду (Оказание услуг на территории: город Ленинск-Кузнецкий (ОКТМО: 32719000) - г Ленинск-Кузнецкий, г Полысаево) | AK32: =SUM(AK33:AK34) -> 0 | AL32: =SUM(AL33:AL34) -> 0 | AM32: =SUM(AM33:AM34) -> 0 | AN32: =SUM(AN33:AN34) -> 0
E33: 15 | F33: {=OFFSET(E33,-1,1)} -> 1 | H33: {=AB33} -> 0 | T33: =AND(F33>0,AB33>0) -> 0 | W33: et_2 | AA33: × | AB33: 0 | AJ33: =IF(AH33=0,0,AG33/AH33) -> 0 | AL33: =AK33*$AJ33 -> 0 | AN33: =AM33*$AJ33 -> 0 | AS33: P_UM | AT33: DYN_UM | AU33: {=AC33} -> 0 | AW33: TRUE
E34: 15 | F34: {=OFFSET(E34,-1,1)} -> 1 | H34: ="!= 0" -> != 0 | T34: {=T32} -> true | W34: { _x000D_ funcDyn: 'diam',_x000D_ blok: '',_x000D_ wsCross: '',_x000D_ linkFormula: '',_x000D_ levelDyn: '1'_x000D_ } | AC34: Добавить | AV34: DYN_UM
E35: 15 | F35: {=X35} -> 2 | G35: Итог | T35: =X35>0 -> 1 | V35: {=Баланс!$AB$209} -> Тариф 2 (Водоотведение) - тариф на водоотведение (Оказание услуг на территории: город Ленинск-Кузнецкий (ОКТМО: 32719000) - г Ленинск-Кузнецкий) | X35: 2 | AB35: {=Баланс!$AB$209} -> Тариф 2 (Водоотведение) - тариф на водоотведение (Оказание услуг на территории: город Ленинск-Кузнецкий (ОКТМО: 32719000) - г Ленинск-Кузнецкий) | AK35: =SUM(AK36:AK37) -> 0 | AL35: =SUM(AL36:AL37) -> 0 | AM35: =SUM(AM36:AM37) -> 0 | AN35: =SUM(AN36:AN37) -> 0
E36: 15 | F36: {=OFFSET(E36,-1,1)} -> 2 | H36: {=AB36} -> 0 | T36: =AND(F36>0,AB36>0) -> 0 | W36: et_2 | AA36: × | AB36: 0 | AJ36: =IF(AH36=0,0,AG36/AH36) -> 0 | AL36: =AK36*$AJ36 -> 0 | AN36: =AM36*$AJ36 -> 0 | AS36: P_UM | AT36: DYN_UM | AU36: {=AC36} -> 0 | AW36: TRUE
E37: 15 | F37: {=OFFSET(E37,-1,1)} -> 2 | H37: ="!= 0" -> != 0 | T37: {=T35} -> true | W37: { _x000D_ funcDyn: 'diam',_x000D_ blok: '',_x000D_ wsCross: '',_x000D_ linkFormula: '',_x000D_ levelDyn: '1'_x000D_ } | AC37: Добавить | AV37: DYN_UM
E38: 15 | F38: {=X38} -> 3 | G38: Итог | T38: =X38>0 -> 1 | V38: {=Баланс!$AB$300} -> Тариф 3 (Водоотведение) - тариф на водоотведение (Оказание услуг на территории: город Полысаево (ОКТМО: 32732000) - г Полысаево) | X38: 3 | AB38: {=Баланс!$AB$300} -> Тариф 3 (Водоотведение) - тариф на водоотведение (Оказание услуг на территории: город Полысаево (ОКТМО: 32732000) - г Полысаево) | AK38: =SUM(AK39:AK40) -> 0 | AL38: =SUM(AL39:AL40) -> 0 | AM38: =SUM(AM39:AM40) -> 0 | AN38: =SUM(AN39:AN40) -> 0
E39: 15 | F39: {=OFFSET(E39,-1,1)} -> 3 | H39: {=AB39} -> 0 | T39: =AND(F39>0,AB39>0) -> 0 | W39: et_2 | AA39: × | AB39: 0 | AJ39: =IF(AH39=0,0,AG39/AH39) -> 0 | AL39: =AK39*$AJ39 -> 0 | AN39: =AM39*$AJ39 -> 0 | AS39: P_UM | AT39: DYN_UM | AU39: {=AC39} -> 0 | AW39: TRUE
E40: 15 | F40: {=OFFSET(E40,-1,1)} -> 3 | H40: ="!= 0" -> != 0 | T40: {=T38} -> true | W40: { _x000D_ funcDyn: 'diam',_x000D_ blok: '',_x000D_ wsCross: '',_x000D_ linkFormula: '',_x000D_ levelDyn: '1'_x000D_ } | AC40: Добавить | AV40: DYN_UM
E41: 11.25 | U41: Добавить | V41: { _x000D_ funcDyn: 'msg1',_x000D_ blok: 'blok_1',_x000D_ wsCross: 'Сырье и материалы',_x000D_ linkFormula: 'AB-AB',_x000D_ levelDyn: ''_x000D_ }
E42: 15 | AB42: Комментарии и обоснования к разделу
E43: 15
E44: 15 | T44: =ROW(Y44)>ROW(Y$44) -> 0 | W44: et_2 | AA44: ×
E45: 15 | W45: { _x000D_ funcDyn: 'msg',_x000D_ blok: '',_x000D_ wsCross: '',_x000D_ linkFormula: '',_x000D_ levelDyn: ''_x000D_ } | AC45: Добавить комментарий
E46: 11

Sheet Сырье и материалы
F1: tariffNum | G1: pok | H1: det_name | T1: vis_1 | U1: dyn_1 | V1: blok_1 | W1: blok_2 | X1: ren_1 | Y1: ren_2 | Z1: del_1 | AA1: del_2 | AC1: dyn_2 | BF1: pok_js | BG1: PJ_DYN | BH1: PJ_NAME | BI1: PJ_NAME_ED_IZM | BJ1: dyn_add | BK1: dyn_fill
B2: flag_vis | AF2: {=isOrgDeclare} -> true | AI2: =AND(AI6<=last_year_vis,isOrgDeclare) -> 1 | AJ2: =AND(AJ6<=last_year_vis,isOrgDeclare) -> 0 | AK2: =AND(AK6<=last_year_vis,isOrgDeclare) -> 0 | AL2: =AND(AL6<=last_year_vis,isOrgDeclare) -> 0 | AM2: =AND(AM6<=last_year_vis,isOrgDeclare) -> 0 | AN2: =AND(AN6<=last_year_vis,isOrgDeclare) -> 0 | AO2: =AND(AO6<=last_year_vis,isOrgDeclare) -> 0 | AP2: =AND(AP6<=last_year_vis,isOrgDeclare) -> 0 | ... AR2: =AND(AR6<=last_year_vis,isOrgDeclare) -> 0 | AS2: =AS6<=last_year_vis -> 1 | AT2: =AT6<=last_year_vis -> 0 | AU2: =AU6<=last_year_vis -> 0 | AV2: =AV6<=last_year_vis -> 0 | AW2: =AW6<=last_year_vis -> 0 | AX2: =AX6<=last_year_vis -> 0 | AY2: =AY6<=last_year_vis -> 0 | AZ2: =AZ6<=last_year_vis -> 0 | ... BB2: =BB6<=last_year_vis -> 0
E5: flag_size | AA5: 3 | AB5: 9.71 | AC5: 45 | AD5: 8.57 | AE5: 12.57 | AF5: 12.57 | AG5: 12.57 | AH5: 12.57 | AI5: 12.57 | AJ5: 12.57 | AK5: 12.57 | AL5: 12.57 | AM5: 12.57 | AN5: 12.57 | AO5: 12.57 | AP5: 12.57 | AQ5: 12.57 | AR5: 12.57 | AS5: 12.57 | AT5: 12.57 | AU5: 12.57 | AV5: 12.57 | AW5: 12.57 | AX5: 12.57 | AY5: 12.57 | AZ5: 12.57 | BA5: 12.57 | BB5: 12.57 | BC5: 20 | BD5: 3
A6: prd2_name | AE6: =god-2 -> 2024 | AF6: =god-2 -> 2024 | AG6: =god-2 -> 2024 | AH6: =god-1 -> 2025 | AI6: {=god} -> 2026 | AJ6: =god+1 -> 2027 | AK6: =god+2 -> 2028 | AL6: =god+3 -> 2029 | AM6: =god+4 -> 2030 | AN6: =god+5 -> 2031 | AO6: =god+6 -> 2032 | AP6: =god+7 -> 2033 | AQ6: =god+8 -> 2034 | AR6: =god+9 -> 2035 | AS6: {=god} -> 2026 | AT6: =god+1 -> 2027 | AU6: =god+2 -> 2028 | AV6: =god+3 -> 2029 | AW6: =god+4 -> 2030 | AX6: =god+5 -> 2031 | AY6: =god+6 -> 2032 | AZ6: =god+7 -> 2033 | BA6: =god+8 -> 2034 | BB6: =god+9 -> 2035
A7: pf_name | AE7: {=AE25} -> Принято органом регулирования | AF7: {=AF25} -> Факт по данным организации | AG7: {=AG25} -> Факт, принятый органом регулирования | AH7: {=AH25} -> Принято органом регулирования | AI7: {=AI25} -> Предложение организации | AJ7: {=AJ25} -> Предложение организации | AK7: {=AK25} -> Предложение организации | AL7: {=AL25} -> Предложение организации | ... BB7: {=BB25} -> Принято органом регулирования
A9: PJ_YEAR | AE9: {=AE6} -> 2024 | AF9: {=AF6} -> 2024 | AG9: {=AG6} -> 2024 | AH9: {=AH6} -> 2025 | AI9: {=AI6} -> 2026 | AJ9: {=AJ6} -> 2027 | AK9: {=AK6} -> 2028 | AL9: {=AL6} -> 2029 | ... BB9: {=BB6} -> 2035
A10: PJ_PF | AE10: {=AE25} -> Принято органом регулирования | AF10: {=AF25} -> Факт по данным организации | AG10: {=AG25} -> Факт, принятый органом регулирования | AH10: {=AH25} -> Принято органом регулирования | AI10: {=AI25} -> Предложение организации | AJ10: {=AJ25} -> Предложение организации | AK10: {=AK25} -> Предложение организации | AL10: {=AL25} -> Предложение организации | ... BB10: {=BB25} -> Принято органом регулирования
A11: PJ_DOP | BC11: {=BC24} -> Ссылка на правовую норму (основание для принятия показателя в расчет тарифа)
A12: dyn_names | AC12: PJ_NAME | AD12: PJ_NAME_ED_IZM
A18: checkUnique | AC18: Наименование
E21: 15 | AC21: {=tpl_title} -> Кемеровская область / 2026 / ОАО «СКЭК» (ИНН:4205153492, КПП:420501001) / ДПР: 2024-2028
E22: 15 | AB22: Расходы на сырье и материалы
E23: 11.25
E24: 15 | AB24: № п/п | AC24: Наименование показателя | AD24: Единица измерения | AE24: =god-2&" год" -> 2024 год | AF24: =god-2&" год" -> 2024 год | AG24: =god-2&" год" -> 2024 год | AH24: =god-1&" год" -> 2025 год | AI24: =god&" год" -> 2026 год | AJ24: =god+1&" год" -> 2027 год | AK24: =god+2&" год" -> 2028 год | AL24: =god+3&" год" -> 2029 год | AM24: =god+4&" год" -> 2030 год | AN24: =god+5&" год" -> 2031 год | AO24: =god+6&" год" -> 2032 год | AP24: =god+7&" год" -> 2033 год | AQ24: =god+8&" год" -> 2034 год | AR24: =god+9&" год" -> 2035 год | AS24: =god&" год" -> 2026 год | AT24: =god+1&" год" -> 2027 год | AU24: =god+2&" год" -> 2028 год | AV24: =god+3&" год" -> 2029 год | AW24: =god+4&" год" -> 2030 год | AX24: =god+5&" год" -> 2031 год | AY24: =god+6&" год" -> 2032 год | AZ24: =god+7&" год" -> 2033 год | BA24: =god+8&" год" -> 2034 год | BB24: =god+9&" год" -> 2035 год | BC24: Ссылка на правовую норму (основание для принятия показателя в расчет тарифа)
E25: 50 | F25: t | AE25: Принято органом регулирования | AF25: Факт по данным организации | AG25: Факт, принятый органом регулирования | AH25: Принято органом регулирования | AI25: Предложение организации | AJ25: Предложение организации | AK25: Предложение организации | AL25: Предложение организации | AM25: Предложение организации | AN25: Предложение организации | AO25: Предложение организации | AP25: Предложение организации | AQ25: Предложение организации | AR25: Предложение организации | AS25: Принято органом регулирования | AT25: Принято органом регулирования | AU25: Принято органом регулирования | AV25: Принято органом регулирования | AW25: Принято органом регулирования | AX25: Принято органом регулирования | AY25: Принято органом регулирования | AZ25: Принято органом регулирования | BA25: Принято органом регулирования | BB25: Принято органом регулирования
E26: 0
E27: 15 | F27: {=X27} -> 0 | T27: =X27>0 -> 0 | V27: et_1 | X27: 0 | AB27: {=INDEX('Общие сведения'!$AG$197:$AG$254,MATCH($X27,'Общие сведения'!$Z$197:$Z$254,0))} -> Тариф 0 () -
E28: 15 | F28: {=OFFSET(E28,-1,1)} -> 0 | H28: {=AC28} -> Всего по тарифу | K28: =F28&"komm" -> 0komm | L28: {=BC28} -> 0 | T28: {=T27} -> false | AC28: Всего по тарифу | AD28: тыс.руб. | AE28: =AE29+AE34+AE41 -> 0 | AF28: =AF29+AF34+AF41 -> 0 | AG28: =AG29+AG34+AG41 -> 0 | AH28: =AH29+AH34+AH41 -> 0 | AI28: =AI29+AI34+AI41 -> 0 | AJ28: =AJ29+AJ34+AJ41 -> 0 | AK28: =AK29+AK34+AK41 -> 0 | AL28: =AL29+AL34+AL41 -> 0 | ... BB28: =BB29+BB34+BB41 -> 0 | BF28: PJ_REAG_TOTAL
E29: 15 | F29: {=OFFSET(E29,-1,1)} -> 0 | I29: Реагенты | T29: {=T28} -> false | AB29: 1 | AC29: Реагенты | AD29: тыс.руб. | AE29: =SUMIF($AD30:$AD33,$AD29,AE30:AE33) -> 0 | AF29: =SUMIF($AD30:$AD33,$AD29,AF30:AF33) -> 0 | AG29: =SUMIF($AD30:$AD33,$AD29,AG30:AG33) -> 0 | AH29: =SUMIF($AD30:$AD33,$AD29,AH30:AH33) -> 0 | AI29: =SUMIF($AD30:$AD33,$AD29,AI30:AI33) -> 0 | AJ29: =SUMIF($AD30:$AD33,$AD29,AJ30:AJ33) -> 0 | AK29: =SUMIF($AD30:$AD33,$AD29,AK30:AK33) -> 0 | AL29: =SUMIF($AD30:$AD33,$AD29,AL30:AL33) -> 0 | ... BB29: =SUMIF($AD30:$AD33,$AD29,BB30:BB33) -> 0 | BF29: PJ_REAG_SUM
E30: 15 | F30: {=OFFSET(E30,-1,1)} -> 0 | G30: l1 | H30: {=AC30} -> 0 | T30: =AND(F30>0,Y30>0) -> 0 | W30: et_2 | Y30: 0 | AA30: × | AB30: ="1."&Y30 -> 1.0 | AD30: тыс.руб. | BF30: PJ_REAG | BG30: DYN_REAG | BH30: {=AC30} -> 0 | BK30: TRUE
E31: 15 | F31: {=OFFSET(E31,-1,1)} -> 0 | T31: {=T30} -> false | AB31: =AB30&".1" -> 1.0.1 | AC31: Расход (ед. изм.) | AD31: т | BF31: PJ_CONS | BG31: DYN_REAG | BH31: {=BH30} -> 0
E32: 15 | F32: {=OFFSET(E32,-1,1)} -> 0 | T32: {=T31} -> false | AB32: =AB30&".2" -> 1.0.2 | AC32: Цена за тонну | AD32: руб. | BF32: PJ_PRICE | BG32: DYN_REAG | BH32: {=BH31} -> 0
E33: 15 | F33: {=OFFSET(E33,-1,1)} -> 0 | H33: ="!== 'Всего по тарифу'" -> !== 'Всего по тарифу' | T33: =F33>0 -> 0 | W33: { _x000D_ funcDyn: 'msg',_x000D_ blok: '',_x000D_ wsCross: '',_x000D_ linkFormula: '',_x000D_ levelDyn: '1',_x000D_ addDynValue: 'det_name|AC|0'_x000D_ } | AC33: Добавить | BJ33: DYN_REAG
E34: 15 | F34: {=OFFSET(E34,-1,1)} -> 0 | I34: Горюче-смазочные материалы | T34: {=T33} -> false | AB34: 2 | AC34: Горюче-смазочные материалы | AD34: тыс.руб. | AE34: =AE35+AE36 -> 0 | AF34: =AF35+AF36 -> 0 | AG34: =AG35+AG36 -> 0 | AH34: =AH35+AH36 -> 0 | AI34: =AI35+AI36 -> 0 | AJ34: =AJ35+AJ36 -> 0 | AK34: =AK35+AK36 -> 0 | AL34: =AL35+AL36 -> 0 | ... BB34: =BB35+BB36 -> 0 | BF34: PJ_GSM_TOTAL
E35: 33.75 | F35: {=OFFSET(E35,-1,1)} -> 0 | T35: {=T34} -> false | AB35: 2.1 | AC35: Расходы на горюче-смазочные материалы, не превышающие 5 процентов_x000D_ общей величины расходов на сырье и материалы | AD35: тыс.руб. | BF35: PJ_GSM_UNDER_5
E36: 45 | F36: {=OFFSET(E36,-1,1)} -> 0 | T36: {=T35} -> false | AB36: 2.2 | AC36: Расходы на горюче-смазочные материалы, превышающие 5 процентов_x000D_ общей величины расходов на сырье и материалы, в том числе: | AD36: тыс.руб. | AE36: =SUMIF($AD37:$AD40,$AD36,AE37:AE40) -> 0 | AF36: =SUMIF($AD37:$AD40,$AD36,AF37:AF40) -> 0 | AG36: =SUMIF($AD37:$AD40,$AD36,AG37:AG40) -> 0 | AH36: =SUMIF($AD37:$AD40,$AD36,AH37:AH40) -> 0 | AI36: =SUMIF($AD37:$AD40,$AD36,AI37:AI40) -> 0 | AJ36: =SUMIF($AD37:$AD40,$AD36,AJ37:AJ40) -> 0 | AK36: =SUMIF($AD37:$AD40,$AD36,AK37:AK40) -> 0 | AL36: =SUMIF($AD37:$AD40,$AD36,AL37:AL40) -> 0 | ... BB36: =SUMIF($AD37:$AD40,$AD36,BB37:BB40) -> 0 | BF36: PJ_GSM_OVER_5
E37: 15 | F37: {=OFFSET(E37,-1,1)} -> 0 | T37: =AND(F37>0,Y37>0) -> 0 | W37: et_2 | Y37: 0 | AA37: × | AB37: ="2.3."&Y37 -> 2.3.0 | AD37: тыс.руб. | BF37: PJ_GSM | BG37: DYN_GSM | BH37: {=AC37} -> 0 | BI37: {=AD38} -> 0 | BK37: TRUE
E38: 15 | F38: {=OFFSET(E38,-1,1)} -> 0 | T38: {=T37} -> false | AB38: =AB37&".1" -> 2.3.0.1 | AC38: Расход (ед. изм.) | BF38: PJ_CONS | BG38: DYN_GSM | BH38: {=BH37} -> 0 | BI38: {=BI37} -> 0
E39: 15 | F39: {=OFFSET(E39,-1,1)} -> 0 | T39: {=T38} -> false | AB39: =AB37&".2" -> 2.3.0.2 | AC39: Цена за единицу | AD39: руб. | BF39: PJ_PRICE | BG39: DYN_GSM | BH39: {=BH38} -> 0 | BI39: {=BI38} -> 0
E40: 15 | F40: {=OFFSET(E40,-1,1)} -> 0 | T40: =F40>0 -> 0 | W40: { _x000D_ funcDyn: 'msg',_x000D_ blok: '',_x000D_ wsCross: '',_x000D_ linkFormula: '',_x000D_ levelDyn: '2'_x000D_ } | AC40: Добавить | BJ40: DYN_GSM
E41: 23.25 | F41: {=OFFSET(E41,-1,1)} -> 0 | I41: Материалы | T41: {=T40} -> false | AB41: 3 | AC41: Материалы и малоценные основные средства | AD41: тыс.руб. | AE41: =AE42+AE43 -> 0 | AF41: =AF42+AF43 -> 0 | AG41: =AG42+AG43 -> 0 | AH41: =AH42+AH43 -> 0 | AI41: =AI42+AI43 -> 0 | AJ41: =AJ42+AJ43 -> 0 | AK41: =AK42+AK43 -> 0 | AL41: =AL42+AL43 -> 0 | ... BB41: =BB42+BB43 -> 0 | BF41: PJ_MAT_TOTAL
E42: 33.75 | F42: {=OFFSET(E42,-1,1)} -> 0 | T42: {=T41} -> false | AB42: 3.1 | AC42: Расходы на материалы и малоценные основные средства, не превышающие 5 процентов общей величины расходов на сырье и материалы | AD42: тыс.руб. | BF42: PJ_MAT_UNDER_5
E43: 45 | F43: {=OFFSET(E43,-1,1)} -> 0 | T43: {=T42} -> false | AB43: 3.2 | AC43: Расходы на материалы и малоценные основные средства, превышающие 5 процентов общей величины расходов на сырье и материалы, в том числе: | AD43: тыс.руб. | AE43: =SUMIF($AD44:$AD47,$AD43,AE44:AE47) -> 0 | AF43: =SUMIF($AD44:$AD47,$AD43,AF44:AF47) -> 0 | AG43: =SUMIF($AD44:$AD47,$AD43,AG44:AG47) -> 0 | AH43: =SUMIF($AD44:$AD47,$AD43,AH44:AH47) -> 0 | AI43: =SUMIF($AD44:$AD47,$AD43,AI44:AI47) -> 0 | AJ43: =SUMIF($AD44:$AD47,$AD43,AJ44:AJ47) -> 0 | AK43: =SUMIF($AD44:$AD47,$AD43,AK44:AK47) -> 0 | AL43: =SUMIF($AD44:$AD47,$AD43,AL44:AL47) -> 0 | ... BB43: =SUMIF($AD44:$AD47,$AD43,BB44:BB47) -> 0 | BF43: PJ_MAT_OVER_5
E44: 15 | F44: {=OFFSET(E44,-1,1)} -> 0 | T44: =AND(F44>0,Y44>0) -> 0 | W44: et_2 | Y44: 0 | AA44: × | AB44: ="3.3."&Y44 -> 3.3.0 | AD44: тыс.руб. | BF44: PJ_MAT | BG44: DYN_MAT | BH44: {=AC44} -> 0 | BI44: {=AD45} -> 0 | BK44: TRUE
E45: 15 | F45: {=OFFSET(E45,-1,1)} -> 0 | T45: {=T44} -> false | AB45: =AB44&".1" -> 3.3.0.1 | AC45: Расход (ед. изм.) | BF45: PJ_CONS | BG45: DYN_MAT | BH45: {=BH44} -> 0 | BI45: {=BI44} -> 0
E46: 15 | F46: {=OFFSET(E46,-1,1)} -> 0 | T46: {=T45} -> false | AB46: =AB44&".2" -> 3.3.0.2 | AC46: Цена за единицу | AD46: руб. | BF46: PJ_PRICE | BG46: DYN_MAT | BH46: {=BH45} -> 0 | BI46: {=BI45} -> 0
E47: 15 | F47: {=OFFSET(E47,-1,1)} -> 0 | T47: =F47>0 -> 0 | W47: { _x000D_ funcDyn: 'msg',_x000D_ blok: '',_x000D_ wsCross: '',_x000D_ linkFormula: '',_x000D_ levelDyn: '3'_x000D_ } | AC47: Добавить | BJ47: DYN_MAT
E48: 15 | F48: {=X48} -> 1 | T48: =X48>0 -> 1 | V48: {='Условные метры'!$AB$32} -> Тариф 1 (Водоснабжение) - тариф на питьевую воду (Оказание услуг на территории: город Ленинск-Кузнецкий (ОКТМО: 32719000) - г Ленинск-Кузнецкий, г Полысаево) | X48: 1 | AB48: {='Условные метры'!$AB$32} -> Тариф 1 (Водоснабжение) - тариф на питьевую воду (Оказание услуг на территории: город Ленинск-Кузнецкий (ОКТМО: 32719000) - г Ленинск-Кузнецкий, г Полысаево)
E49: 15 | F49: {=OFFSET(E49,-1,1)} -> 1 | H49: {=AC49} -> Всего по тарифу | K49: =F49&"komm" -> 1komm | L49: {=BC49} -> 0 | T49: {=T48} -> true | AC49: Всего по тарифу | AD49: тыс.руб. | AE49: =AE50+AE55+AE62 -> 0 | AF49: =AF50+AF55+AF62 -> 0 | AG49: =AG50+AG55+AG62 -> 0 | AH49: =AH50+AH55+AH62 -> 0 | AI49: =AI50+AI55+AI62 -> 0 | AJ49: =AJ50+AJ55+AJ62 -> 0 | AK49: =AK50+AK55+AK62 -> 0 | AL49: =AL50+AL55+AL62 -> 0 | ... BB49: =BB50+BB55+BB62 -> 0 | BF49: PJ_REAG_TOTAL
E50: 15 | F50: {=OFFSET(E50,-1,1)} -> 1 | I50: Реагенты | T50: {=T49} -> true | AB50: 1 | AC50: Реагенты | AD50: тыс.руб. | AE50: =SUMIF($AD51:$AD54,$AD50,AE51:AE54) -> 0 | AF50: =SUMIF($AD51:$AD54,$AD50,AF51:AF54) -> 0 | AG50: =SUMIF($AD51:$AD54,$AD50,AG51:AG54) -> 0 | AH50: =SUMIF($AD51:$AD54,$AD50,AH51:AH54) -> 0 | AI50: =SUMIF($AD51:$AD54,$AD50,AI51:AI54) -> 0 | AJ50: =SUMIF($AD51:$AD54,$AD50,AJ51:AJ54) -> 0 | AK50: =SUMIF($AD51:$AD54,$AD50,AK51:AK54) -> 0 | AL50: =SUMIF($AD51:$AD54,$AD50,AL51:AL54) -> 0 | ... BB50: =SUMIF($AD51:$AD54,$AD50,BB51:BB54) -> 0 | BF50: PJ_REAG_SUM
E51: 15 | F51: {=OFFSET(E51,-1,1)} -> 1 | G51: l1 | H51: {=AC51} -> 0 | T51: =AND(F51>0,Y51>0) -> 0 | W51: et_2 | Y51: 0 | AA51: × | AB51: ="1."&Y51 -> 1.0 | AD51: тыс.руб. | BF51: PJ_REAG | BG51: DYN_REAG | BH51: {=AC51} -> 0 | BK51: TRUE
E52: 15 | F52: {=OFFSET(E52,-1,1)} -> 1 | T52: {=T51} -> false | AB52: =AB51&".1" -> 1.0.1 | AC52: Расход (ед. изм.) | AD52: т | BF52: PJ_CONS | BG52: DYN_REAG | BH52: {=BH51} -> 0
E53: 15 | F53: {=OFFSET(E53,-1,1)} -> 1 | T53: {=T52} -> false | AB53: =AB51&".2" -> 1.0.2 | AC53: Цена за тонну | AD53: руб. | BF53: PJ_PRICE | BG53: DYN_REAG | BH53: {=BH52} -> 0
E54: 15 | F54: {=OFFSET(E54,-1,1)} -> 1 | H54: ="!== 'Всего по тарифу'" -> !== 'Всего по тарифу' | T54: =F54>0 -> 1 | W54: { _x000D_ funcDyn: 'msg',_x000D_ blok: '',_x000D_ wsCross: '',_x000D_ linkFormula: '',_x000D_ levelDyn: '1',_x000D_ addDynValue: 'det_name|AC|0'_x000D_ } | AC54: Добавить | BJ54: DYN_REAG
E55: 15 | F55: {=OFFSET(E55,-1,1)} -> 1 | I55: Горюче-смазочные материалы | T55: {=T54} -> true | AB55: 2 | AC55: Горюче-смазочные материалы | AD55: тыс.руб. | AE55: =AE56+AE57 -> 0 | AF55: =AF56+AF57 -> 0 | AG55: =AG56+AG57 -> 0 | AH55: =AH56+AH57 -> 0 | AI55: =AI56+AI57 -> 0 | AJ55: =AJ56+AJ57 -> 0 | AK55: =AK56+AK57 -> 0 | AL55: =AL56+AL57 -> 0 | ... BB55: =BB56+BB57 -> 0 | BF55: PJ_GSM_TOTAL
E56: 33.75 | F56: {=OFFSET(E56,-1,1)} -> 1 | T56: {=T55} -> true | AB56: 2.1 | AC56: Расходы на горюче-смазочные материалы, не превышающие 5 процентов_x000D_ общей величины расходов на сырье и материалы | AD56: тыс.руб. | BF56: PJ_GSM_UNDER_5
E57: 45 | F57: {=OFFSET(E57,-1,1)} -> 1 | T57: {=T56} -> true | AB57: 2.2 | AC57: Расходы на горюче-смазочные материалы, превышающие 5 процентов_x000D_ общей величины расходов на сырье и материалы, в том числе: | AD57: тыс.руб. | AE57: =SUMIF($AD58:$AD61,$AD57,AE58:AE61) -> 0 | AF57: =SUMIF($AD58:$AD61,$AD57,AF58:AF61) -> 0 | AG57: =SUMIF($AD58:$AD61,$AD57,AG58:AG61) -> 0 | AH57: =SUMIF($AD58:$AD61,$AD57,AH58:AH61) -> 0 | AI57: =SUMIF($AD58:$AD61,$AD57,AI58:AI61) -> 0 | AJ57: =SUMIF($AD58:$AD61,$AD57,AJ58:AJ61) -> 0 | AK57: =SUMIF($AD58:$AD61,$AD57,AK58:AK61) -> 0 | AL57: =SUMIF($AD58:$AD61,$AD57,AL58:AL61) -> 0 | ... BB57: =SUMIF($AD58:$AD61,$AD57,BB58:BB61) -> 0 | BF57: PJ_GSM_OVER_5
E58: 15 | F58: {=OFFSET(E58,-1,1)} -> 1 | T58: =AND(F58>0,Y58>0) -> 0 | W58: et_2 | Y58: 0 | AA58: × | AB58: ="2.3."&Y58 -> 2.3.0 | AD58: тыс.руб. | BF58: PJ_GSM | BG58: DYN_GSM | BH58: {=AC58} -> 0 | BI58: {=AD59} -> 0 | BK58: TRUE
E59: 15 | F59: {=OFFSET(E59,-1,1)} -> 1 | T59: {=T58} -> false | AB59: =AB58&".1" -> 2.3.0.1 | AC59: Расход (ед. изм.) | BF59: PJ_CONS | BG59: DYN_GSM | BH59: {=BH58} -> 0 | BI59: {=BI58} -> 0
E60: 15 | F60: {=OFFSET(E60,-1,1)} -> 1 | T60: {=T59} -> false | AB60: =AB58&".2" -> 2.3.0.2 | AC60: Цена за единицу | AD60: руб. | BF60: PJ_PRICE | BG60: DYN_GSM | BH60: {=BH59} -> 0 | BI60: {=BI59} -> 0
E61: 15 | F61: {=OFFSET(E61,-1,1)} -> 1 | T61: =F61>0 -> 1 | W61: { _x000D_ funcDyn: 'msg',_x000D_ blok: '',_x000D_ wsCross: '',_x000D_ linkFormula: '',_x000D_ levelDyn: '2'_x000D_ } | AC61: Добавить | BJ61: DYN_GSM
E62: 23.25 | F62: {=OFFSET(E62,-1,1)} -> 1 | I62: Материалы | T62: {=T61} -> true | AB62: 3 | AC62: Материалы и малоценные основные средства | AD62: тыс.руб. | AE62: =AE63+AE64 -> 0 | AF62: =AF63+AF64 -> 0 | AG62: =AG63+AG64 -> 0 | AH62: =AH63+AH64 -> 0 | AI62: =AI63+AI64 -> 0 | AJ62: =AJ63+AJ64 -> 0 | AK62: =AK63+AK64 -> 0 | AL62: =AL63+AL64 -> 0 | ... BB62: =BB63+BB64 -> 0 | BF62: PJ_MAT_TOTAL
E63: 33.75 | F63: {=OFFSET(E63,-1,1)} -> 1 | T63: {=T62} -> true | AB63: 3.1 | AC63: Расходы на материалы и малоценные основные средства, не превышающие 5 процентов общей величины расходов на сырье и материалы | AD63: тыс.руб. | BF63: PJ_MAT_UNDER_5
E64: 45 | F64: {=OFFSET(E64,-1,1)} -> 1 | T64: {=T63} -> true | AB64: 3.2 | AC64: Расходы на материалы и малоценные основные средства, превышающие 5 процентов общей величины расходов на сырье и материалы, в том числе: | AD64: тыс.руб. | AE64: =SUMIF($AD65:$AD68,$AD64,AE65:AE68) -> 0 | AF64: =SUMIF($AD65:$AD68,$AD64,AF65:AF68) -> 0 | AG64: =SUMIF($AD65:$AD68,$AD64,AG65:AG68) -> 0 | AH64: =SUMIF($AD65:$AD68,$AD64,AH65:AH68) -> 0 | AI64: =SUMIF($AD65:$AD68,$AD64,AI65:AI68) -> 0 | AJ64: =SUMIF($AD65:$AD68,$AD64,AJ65:AJ68) -> 0 | AK64: =SUMIF($AD65:$AD68,$AD64,AK65:AK68) -> 0 | AL64: =SUMIF($AD65:$AD68,$AD64,AL65:AL68) -> 0 | ... BB64: =SUMIF($AD65:$AD68,$AD64,BB65:BB68) -> 0 | BF64: PJ_MAT_OVER_5
E65: 15 | F65: {=OFFSET(E65,-1,1)} -> 1 | T65: =AND(F65>0,Y65>0) -> 0 | W65: et_2 | Y65: 0 | AA65: × | AB65: ="3.3."&Y65 -> 3.3.0 | AD65: тыс.руб. | BF65: PJ_MAT | BG65: DYN_MAT | BH65: {=AC65} -> 0 | BI65: {=AD66} -> 0 | BK65: TRUE
E66: 15 | F66: {=OFFSET(E66,-1,1)} -> 1 | T66: {=T65} -> false | AB66: =AB65&".1" -> 3.3.0.1 | AC66: Расход (ед. изм.) | BF66: PJ_CONS | BG66: DYN_MAT | BH66: {=BH65} -> 0 | BI66: {=BI65} -> 0
E67: 15 | F67: {=OFFSET(E67,-1,1)} -> 1 | T67: {=T66} -> false | AB67: =AB65&".2" -> 3.3.0.2 | AC67: Цена за единицу | AD67: руб. | BF67: PJ_PRICE | BG67: DYN_MAT | BH67: {=BH66} -> 0 | BI67: {=BI66} -> 0
E68: 15 | F68: {=OFFSET(E68,-1,1)} -> 1 | T68: =F68>0 -> 1 | W68: { _x000D_ funcDyn: 'msg',_x000D_ blok: '',_x000D_ wsCross: '',_x000D_ linkFormula: '',_x000D_ levelDyn: '3'_x000D_ } | AC68: Добавить | BJ68: DYN_MAT
E69: 15 | F69: {=X69} -> 2 | T69: =X69>0 -> 1 | V69: {='Условные метры'!$AB$35} -> Тариф 2 (Водоотведение) - тариф на водоотведение (Оказание услуг на территории: город Ленинск-Кузнецкий (ОКТМО: 32719000) - г Ленинск-Кузнецкий) | X69: 2 | AB69: {='Условные метры'!$AB$35} -> Тариф 2 (Водоотведение) - тариф на водоотведение (Оказание услуг на территории: город Ленинск-Кузнецкий (ОКТМО: 32719000) - г Ленинск-Кузнецкий)
E70: 15 | F70: {=OFFSET(E70,-1,1)} -> 2 | H70: {=AC70} -> Всего по тарифу | K70: =F70&"komm" -> 2komm | L70: {=BC70} -> 0 | T70: {=T69} -> true | AC70: Всего по тарифу | AD70: тыс.руб. | AE70: =AE71+AE76+AE83 -> 0 | AF70: =AF71+AF76+AF83 -> 0 | AG70: =AG71+AG76+AG83 -> 0 | AH70: =AH71+AH76+AH83 -> 0 | AI70: =AI71+AI76+AI83 -> 0 | AJ70: =AJ71+AJ76+AJ83 -> 0 | AK70: =AK71+AK76+AK83 -> 0 | AL70: =AL71+AL76+AL83 -> 0 | ... BB70: =BB71+BB76+BB83 -> 0 | BF70: PJ_REAG_TOTAL
E71: 15 | F71: {=OFFSET(E71,-1,1)} -> 2 | I71: Реагенты | T71: {=T70} -> true | AB71: 1 | AC71: Реагенты | AD71: тыс.руб. | AE71: =SUMIF($AD72:$AD75,$AD71,AE72:AE75) -> 0 | AF71: =SUMIF($AD72:$AD75,$AD71,AF72:AF75) -> 0 | AG71: =SUMIF($AD72:$AD75,$AD71,AG72:AG75) -> 0 | AH71: =SUMIF($AD72:$AD75,$AD71,AH72:AH75) -> 0 | AI71: =SUMIF($AD72:$AD75,$AD71,AI72:AI75) -> 0 | AJ71: =SUMIF($AD72:$AD75,$AD71,AJ72:AJ75) -> 0 | AK71: =SUMIF($AD72:$AD75,$AD71,AK72:AK75) -> 0 | AL71: =SUMIF($AD72:$AD75,$AD71,AL72:AL75) -> 0 | ... BB71: =SUMIF($AD72:$AD75,$AD71,BB72:BB75) -> 0 | BF71: PJ_REAG_SUM
E72: 15 | F72: {=OFFSET(E72,-1,1)} -> 2 | G72: l1 | H72: {=AC72} -> 0 | T72: =AND(F72>0,Y72>0) -> 0 | W72: et_2 | Y72: 0 | AA72: × | AB72: ="1."&Y72 -> 1.0 | AD72: тыс.руб. | BF72: PJ_REAG | BG72: DYN_REAG | BH72: {=AC72} -> 0 | BK72: TRUE
E73: 15 | F73: {=OFFSET(E73,-1,1)} -> 2 | T73: {=T72} -> false | AB73: =AB72&".1" -> 1.0.1 | AC73: Расход (ед. изм.) | AD73: т | BF73: PJ_CONS | BG73: DYN_REAG | BH73: {=BH72} -> 0
E74: 15 | F74: {=OFFSET(E74,-1,1)} -> 2 | T74: {=T73} -> false | AB74: =AB72&".2" -> 1.0.2 | AC74: Цена за тонну | AD74: руб. | BF74: PJ_PRICE | BG74: DYN_REAG | BH74: {=BH73} -> 0
E75: 15 | F75: {=OFFSET(E75,-1,1)} -> 2 | H75: ="!== 'Всего по тарифу'" -> !== 'Всего по тарифу' | T75: =F75>0 -> 1 | W75: { _x000D_ funcDyn: 'msg',_x000D_ blok: '',_x000D_ wsCross: '',_x000D_ linkFormula: '',_x000D_ levelDyn: '1',_x000D_ addDynValue: 'det_name|AC|0'_x000D_ } | AC75: Добавить | BJ75: DYN_REAG
E76: 15 | F76: {=OFFSET(E76,-1,1)} -> 2 | I76: Горюче-смазочные материалы | T76: {=T75} -> true | AB76: 2 | AC76: Горюче-смазочные материалы | AD76: тыс.руб. | AE76: =AE77+AE78 -> 0 | AF76: =AF77+AF78 -> 0 | AG76: =AG77+AG78 -> 0 | AH76: =AH77+AH78 -> 0 | AI76: =AI77+AI78 -> 0 | AJ76: =AJ77+AJ78 -> 0 | AK76: =AK77+AK78 -> 0 | AL76: =AL77+AL78 -> 0 | ... BB76: =BB77+BB78 -> 0 | BF76: PJ_GSM_TOTAL
E77: 33.75 | F77: {=OFFSET(E77,-1,1)} -> 2 | T77: {=T76} -> true | AB77: 2.1 | AC77: Расходы на горюче-смазочные материалы, не превышающие 5 процентов_x000D_ общей величины расходов на сырье и материалы | AD77: тыс.руб. | BF77: PJ_GSM_UNDER_5
E78: 45 | F78: {=OFFSET(E78,-1,1)} -> 2 | T78: {=T77} -> true | AB78: 2.2 | AC78: Расходы на горюче-смазочные материалы, превышающие 5 процентов_x000D_ общей величины расходов на сырье и материалы, в том числе: | AD78: тыс.руб. | AE78: =SUMIF($AD79:$AD82,$AD78,AE79:AE82) -> 0 | AF78: =SUMIF($AD79:$AD82,$AD78,AF79:AF82) -> 0 | AG78: =SUMIF($AD79:$AD82,$AD78,AG79:AG82) -> 0 | AH78: =SUMIF($AD79:$AD82,$AD78,AH79:AH82) -> 0 | AI78: =SUMIF($AD79:$AD82,$AD78,AI79:AI82) -> 0 | AJ78: =SUMIF($AD79:$AD82,$AD78,AJ79:AJ82) -> 0 | AK78: =SUMIF($AD79:$AD82,$AD78,AK79:AK82) -> 0 | AL78: =SUMIF($AD79:$AD82,$AD78,AL79:AL82) -> 0 | ... BB78: =SUMIF($AD79:$AD82,$AD78,BB79:BB82) -> 0 | BF78: PJ_GSM_OVER_5
E79: 15 | F79: {=OFFSET(E79,-1,1)} -> 2 | T79: =AND(F79>0,Y79>0) -> 0 | W79: et_2 | Y79: 0 | AA79: × | AB79: ="2.3."&Y79 -> 2.3.0 | AD79: тыс.руб. | BF79: PJ_GSM | BG79: DYN_GSM | BH79: {=AC79} -> 0 | BI79: {=AD80} -> 0 | BK79: TRUE
E80: 15 | F80: {=OFFSET(E80,-1,1)} -> 2 | T80: {=T79} -> false | AB80: =AB79&".1" -> 2.3.0.1 | AC80: Расход (ед. изм.) | BF80: PJ_CONS | BG80: DYN_GSM | BH80: {=BH79} -> 0 | BI80: {=BI79} -> 0
E81: 15 | F81: {=OFFSET(E81,-1,1)} -> 2 | T81: {=T80} -> false | AB81: =AB79&".2" -> 2.3.0.2 | AC81: Цена за единицу | AD81: руб. | BF81: PJ_PRICE | BG81: DYN_GSM | BH81: {=BH80} -> 0 | BI81: {=BI80} -> 0
E82: 15 | F82: {=OFFSET(E82,-1,1)} -> 2 | T82: =F82>0 -> 1 | W82: { _x000D_ funcDyn: 'msg',_x000D_ blok: '',_x000D_ wsCross: '',_x000D_ linkFormula: '',_x000D_ levelDyn: '2'_x000D_ } | AC82: Добавить | BJ82: DYN_GSM
E83: 23.25 | F83: {=OFFSET(E83,-1,1)} -> 2 | I83: Материалы | T83: {=T82} -> true | AB83: 3 | AC83: Материалы и малоценные основные средства | AD83: тыс.руб. | AE83: =AE84+AE85 -> 0 | AF83: =AF84+AF85 -> 0 | AG83: =AG84+AG85 -> 0 | AH83: =AH84+AH85 -> 0 | AI83: =AI84+AI85 -> 0 | AJ83: =AJ84+AJ85 -> 0 | AK83: =AK84+AK85 -> 0 | AL83: =AL84+AL85 -> 0 | ... BB83: =BB84+BB85 -> 0 | BF83: PJ_MAT_TOTAL
E84: 33.75 | F84: {=OFFSET(E84,-1,1)} -> 2 | T84: {=T83} -> true | AB84: 3.1 | AC84: Расходы на материалы и малоценные основные средства, не превышающие 5 процентов общей величины расходов на сырье и материалы | AD84: тыс.руб. | BF84: PJ_MAT_UNDER_5
E85: 45 | F85: {=OFFSET(E85,-1,1)} -> 2 | T85: {=T84} -> true | AB85: 3.2 | AC85: Расходы на материалы и малоценные основные средства, превышающие 5 процентов общей величины расходов на сырье и материалы, в том числе: | AD85: тыс.руб. | AE85: =SUMIF($AD86:$AD89,$AD85,AE86:AE89) -> 0 | AF85: =SUMIF($AD86:$AD89,$AD85,AF86:AF89) -> 0 | AG85: =SUMIF($AD86:$AD89,$AD85,AG86:AG89) -> 0 | AH85: =SUMIF($AD86:$AD89,$AD85,AH86:AH89) -> 0 | AI85: =SUMIF($AD86:$AD89,$AD85,AI86:AI89) -> 0 | AJ85: =SUMIF($AD86:$AD89,$AD85,AJ86:AJ89) -> 0 | AK85: =SUMIF($AD86:$AD89,$AD85,AK86:AK89) -> 0 | AL85: =SUMIF($AD86:$AD89,$AD85,AL86:AL89) -> 0 | ... BB85: =SUMIF($AD86:$AD89,$AD85,BB86:BB89) -> 0 | BF85: PJ_MAT_OVER_5
E86: 15 | F86: {=OFFSET(E86,-1,1)} -> 2 | T86: =AND(F86>0,Y86>0) -> 0 | W86: et_2 | Y86: 0 | AA86: × | AB86: ="3.3."&Y86 -> 3.3.0 | AD86: тыс.руб. | BF86: PJ_MAT | BG86: DYN_MAT | BH86: {=AC86} -> 0 | BI86: {=AD87} -> 0 | BK86: TRUE
E87: 15 | F87: {=OFFSET(E87,-1,1)} -> 2 | T87: {=T86} -> false | AB87: =AB86&".1" -> 3.3.0.1 | AC87: Расход (ед. изм.) | BF87: PJ_CONS | BG87: DYN_MAT | BH87: {=BH86} -> 0 | BI87: {=BI86} -> 0
E88: 15 | F88: {=OFFSET(E88,-1,1)} -> 2 | T88: {=T87} -> false | AB88: =AB86&".2" -> 3.3.0.2 | AC88: Цена за единицу | AD88: руб. | BF88: PJ_PRICE | BG88: DYN_MAT | BH88: {=BH87} -> 0 | BI88: {=BI87} -> 0
E89: 15 | F89: {=OFFSET(E89,-1,1)} -> 2 | T89: =F89>0 -> 1 | W89: { _x000D_ funcDyn: 'msg',_x000D_ blok: '',_x000D_ wsCross: '',_x000D_ linkFormula: '',_x000D_ levelDyn: '3'_x000D_ } | AC89: Добавить | BJ89: DYN_MAT
E90: 15 | F90: {=X90} -> 3 | T90: =X90>0 -> 1 | V90: {='Условные метры'!$AB$38} -> Тариф 3 (Водоотведение) - тариф на водоотведение (Оказание услуг на территории: город Полысаево (ОКТМО: 32732000) - г Полысаево) | X90: 3 | AB90: {='Условные метры'!$AB$38} -> Тариф 3 (Водоотведение) - тариф на водоотведение (Оказание услуг на территории: город Полысаево (ОКТМО: 32732000) - г Полысаево)
E91: 15 | F91: {=OFFSET(E91,-1,1)} -> 3 | H91: {=AC91} -> Всего по тарифу | K91: =F91&"komm" -> 3komm | L91: {=BC91} -> 0 | T91: {=T90} -> true | AC91: Всего по тарифу | AD91: тыс.руб. | AE91: =AE92+AE97+AE104 -> 0 | AF91: =AF92+AF97+AF104 -> 0 | AG91: =AG92+AG97+AG104 -> 0 | AH91: =AH92+AH97+AH104 -> 0 | AI91: =AI92+AI97+AI104 -> 0 | AJ91: =AJ92+AJ97+AJ104 -> 0 | AK91: =AK92+AK97+AK104 -> 0 | AL91: =AL92+AL97+AL104 -> 0 | ... BB91: =BB92+BB97+BB104 -> 0 | BF91: PJ_REAG_TOTAL
E92: 15 | F92: {=OFFSET(E92,-1,1)} -> 3 | I92: Реагенты | T92: {=T91} -> true | AB92: 1 | AC92: Реагенты | AD92: тыс.руб. | AE92: =SUMIF($AD93:$AD96,$AD92,AE93:AE96) -> 0 | AF92: =SUMIF($AD93:$AD96,$AD92,AF93:AF96) -> 0 | AG92: =SUMIF($AD93:$AD96,$AD92,AG93:AG96) -> 0 | AH92: =SUMIF($AD93:$AD96,$AD92,AH93:AH96) -> 0 | AI92: =SUMIF($AD93:$AD96,$AD92,AI93:AI96) -> 0 | AJ92: =SUMIF($AD93:$AD96,$AD92,AJ93:AJ96) -> 0 | AK92: =SUMIF($AD93:$AD96,$AD92,AK93:AK96) -> 0 | AL92: =SUMIF($AD93:$AD96,$AD92,AL93:AL96) -> 0 | ... BB92: =SUMIF($AD93:$AD96,$AD92,BB93:BB96) -> 0 | BF92: PJ_REAG_SUM
E93: 15 | F93: {=OFFSET(E93,-1,1)} -> 3 | G93: l1 | H93: {=AC93} -> 0 | T93: =AND(F93>0,Y93>0) -> 0 | W93: et_2 | Y93: 0 | AA93: × | AB93: ="1."&Y93 -> 1.0 | AD93: тыс.руб. | BF93: PJ_REAG | BG93: DYN_REAG | BH93: {=AC93} -> 0 | BK93: TRUE
E94: 15 | F94: {=OFFSET(E94,-1,1)} -> 3 | T94: {=T93} -> false | AB94: =AB93&".1" -> 1.0.1 | AC94: Расход (ед. изм.) | AD94: т | BF94: PJ_CONS | BG94: DYN_REAG | BH94: {=BH93} -> 0
E95: 15 | F95: {=OFFSET(E95,-1,1)} -> 3 | T95: {=T94} -> false | AB95: =AB93&".2" -> 1.0.2 | AC95: Цена за тонну | AD95: руб. | BF95: PJ_PRICE | BG95: DYN_REAG | BH95: {=BH94} -> 0
E96: 15 | F96: {=OFFSET(E96,-1,1)} -> 3 | H96: ="!== 'Всего по тарифу'" -> !== 'Всего по тарифу' | T96: =F96>0 -> 1 | W96: { _x000D_ funcDyn: 'msg',_x000D_ blok: '',_x000D_ wsCross: '',_x000D_ linkFormula: '',_x000D_ levelDyn: '1',_x000D_ addDynValue: 'det_name|AC|0'_x000D_ } | AC96: Добавить | BJ96: DYN_REAG
E97: 15 | F97: {=OFFSET(E97,-1,1)} -> 3 | I97: Горюче-смазочные материалы | T97: {=T96} -> true | AB97: 2 | AC97: Горюче-смазочные материалы | AD97: тыс.руб. | AE97: =AE98+AE99 -> 0 | AF97: =AF98+AF99 -> 0 | AG97: =AG98+AG99 -> 0 | AH97: =AH98+AH99 -> 0 | AI97: =AI98+AI99 -> 0 | AJ97: =AJ98+AJ99 -> 0 | AK97: =AK98+AK99 -> 0 | AL97: =AL98+AL99 -> 0 | ... BB97: =BB98+BB99 -> 0 | BF97: PJ_GSM_TOTAL
E98: 33.75 | F98: {=OFFSET(E98,-1,1)} -> 3 | T98: {=T97} -> true | AB98: 2.1 | AC98: Расходы на горюче-смазочные материалы, не превышающие 5 процентов_x000D_ общей величины расходов на сырье и материалы | AD98: тыс.руб. | BF98: PJ_GSM_UNDER_5
E99: 45 | F99: {=OFFSET(E99,-1,1)} -> 3 | T99: {=T98} -> true | AB99: 2.2 | AC99: Расходы на горюче-смазочные материалы, превышающие 5 процентов_x000D_ общей величины расходов на сырье и материалы, в том числе: | AD99: тыс.руб. | AE99: =SUMIF($AD100:$AD103,$AD99,AE100:AE103) -> 0 | AF99: =SUMIF($AD100:$AD103,$AD99,AF100:AF103) -> 0 | AG99: =SUMIF($AD100:$AD103,$AD99,AG100:AG103) -> 0 | AH99: =SUMIF($AD100:$AD103,$AD99,AH100:AH103) -> 0 | AI99: =SUMIF($AD100:$AD103,$AD99,AI100:AI103) -> 0 | AJ99: =SUMIF($AD100:$AD103,$AD99,AJ100:AJ103) -> 0 | AK99: =SUMIF($AD100:$AD103,$AD99,AK100:AK103) -> 0 | AL99: =SUMIF($AD100:$AD103,$AD99,AL100:AL103) -> 0 | ... BB99: =SUMIF($AD100:$AD103,$AD99,BB100:BB103) -> 0 | BF99: PJ_GSM_OVER_5
E100: 15 | F100: {=OFFSET(E100,-1,1)} -> 3 | T100: =AND(F100>0,Y100>0) -> 0 | W100: et_2 | Y100: 0 | AA100: × | AB100: ="2.3."&Y100 -> 2.3.0 | AD100: тыс.руб. | BF100: PJ_GSM | BG100: DYN_GSM | BH100: {=AC100} -> 0 | BI100: {=AD101} -> 0 | BK100: TRUE
E101: 15 | F101: {=OFFSET(E101,-1,1)} -> 3 | T101: {=T100} -> false | AB101: =AB100&".1" -> 2.3.0.1 | AC101: Расход (ед. изм.) | BF101: PJ_CONS | BG101: DYN_GSM | BH101: {=BH100} -> 0 | BI101: {=BI100} -> 0
E102: 15 | F102: {=OFFSET(E102,-1,1)} -> 3 | T102: {=T101} -> false | AB102: =AB100&".2" -> 2.3.0.2 | AC102: Цена за единицу | AD102: руб. | BF102: PJ_PRICE | BG102: DYN_GSM | BH102: {=BH101} -> 0 | BI102: {=BI101} -> 0
E103: 15 | F103: {=OFFSET(E103,-1,1)} -> 3 | T103: =F103>0 -> 1 | W103: { _x000D_ funcDyn: 'msg',_x000D_ blok: '',_x000D_ wsCross: '',_x000D_ linkFormula: '',_x000D_ levelDyn: '2'_x000D_ } | AC103: Добавить | BJ103: DYN_GSM
E104: 23.25 | F104: {=OFFSET(E104,-1,1)} -> 3 | I104: Материалы | T104: {=T103} -> true | AB104: 3 | AC104: Материалы и малоценные основные средства | AD104: тыс.руб. | AE104: =AE105+AE106 -> 0 | AF104: =AF105+AF106 -> 0 | AG104: =AG105+AG106 -> 0 | AH104: =AH105+AH106 -> 0 | AI104: =AI105+AI106 -> 0 | AJ104: =AJ105+AJ106 -> 0 | AK104: =AK105+AK106 -> 0 | AL104: =AL105+AL106 -> 0 | ... BB104: =BB105+BB106 -> 0 | BF104: PJ_MAT_TOTAL
E105: 33.75 | F105: {=OFFSET(E105,-1,1)} -> 3 | T105: {=T104} -> true | AB105: 3.1 | AC105: Расходы на материалы и малоценные основные средства, не превышающие 5 процентов общей величины расходов на сырье и материалы | AD105: тыс.руб. | BF105: PJ_MAT_UNDER_5
E106: 45 | F106: {=OFFSET(E106,-1,1)} -> 3 | T106: {=T105} -> true | AB106: 3.2 | AC106: Расходы на материалы и малоценные основные средства, превышающие 5 процентов общей величины расходов на сырье и материалы, в том числе: | AD106: тыс.руб. | AE106: =SUMIF($AD107:$AD110,$AD106,AE107:AE110) -> 0 | AF106: =SUMIF($AD107:$AD110,$AD106,AF107:AF110) -> 0 | AG106: =SUMIF($AD107:$AD110,$AD106,AG107:AG110) -> 0 | AH106: =SUMIF($AD107:$AD110,$AD106,AH107:AH110) -> 0 | AI106: =SUMIF($AD107:$AD110,$AD106,AI107:AI110) -> 0 | AJ106: =SUMIF($AD107:$AD110,$AD106,AJ107:AJ110) -> 0 | AK106: =SUMIF($AD107:$AD110,$AD106,AK107:AK110) -> 0 | AL106: =SUMIF($AD107:$AD110,$AD106,AL107:AL110) -> 0 | ... BB106: =SUMIF($AD107:$AD110,$AD106,BB107:BB110) -> 0 | BF106: PJ_MAT_OVER_5
E107: 15 | F107: {=OFFSET(E107,-1,1)} -> 3 | T107: =AND(F107>0,Y107>0) -> 0 | W107: et_2 | Y107: 0 | AA107: × | AB107: ="3.3."&Y107 -> 3.3.0 | AD107: тыс.руб. | BF107: PJ_MAT | BG107: DYN_MAT | BH107: {=AC107} -> 0 | BI107: {=AD108} -> 0 | BK107: TRUE
E108: 15 | F108: {=OFFSET(E108,-1,1)} -> 3 | T108: {=T107} -> false | AB108: =AB107&".1" -> 3.3.0.1 | AC108: Расход (ед. изм.) | BF108: PJ_CONS | BG108: DYN_MAT | BH108: {=BH107} -> 0 | BI108: {=BI107} -> 0
E109: 15 | F109: {=OFFSET(E109,-1,1)} -> 3 | T109: {=T108} -> false | AB109: =AB107&".2" -> 3.3.0.2 | AC109: Цена за единицу | AD109: руб. | BF109: PJ_PRICE | BG109: DYN_MAT | BH109: {=BH108} -> 0 | BI109: {=BI108} -> 0
E110: 15 | F110: {=OFFSET(E110,-1,1)} -> 3 | T110: =F110>0 -> 1 | W110: { _x000D_ funcDyn: 'msg',_x000D_ blok: '',_x000D_ wsCross: '',_x000D_ linkFormula: '',_x000D_ levelDyn: '3'_x000D_ } | AC110: Добавить | BJ110: DYN_MAT
...

Sheet ЭЭ
F1: tariffNum | G1: pok | H1: det_name | T1: vis_1 | U1: dyn_1 | V1: blok_1 | W1: blok_2 | X1: ren_1 | Y1: ren_2 | Z1: del_1 | AA1: del_2 | AC1: dyn_2 | BF1: pok_js | BG1: PJ_DYN | BH1: PJ_NAME | BI1: PJ_NAME_ORG | BJ1: dyn_add | BK1: dyn_fill
B2: flag_vis | AF2: {=isOrgDeclare} -> true | AI2: =AND(AI6<=last_year_vis,isOrgDeclare) -> 1 | AJ2: =AND(AJ6<=last_year_vis,isOrgDeclare) -> 0 | AK2: =AND(AK6<=last_year_vis,isOrgDeclare) -> 0 | AL2: =AND(AL6<=last_year_vis,isOrgDeclare) -> 0 | AM2: =AND(AM6<=last_year_vis,isOrgDeclare) -> 0 | AN2: =AND(AN6<=last_year_vis,isOrgDeclare) -> 0 | AO2: =AND(AO6<=last_year_vis,isOrgDeclare) -> 0 | AP2: =AND(AP6<=last_year_vis,isOrgDeclare) -> 0 | ... AR2: =AND(AR6<=last_year_vis,isOrgDeclare) -> 0 | AS2: =AS6<=last_year_vis -> 1 | AT2: =AT6<=last_year_vis -> 0 | AU2: =AU6<=last_year_vis -> 0 | AV2: =AV6<=last_year_vis -> 0 | AW2: =AW6<=last_year_vis -> 0 | AX2: =AX6<=last_year_vis -> 0 | AY2: =AY6<=last_year_vis -> 0 | AZ2: =AZ6<=last_year_vis -> 0 | ... BB2: =BB6<=last_year_vis -> 0
E5: flag_size | AA5: 3 | AB5: 11 | AC5: 35 | AD5: 12.57 | AE5: 14.57 | AF5: 12.57 | AG5: 15 | AH5: 16 | AI5: 12.57 | AJ5: 12.57 | AK5: 12.57 | AL5: 12.57 | AM5: 12.57 | AN5: 12.57 | AO5: 12.57 | AP5: 12.57 | AQ5: 12.57 | AR5: 12.57 | AS5: 15.43 | AT5: 15.43 | AU5: 15.43 | AV5: 15.43 | AW5: 15.43 | AX5: 15.43 | AY5: 15.43 | AZ5: 15.43 | BA5: 15.43 | BB5: 15.43 | BC5: 20 | BD5: 3
A6: prd2_name | AE6: =god-2 -> 2024 | AF6: =god-2 -> 2024 | AG6: =god-2 -> 2024 | AH6: =god-1 -> 2025 | AI6: {=god} -> 2026 | AJ6: =god+1 -> 2027 | AK6: =god+2 -> 2028 | AL6: =god+3 -> 2029 | AM6: =god+4 -> 2030 | AN6: =god+5 -> 2031 | AO6: =god+6 -> 2032 | AP6: =god+7 -> 2033 | AQ6: =god+8 -> 2034 | AR6: =god+9 -> 2035 | AS6: {=god} -> 2026 | AT6: =god+1 -> 2027 | AU6: =god+2 -> 2028 | AV6: =god+3 -> 2029 | AW6: =god+4 -> 2030 | AX6: =god+5 -> 2031 | AY6: =god+6 -> 2032 | AZ6: =god+7 -> 2033 | BA6: =god+8 -> 2034 | BB6: =god+9 -> 2035
A7: pf_name | AE7: {=AE25} -> Принято органом регулирования | AF7: {=AF25} -> Факт по данным организации | AG7: {=AG25} -> Факт, принятый органом регулирования | AH7: {=AH25} -> Принято органом регулирования | AI7: {=$AI$25} -> Предложение организации | AJ7: {=$AI$25} -> Предложение организации | AK7: {=$AI$25} -> Предложение организации | AL7: {=$AI$25} -> Предложение организации | AM7: {=$AI$25} -> Предложение организации | AN7: {=$AI$25} -> Предложение организации | AO7: {=$AI$25} -> Предложение организации | AP7: {=$AI$25} -> Предложение организации | ... AR7: {=$AI$25} -> Предложение организации | AS7: {=$AS$25} -> Принято органом регулирования | AT7: {=$AS$25} -> Принято органом регулирования | AU7: {=$AS$25} -> Принято органом регулирования | AV7: {=$AS$25} -> Принято органом регулирования | AW7: {=$AS$25} -> Принято органом регулирования | AX7: {=$AS$25} -> Принято органом регулирования | AY7: {=$AS$25} -> Принято органом регулирования | AZ7: {=$AS$25} -> Принято органом регулирования | ... BB7: {=$AS$25} -> Принято органом регулирования
